Workbook

Sheet ANALISIS M.O
B2: ANÁLISIS MANO DE OBRA | E2: AFP | F2: =1+C25 -> 1.7733266
B3: Salario Mínimo Mensual Legal Vigente año 2025 | C3: 1750905 | H3: 1.7803121
B4: Subsidio de Transporte (salario <= 2 SMMLV) | C4: 200000
B6: DESCRIPCIÓN | C6: SALARIO <= 2 SMMLV | D6: SALARIO > 2 SMMLV
C7: PERSONAL TÉCNICO, OPERATIVO Riesgo Clase V | D7: PERSONAL TÉCNICO, OPERATIVO Riesgo Clase V
B8: PRESTACIONES SOCIALES
B9: Cesantías | C9: 0.0833 | D9: 0.0833
B10: Intereses cesantías | C10: 0.01 | D10: 0.01
B11: Vacaciones | C11: 0.0417 | D11: 0.0417
B12: Prima | C12: 0.0833 | D12: 0.0833
B13: Dotación | C13: 0.06 | D13: 0.04
B14: SEGURIDAD SOCIAL
B15: Aportes régimen general de pensiones (I.V.M) | C15: 0.12 | D15: 0.12
B16: Aporte riesgos profesionales A.R.P. | C16: 0.0696 | D16: 0.0696
B17: Aportes régimen contributivo de salud | C17: 0.085 | D17: 0.085
B18: Certificado trabajo seguro en alturas | C18: 0.0212 | D18: 0.0212
B19: OTROS APORTES
B20: Aportes FIC | C20: 0.025 | D20: 0.025
B21: I.C.B.F. | C21: 0 | D21: 0
B22: Comfamiliar | C22: 0.04 | D22: 0.04
B23: Subsidio de transporte | C23: =C4/C3 -> 0.11422664
B24: Examenes medicos de ingreso y egreso | C24: 0.02 | D24: 0.02
C25: =SUM(C8:C24) -> 0.77332664 | D25: =SUM(D8:D24) -> 0.6391
C26: =ROUND(1+C25,4) -> 1.7733 | D26: =ROUND(1+D25,4) -> 1.6391
B28: NOMBRE | C28: SALARIO MENSUAL | D28: PRESTACIONES Y APORTES | E28: SALARIO + PRESTACIONES | F28: SALARIO DIA SIN PRESTACIONES | G28: SALARIO DIA
B29: Ayudante | C29: =C3 -> 1750905 | D29: =ROUND((C29*$C$25),0) -> 1354021 | E29: =C29+D29 -> 3104926 | F29: =+ROUND((C29/30),0) -> 58364 | G29: =ROUND((E29/30),0) -> 103498
B30: Ayudante práctico | C30: =C29*1.4 -> 2451267 | D30: =ROUND((C30*$C$25),0) -> 1895630 | E30: =C30+D30 -> 4346897 | F30: =+ROUND((C30/30),0) -> 81709 | G30: =ROUND((E30/30),0) -> 144897
B31: Oficial | C31: =C29*1.8 -> 3151629 | D31: =ROUND((C31*$C$25),0) -> 2437239 | E31: =C31+D31 -> 5588868 | F31: =+ROUND((C31/30),0) -> 105054 | G31: =ROUND((E31/30),0) -> 186296
B32: Cadenero 1 | C32: =C29*1.5 -> 2626357.5 | D32: =ROUND((C32*$C$25),0) -> 2031032 | E32: =C32+D32 -> 4657389.5 | F32: =+ROUND((C32/30),0) -> 87545 | G32: =ROUND((E32/30),0) -> 155246
B33: Cadenero 2 | C33: =C29 -> 1750905 | D33: =ROUND((C33*$C$25),0) -> 1354021 | E33: =C33+D33 -> 3104926 | F33: =+ROUND((C33/30),0) -> 58364 | G33: =ROUND((E33/30),0) -> 103498
B34: Liniero cat 1 | C34: =C29*2.8 -> 4902534 | D34: =ROUND((C34*$C$25),0) -> 3791260 | E34: =C34+D34 -> 8693794 | F34: =+ROUND((C34/30),0) -> 163418 | G34: =ROUND((E34/30),0) -> 289793
B35: Liniero cat 2 | C35: =C29*1.8 -> 3151629 | D35: =ROUND((C35*$C$25),0) -> 2437239 | E35: =C35+D35 -> 5588868 | F35: =+ROUND((C35/30),0) -> 105054 | G35: =ROUND((E35/30),0) -> 186296
B36: Maestro de obra | C36: =C29*3 -> 5252715 | D36: =ROUND((C36*$C$25),0) -> 4062064 | E36: =C36+D36 -> 9314779 | F36: =+ROUND((C36/30),0) -> 175091 | G36: =ROUND((E36/30),0) -> 310493
B37: Operador de maquinaria | C37: =C29*2 -> 3501810 | D37: =ROUND((C37*$C$25),0) -> 2708043 | E37: =C37+D37 -> 6209853 | F37: =+ROUND((C37/30),0) -> 116727 | G37: =ROUND((E37/30),0) -> 206995
B38: Topógrafo | C38: =C29*3.5 -> 6128167.5 | D38: =ROUND((C38*$C$25),0) -> 4739075 | E38: =C38+D38 -> 10867242 | F38: =+ROUND((C38/30),0) -> 204272 | G38: =ROUND((E38/30),0) -> 362241
B39: Profesional en salud ocupacional | C39: =C29*2.8 -> 4902534 | D39: =ROUND((C39*$C$25),0) -> 3791260 | E39: =C39+D39 -> 8693794 | F39: =+ROUND((C39/30),0) -> 163418 | G39: =ROUND((E39/30),0) -> 289793
B40: Cuadrilla E 1 Of + 1 Ay (jornal + prestaciones) | F40: =F31+F29 -> 163418 | G40: =G31+G29 -> 289794
B41: Cuadrilla G 1 Of + 2 Ay (jornal + prestaciones) | F41: =F31+(2*F29) -> 221782 | G41: =G31+(2*G29) -> 393292
B42: Cuadrilla A 1 Of + 4 Ay (jornal + prestaciones) | F42: =F31+(4*F29) -> 338510 | G42: =G31+(4*G29) -> 600288
B43: Comisión topografía (topógrafo + Cadenero 1 + 2 Cadeneros 2) | F43: =F38+F32+(2*F33) -> 408545 | G43: =G38+G32+(2*G33) -> 724483
B44: Cuadrilla C 1 Of + 7 Ay (jornal + prestaciones) | F44: =F31+(7*F29) -> 513602 | G44: =G31+(7*G29) -> 910782
B45: Cuadrilla D 2 Of + 4 Ay (jornal + prestaciones) | F45: =(2*F31)+(4*F29) -> 443564 | G45: =(2*G31)+(4*G29) -> 786584
B46: Cuadrilla F 6 Of + 4 Ay (jornal + prestaciones) | F46: =(6*F31)+(4*F29) -> 863780 | G46: =(6*G31)+(4*G29) -> 1531768
B47: Cuadrilla H 4 Ay (jornal + prestaciones) | F47: =4*F29 -> 233456 | G47: =4*G29 -> 413992

Sheet A.I.U.
A1: DISCRIMINACION DEL A.I.U.
A2: PROYECTO: | B2: REPOSICION DE REDES DE ACUEDUCTO Y ALCANTARILLADO EN LA CALLE 4 ENTRE CARRERAS 4 Y 5 Y EN LA CARRERA 5 ENTRE CALLES 4 Y 5 DEL MUNICIPIO DE AGUADAS CALDAS
A4: Valor estimado de la Obra (Costo Directo). | E4: Valor | F4: =+'PRESUPUESTO OFICIAL'!F55 -> 300000000
A5: Plazo estimado de ejecución | E5: Meses | F5: 2
A7: CAPITULO | B7: TIPO DE GASTO | C7: UN | D7: CANT | E7: DISPONIBILIDAD | F7: VALOR UNIT (mes) | G7: FACTOR | H7: VALOR TOTAL | I7: SUMA | J7: %
A9: 1 | B9: GASTOS GENERALES. | J9: =+I10/F4 -> 0.11490347
A10: 1.1 | B10: MANO DE OBRA Y GASTOS DE OFICINA | I10: =SUM(H11:H14) -> 34471042 | J10: =SUM(J11:J14) -> 0.11490347
B11: Ingeniero Residente de Obra | C11: Un | D11: 1 | E11: 1 | F11: 3700000 | G11: =+'ANALISIS M.O'!D26*K11 -> 1.5633125 | H11: =+D11*E11*F11*G11*$F$5 -> 11568513 | J11: =+H11/$F$4 -> 0.038561709 | K11: 0.95376276
B12: Maestro de obra | C12: Un | D12: 1 | E12: 1 | F12: 3125000 | G12: =+G11 -> 1.5633125 | H12: =+D12*E12*F12*G12*$F$5 -> 9770703.4 | J12: =+H12/$F$4 -> 0.032569011
B13: Profesional Social | C13: Un | D13: 1 | E13: 0.5 | F13: 2800000 | G13: =+G11 -> 1.5633125 | H13: =+D13*E13*F13*G13*$F$5 -> 4377275.1 | J13: =+H13/$F$4 -> 0.014590917
B14: Profesional Siso | C14: Un | D14: 1 | E14: 1 | F14: =+F13 -> 2800000 | G14: =+G12 -> 1.5633125 | H14: =+D14*E14*F14*G14*$F$5 -> 8754550.2 | J14: =+H14/$F$4 -> 0.029181834
A16: 2 | B16: GASTOS INDIRECTOS. | J16: =J17 -> 0.20139
A17: 2.2 | B17: IMPUESTOS Y VALORES AGREGADOS | I17: =SUM(H18:H25) -> 60417000 | J17: =SUM(J18:J25) -> 0.20139
B18: Contribución Especial | C18: % | D18: 0.05 | F18: =+F4 -> 300000000 | G18: 1.37 | H18: =D18*F18*G18 -> 20550000 | J18: =+H18/$F$4 -> 0.0685
B19: Estampilla Pro Cultura | C19: % | D19: 0.01 | F19: =+F18 -> 300000000 | G19: =+$G$18 -> 1.37 | H19: =D19*F19*G19 -> 4110000 | J19: =+H19/$F$4 -> 0.0137
B20: Estampilla Prouniversidad | C20: % | D20: 0.01 | F20: =+F18 -> 300000000 | G20: =+$G$18 -> 1.37 | H20: =D20*F20*G20 -> 4110000 | J20: =+H20/$F$4 -> 0.0137
B21: Estampilla Prohospital | C21: % | D21: 0.01 | F21: =+F19 -> 300000000 | G21: =+$G$18 -> 1.37 | H21: =D21*F21*G21 -> 4110000 | J21: =+H21/$F$4 -> 0.0137
B22: Estampilla Proanciano | C22: % | D22: 0.04 | F22: =+F19 -> 300000000 | G22: =+$G$18 -> 1.37 | H22: =D22*F22*G22 -> 16440000 | J22: =+H22/$F$4 -> 0.0548
B23: Estampilla Prodeporte | C23: % | D23: 0.015 | F23: =+F20 -> 300000000 | G23: =+$G$18 -> 1.37 | H23: =D23*F23*G23 -> 6165000 | J23: =+H23/$F$4 -> 0.02055
B24: Reteica | C24: % | D24: 0.007 | F24: =+F18 -> 300000000 | G24: =+$G$18 -> 1.37 | H24: =D24*F24*G24 -> 2877000 | J24: =+H24/$F$4 -> 0.00959
B25: Polizas | C25: % | D25: 0.005 | F25: =+F20 -> 300000000 | G25: =+$G$18 -> 1.37 | H25: =D25*F25*G25 -> 2055000 | J25: =+H25/$F$4 -> 0.00685 | K25: =+'PRESUPUESTO OFICIAL'!F55 -> 300000000
B26: TOTAL GASTOS ADMINISTRACION | I26: =+I10+I17 -> 94888042 | J26: =+ROUND((I26/F4),2) -> 0.32 | K26: =K25*32% -> 96000000
B27: IMPREVISTOS | J27: 0
B28: UTILIDAD | J28: 0.05
B29: TOTAL A.I.U. | J29: =SUM(J26:J28) -> 0.37

Sheet 1.1 localizacion
A1: FORMATO DE ANALISIS DE PRECIOS UNITARIOS-APU
A2: REPUBLICA DE COLOMBIA | E2: ANALISIS DE PRECIOS UNITARIOS
A4: OBJETO: | B4: =+'PRESUPUESTO OFICIAL'!A2 -> MEJORAMIENTO Y ADECUACIÓN DEL AUDITORIO DE LA INSTITUCIÓN EDUCATIVA MARINO GÓMEZ ESTRADA, SEDE DE LA UNIVERSIDAD DE CALDAS, EN EL MUNICIPIO DE AGUADAS, CALDAS. | G4: ITEM: | H4: 1.1
A5: DESCRIPCIÓN: | B5: =VLOOKUP(H4,'PRESUPUESTO OFICIAL'!A:F,2,0) -> LOCALIZACIÓN Y REPLANTEO | G5: UNIDAD: | H5: =VLOOKUP(H4,'PRESUPUESTO OFICIAL'!A:F,3,0) -> M2
A6: I.EQUIPO
A7: Descripción | D7: Tipo | E7: Tarifa/Hora | F7: Rendimiento | G7: Valor-Unit.
A8: HERRAMIENTA MENOR (5%MO) | G8: =+H29*0.05 -> 163.86918
G11: Sub-Total | H11: =SUM(G8:G10) -> 163.86918
A12: II. MATERIALES EN OBRA
A13: Descripción | D13: Unidad | E13: Precio-Unit. | F13: Cantidad | G13: Valor-Unit.
A14: PUNTILLA CON CABEEZA 2" | D14: LM | E14: =+'BASE DE DATOS'!D38 -> 12151 | F14: 0.02 | G14: =+F14*E14 -> 243.02
A15: DURMIENTO 4X4 | D15: ML | E15: =+'BASE DE DATOS'!D36 -> 4760 | F15: 0.4 | G15: =+F15*E15 -> 1904
G17: Sub-Total | H17: =SUM(G14:G16) -> 2147.02
A18: III.TRANSPORTES
A19: Material | C19: Vol-Peso ó Cant. | D19: Distancia | E19: M3-KM | F19: Tarifa | G19: Valor-Unit.
G23: Sub-Total | H23: =SUM(G20:G22) -> 0
A24: IV. MANO DE OBRA
A25: Trabajador | C25: Jornal | D25: Prestaciones | E25: Jornal Total | F25: Rendimiento | G25: Valor-Unit.
A26: OBREROS (2) | C26: =+'ANALISIS M.O'!$F$29*2 -> 116728 | D26: =+'ANALISIS M.O'!$C$26 -> 1.7733 | E26: =+D26*C26 -> 206993.76 | F26: 120 | G26: =+E26/F26 -> 1724.948
A27: OFICIAL (1) | C27: =+'ANALISIS M.O'!$F$31 -> 105054 | D27: =+'ANALISIS M.O'!$C$26 -> 1.7733 | E27: =+D27*C27 -> 186292.26 | F27: 120 | G27: =+E27/F27 -> 1552.4355
G29: Sub-Total | H29: =SUM(G26:G28) -> 3277.3835
E31: Total Costo Directo | H31: =ROUND((+H11+H17+H23+H29),4) -> 5588.2727
A33: V. AU
A34: Descripción | D34: PORCENTAJE | E34: Tarifa/Hora | F34: Rendimiento | G34: Valor-Unit.
A35: ADMINISTRACIÓN | D35: =+'PRESUPUESTO OFICIAL'!E57 -> 0.32 | G35: =$H$31*D35 -> 1788.2473
A36: UTILIDADES | D36: 0.05 | G36: =$H$31*D36 -> 279.41364
G37: Sub-Total | H37: =SUM(G35:G36) -> 2067.6609
E40: Total Costo | H40: =ROUND(H37+H31,0) -> 7656

Sheet 1.2 Valla
A1: FORMATO DE ANALISIS DE PRECIOS UNITARIOS-APU
A2: REPUBLICA DE COLOMBIA | E2: ANALISIS DE PRECIOS UNITARIOS
A4: OBJETO: | B4: =+'PRESUPUESTO OFICIAL'!A2 -> MEJORAMIENTO Y ADECUACIÓN DEL AUDITORIO DE LA INSTITUCIÓN EDUCATIVA MARINO GÓMEZ ESTRADA, SEDE DE LA UNIVERSIDAD DE CALDAS, EN EL MUNICIPIO DE AGUADAS, CALDAS. | G4: ITEM: | H4: 1.2
A5: DESCRIPCIÓN: | B5: =VLOOKUP(H4,'PRESUPUESTO OFICIAL'!A:F,2,0) -> SUMINISTRO, TRANSPORTE E INSTALACIÓN DE VALLA INFORMATIVA GENERAL DEL PROYECTO 2x4MTS | G5: UNIDAD: | H5: =VLOOKUP(H4,'PRESUPUESTO OFICIAL'!A:F,3,0) -> UND
A6: I.EQUIPO
A7: Descripción | D7: Tipo | E7: Tarifa/Hora | F7: Rendimiento | G7: Valor-Unit.
A8: HERRAMIENTA MENOR | G8: =+H31*0.05 -> 11398.918
G11: Sub-Total | H11: =SUM(G8:G10) -> 11398.918
A12: II. MATERIALES EN OBRA
A13: Descripción | D13: Unidad | E13: Precio-Unit. | F13: Cantidad | G13: Valor-Unit.
A14: =+'BASE DE DATOS'!A134 -> VALLA INSTITUCIONAL 2x4 | D14: =+'BASE DE DATOS'!B134 -> UN | E14: 580000 | F14: 1 | G14: =+F14*E14 -> 580000
A15: =+'BASE DE DATOS'!A127 -> CEPA DE GUADUA | D15: =+'BASE DE DATOS'!B127 -> UN | E15: =+'BASE DE DATOS'!D127 -> 15765 | F15: 2 | G15: =+F15*E15 -> 31530
G17: Sub-Total | H17: =SUM(G14:G16) -> 611530
A18: III.TRANSPORTES
A19: Material | C19: Vol-Peso ó Cant. | D19: Distancia | E19: M3-KM | F19: Tarifa | G19: Valor-Unit.
G23: Sub-Total | H23: =SUM(G20:G22) -> 0
A24: IV. MANO DE OBRA
A25: Trabajador | C25: Jornal | D25: Prestaciones | E25: Jornal Total | F25: Rendimiento | G25: Valor-Unit.
A26: OBREROS (2) | C26: =+'ANALISIS M.O'!$F$29*2 -> 116728 | D26: =+'ANALISIS M.O'!$C$26 -> 1.7733 | E26: =+D26*C26 -> 206993.76 | F26: 1.7251024 | G26: =+E26/F26 -> 119989.26
A27: OFICIAL (1) | C27: =+'ANALISIS M.O'!$F$31 -> 105054 | D27: =+'ANALISIS M.O'!$C$26 -> 1.7733 | E27: =+D27*C27 -> 186292.26 | F27: =+F26 -> 1.7251024 | G27: =+E27/F27 -> 107989.1
G31: Sub-Total | H31: =SUM(G26:G30) -> 227978.37
E33: Total Costo Directo | H33: =ROUND((+H11+H17+H23+H31),4) -> 850907.29
A35: V. AU
A36: Descripción | D36: PORCENTAJE | E36: Tarifa/Hora | F36: Rendimiento | G36: Valor-Unit.
A37: ADMINISTRACIÓN | D37: =+'1.1 localizacion'!$D$35 -> 0.32 | G37: =$H$33*D37 -> 272290.33
A38: UTILIDADES | D38: =+'1.1 localizacion'!$D$36 -> 0.05 | G38: =$H$33*D38 -> 42545.364
G39: Sub-Total | H39: =SUM(G37:G38) -> 314835.7
E42: Total Costo | H42: =ROUND(H39+H33,0) -> 1165743

Sheet 1.3 señal 
A1: FORMATO DE ANALISIS DE PRECIOS UNITARIOS-APU
A2: REPUBLICA DE COLOMBIA | E2: ANALISIS DE PRECIOS UNITARIOS
A4: OBJETO: | B4: =+'PRESUPUESTO OFICIAL'!A2 -> MEJORAMIENTO Y ADECUACIÓN DEL AUDITORIO DE LA INSTITUCIÓN EDUCATIVA MARINO GÓMEZ ESTRADA, SEDE DE LA UNIVERSIDAD DE CALDAS, EN EL MUNICIPIO DE AGUADAS, CALDAS. | G4: ITEM: | H4: 1.3
A5: DESCRIPCIÓN: | B5: =VLOOKUP(H4,'PRESUPUESTO OFICIAL'!A:F,2,0) -> SUMINISTRO, TRANSPORTE E INSTALACIÓN DE SEÑAL PREVENTIVA, REGLAMENTARIA E INFORMATIVA | G5: UNIDAD: | H5: =VLOOKUP(H4,'PRESUPUESTO OFICIAL'!A:F,3,0) -> UND
A6: I.EQUIPO
A7: Descripción | D7: Tipo | E7: Tarifa/Hora | F7: Rendimiento | G7: Valor-Unit.
A8: HERRAMIENTA MENOR | G8: =+H31*0.05 -> 1573.1854
G11: Sub-Total | H11: =SUM(G8:G10) -> 1573.1854
A12: II. MATERIALES EN OBRA
A13: Descripción | D13: Unidad | E13: Precio-Unit. | F13: Cantidad | G13: Valor-Unit.
A14: =+'BASE DE DATOS'!A133 -> SEÑAL PREVENTIVA | D14: Unidad | E14: =+'BASE DE DATOS'!D133 -> 169830 | F14: 1 | G14: =+F14*E14 -> 169830
G17: Sub-Total | H17: =SUM(G14:G16) -> 169830
A18: III.TRANSPORTES
A19: Material | C19: Vol-Peso ó Cant. | D19: Distancia | E19: M3-KM | F19: Tarifa | G19: Valor-Unit.
G23: Sub-Total | H23: =SUM(G20:G22) -> 0
A24: IV. MANO DE OBRA
A25: Trabajador | C25: Jornal | D25: Prestaciones | E25: Jornal Total | F25: Rendimiento | G25: Valor-Unit.
A26: OBREROS (2) | C26: =+'ANALISIS M.O'!$F$29*2 -> 116728 | D26: =+'ANALISIS M.O'!$C$26 -> 1.7733 | E26: =+D26*C26 -> 206993.76 | F26: 12.499672 | G26: =+E26/F26 -> 16559.936
A27: OFICIAL (1) | C27: =+'ANALISIS M.O'!$F$31 -> 105054 | D27: =+'ANALISIS M.O'!$C$26 -> 1.7733 | E27: =+D27*C27 -> 186292.26 | F27: =+F26 -> 12.499672 | G27: =+E27/F27 -> 14903.772
G31: Sub-Total | H31: =SUM(G26:G30) -> 31463.708
E33: Total Costo Directo | H33: =ROUND((+H11+H17+H23+H31),4) -> 202866.89
A35: V. AU
A36: Descripción | D36: PORCENTAJE | E36: Tarifa/Hora | F36: Rendimiento | G36: Valor-Unit.
A37: ADMINISTRACIÓN | D37: =+'1.1 localizacion'!$D$35 -> 0.32 | G37: =$H$33*D37 -> 64917.406
A38: UTILIDADES | D38: =+'1.1 localizacion'!$D$36 -> 0.05 | G38: =$H$33*D38 -> 10143.345
G39: Sub-Total | H39: =SUM(G37:G38) -> 75060.751
E42: Total Costo | H42: =ROUND(H39+H33,0) -> 277928

Sheet 1.4 Cerramiento 
A1: FORMATO DE ANALISIS DE PRECIOS UNITARIOS-APU
A2: REPUBLICA DE COLOMBIA | E2: ANALISIS DE PRECIOS UNITARIOS
A4: OBJETO: | B4: =+'PRESUPUESTO OFICIAL'!A2 -> MEJORAMIENTO Y ADECUACIÓN DEL AUDITORIO DE LA INSTITUCIÓN EDUCATIVA MARINO GÓMEZ ESTRADA, SEDE DE LA UNIVERSIDAD DE CALDAS, EN EL MUNICIPIO DE AGUADAS, CALDAS. | G4: ITEM: | H4: 1.4
A5: DESCRIPCIÓN: | B5: =VLOOKUP(H4,'PRESUPUESTO OFICIAL'!A:F,2,0) -> SUMINISTRO, TRANSPORTE E INSTALACION BARRERA CON BOMBONES PLÁSTICOS, CINTA DE SEGURIDAD Y YUTE PARA CERRAMIENTO | G5: UNIDAD: | H5: =VLOOKUP(H4,'PRESUPUESTO OFICIAL'!A:F,3,0) -> ML
A6: I.EQUIPO
A7: Descripción | D7: Tipo | E7: Tarifa/Hora | F7: Rendimiento | G7: Valor-Unit.
A8: HERRAMIENTA MENOR | G8: =+H32*0.05 -> 227.70367
G11: Sub-Total | H11: =SUM(G8:G10) -> 227.70367
A12: II. MATERIALES EN OBRA
A13: Descripción | D13: Unidad | E13: Precio-Unit. | F13: Cantidad | G13: Valor-Unit.
A14: YUTE VERDE H2M | D14: ='BASE DE DATOS'!B25 -> ml | E14: =+'BASE DE DATOS'!$D$28 -> 3870 | F14: 1 | G14: =+F14*E14 -> 3870
A15: CEPA DE GUADUA | D15: UN | E15: =+'BASE DE DATOS'!D127 -> 15765 | F15: 0.2 | G15: =+F15*E15 -> 3153
A16: BOMBONES EN GUADUA | D16: UN | E16: =+'BASE DE DATOS'!D29 -> 4423 | F16: 0.13 | G16: =+F16*E16 -> 574.99
A17: CINTA REFLECTIVA DE SEGURIDAD (2 HILERAS) | D17: ML | E17: =+'BASE DE DATOS'!D25 -> 221 | F17: 2.3 | G17: =+F17*E17 -> 508.3
G18: Sub-Total | H18: =SUM(G14:G17) -> 8106.29
A19: III.TRANSPORTES
A20: Material | C20: Vol-Peso ó Cant. | D20: Distancia | E20: M3-KM | F20: Tarifa | G20: Valor-Unit.
G24: Sub-Total | H24: =SUM(G21:G23) -> 0
A25: IV. MANO DE OBRA
A26: Trabajador | C26: Jornal | D26: Prestaciones | E26: Jornal Total | F26: Rendimiento | G26: Valor-Unit.
A27: OBREROS (1) | C27: =+'ANALISIS M.O'!$F$29 -> 58364 | D27: =+'ANALISIS M.O'!$C$26 -> 1.7733 | E27: =+D27*C27 -> 103496.88 | F27: 63.632952 | G27: =+E27/F27 -> 1626.4668
A28: OFICIAL (1) | C28: =+'ANALISIS M.O'!$F$31 -> 105054 | D28: =+'ANALISIS M.O'!$C$26 -> 1.7733 | E28: =+D28*C28 -> 186292.26 | F28: =+F27 -> 63.632952 | G28: =+E28/F28 -> 2927.6067
G32: Sub-Total | H32: =SUM(G27:G31) -> 4554.0735
E34: Total Costo Directo | H34: =ROUND((+H11+H18+H24+H32),4) -> 12888.067
A36: V. AU
A37: Descripción | D37: PORCENTAJE | E37: Tarifa/Hora | F37: Rendimiento | G37: Valor-Unit.
A38: ADMINISTRACIÓN | D38: =+'1.1 localizacion'!$D$35 -> 0.32 | G38: =$H$34*D38 -> 4124.1815
A39: UTILIDADES | D39: =+'1.1 localizacion'!$D$36 -> 0.05 | G39: =$H$34*D39 -> 644.40336
G40: Sub-Total | H40: =SUM(G38:G39) -> 4768.5849
E43: Total Costo | H43: =ROUND(H40+H34,0) -> 17657

Sheet 2.1 Desmonte teja
A1: FORMATO DE ANALISIS DE PRECIOS UNITARIOS-APU
A2: REPUBLICA DE COLOMBIA | E2: ANALISIS DE PRECIOS UNITARIOS
A4: OBJETO: | B4: =+'PRESUPUESTO OFICIAL'!A2 -> MEJORAMIENTO Y ADECUACIÓN DEL AUDITORIO DE LA INSTITUCIÓN EDUCATIVA MARINO GÓMEZ ESTRADA, SEDE DE LA UNIVERSIDAD DE CALDAS, EN EL MUNICIPIO DE AGUADAS, CALDAS. | G4: ITEM: | H4: 2.1
A5: DESCRIPCIÓN: | B5: =VLOOKUP(H4,'PRESUPUESTO OFICIAL'!A:F,2,0) -> DESMONTE DE CUBIERTA EN LÁMINA DE FIBROCEMENTO. INCLUYE RETIRO | G5: UNIDAD: | H5: =VLOOKUP(H4,'PRESUPUESTO OFICIAL'!A:F,3,0) -> M2
A6: I.EQUIPO
A7: Descripción | D7: Tipo | E7: Tarifa/Hora | F7: Rendimiento | G7: Valor-Unit.
A8: HERRAMIENTA MENOR | D8: UND | E8: 3484 | F8: 0.15 | G8: =+E8*F8 -> 522.6
A9: ANDAMIO METÁLICO | D9: UND | E9: 9968 | F9: 0.1 | G9: =+E9*F9 -> 996.8
A10: TALADRO ROTO PERCUTOR | D10: DIA | E10: 83300 | F10: 0.025 | G10: =+E10*F10 -> 2082.5
A11: EQUIPO DE TRANSPORTE | D11: DIA | E11: 180217 | F11: 0.0029 | G11: =+E11*F11 -> 522.6293
G12: Sub-Total | H12: =SUM(G8:G11) -> 4124.5293
A13: II. MATERIALES EN OBRA
A14: Descripción | D14: Unidad | E14: Precio-Unit. | F14: Cantidad | G14: Valor-Unit.
G15: =+F15*E15 -> 0
G16: =+F16*E16 -> 0
G17: =+F17*E17 -> 0
G19: Sub-Total | H19: =SUM(G15:G18) -> 0
A20: III.TRANSPORTES
A21: Material | C21: Vol-Peso ó Cant. | D21: Distancia | E21: M3-KM | F21: Tarifa | G21: Valor-Unit.
A22: ACARREO INTERNO | E22: 0.37 | F22: 1824 | G22: =+E22*F22 -> 674.88
G25: Sub-Total | H25: =SUM(G22:G24) -> 674.88
A26: IV. MANO DE OBRA
A27: Trabajador | C27: Jornal | D27: Prestaciones | E27: Jornal Total | F27: Rendimiento | G27: Valor-Unit.
A28: CUADRILLA AA TIPO 2 (1 OFICIAL + 2 AYUDANTE) (Albañileria) | C28: 42963 | F28: 0.3 | G28: =+F28*C28 -> 12888.9
G33: Sub-Total | H33: =SUM(G28:G32) -> 12888.9
E35: Total Costo Directo | H35: =ROUND((+H12+H19+H25+H33),4) -> 17688.309
A37: V. AU
A38: Descripción | D38: PORCENTAJE | E38: Tarifa/Hora | F38: Rendimiento | G38: Valor-Unit.
A39: ADMINISTRACIÓN | D39: =+'1.1 localizacion'!$D$35 -> 0.32 | G39: =$H$35*D39 -> 5660.259
A40: UTILIDADES | D40: =+'1.1 localizacion'!$D$36 -> 0.05 | G40: =$H$35*D40 -> 884.41547
G41: Sub-Total | H41: =SUM(G39:G40) -> 6544.6744
E44: Total Costo | H44: =ROUND(H41+H35,0) -> 24233

Sheet 2.2 Desmonte cielo raso
A1: FORMATO DE ANALISIS DE PRECIOS UNITARIOS-APU
A2: REPUBLICA DE COLOMBIA | E2: ANALISIS DE PRECIOS UNITARIOS
A4: OBJETO: | B4: =+'PRESUPUESTO OFICIAL'!A2 -> MEJORAMIENTO Y ADECUACIÓN DEL AUDITORIO DE LA INSTITUCIÓN EDUCATIVA MARINO GÓMEZ ESTRADA, SEDE DE LA UNIVERSIDAD DE CALDAS, EN EL MUNICIPIO DE AGUADAS, CALDAS. | G4: ITEM: | H4: 2.2
A5: DESCRIPCIÓN: | B5: =VLOOKUP(H4,'PRESUPUESTO OFICIAL'!A:F,2,0) -> DESMONTE CIELO RASO (INCLUYE RETIRO) | G5: UNIDAD: | H5: =VLOOKUP(H4,'PRESUPUESTO OFICIAL'!A:F,3,0) -> M2
A6: I.EQUIPO
A7: Descripción | D7: Tipo | E7: Tarifa/Hora | F7: Rendimiento | G7: Valor-Unit.
A8: HERRAMIENTA MENOR | E8: 3484 | F8: 0.18 | G8: =+ROUND(E8*F8,0) -> 627
A9: ANDAMIO TUBULAR CON TIJERA 1.50x1.50 m | D9: $/hr | E9: 9968 | F9: 0.16 | G9: =+E9*F9 -> 1594.88
A10: VOLQUETA 6M3 (CARGUE A MANO) Y DISPOSICIÓN FINAL | D10: $/hr | E10: 162197 | F10: 0.018 | G10: =+ROUND(E10*F10,0) -> 2920
G11: Sub-Total | H11: =SUM(G8:G10) -> 5141.88
A12: II. MATERIALES EN OBRA
A13: Descripción | D13: Unidad | E13: Precio-Unit. | F13: Cantidad | G13: Valor-Unit.
G14: =+F14*E14 -> 0
G15: =+F15*E15 -> 0 | I15: 0.22 | J15: 4924
G16: =+F16*E16 -> 0
G18: Sub-Total | H18: =SUM(G14:G17) -> 0
A19: III.TRANSPORTES
A20: Material | C20: Vol-Peso ó Cant. | D20: Distancia | E20: M3-KM | F20: Tarifa | G20: Valor-Unit.
A21: ACARREO INTERNO | E21: 0.3 | F21: 1824 | G21: =+ROUND(E21*F21,0) -> 547
G24: Sub-Total | H24: =SUM(G21:G23) -> 547
A25: IV. MANO DE OBRA
A26: Trabajador | C26: Jornal | D26: Prestaciones | E26: Jornal Total | F26: Rendimiento | G26: Valor-Unit.
A27: OBREROS (2) | C27: =+'ANALISIS M.O'!$F$29*2 -> 116728 | D27: =+'ANALISIS M.O'!$C$26 -> 1.7733 | E27: =+D27*C27 -> 206993.76 | F27: 60 | G27: =+E27/F27 -> 3449.896
A28: OFICIAL (1) | C28: =+'ANALISIS M.O'!$F$31 -> 105054 | D28: =+'ANALISIS M.O'!$C$26 -> 1.7733 | E28: =+D28*C28 -> 186292.26 | F28: 43 | G28: =+E28/F28 -> 4332.3781
G32: Sub-Total | H32: =SUM(G27:G31) -> 7782.2741
E34: Total Costo Directo | H34: =ROUND((+H11+H18+H24+H32),4) -> 13471.154
A36: V. AU
A37: Descripción | D37: PORCENTAJE | E37: Tarifa/Hora | F37: Rendimiento | G37: Valor-Unit.
A38: ADMINISTRACIÓN | D38: =+'1.1 localizacion'!$D$35 -> 0.32 | G38: =$H$34*D38 -> 4310.7693
A39: UTILIDADES | D39: =+'1.1 localizacion'!$D$36 -> 0.05 | G39: =$H$34*D39 -> 673.55771
G40: Sub-Total | H40: =SUM(G38:G39) -> 4984.327
E43: Total Costo | H43: =ROUND(H40+H34,0) -> 18455

Sheet 2.3 Desmonte Madera
A1: FORMATO DE ANALISIS DE PRECIOS UNITARIOS-APU
A2: REPUBLICA DE COLOMBIA | E2: ANALISIS DE PRECIOS UNITARIOS
A4: OBJETO: | B4: =+'PRESUPUESTO OFICIAL'!A2 -> MEJORAMIENTO Y ADECUACIÓN DEL AUDITORIO DE LA INSTITUCIÓN EDUCATIVA MARINO GÓMEZ ESTRADA, SEDE DE LA UNIVERSIDAD DE CALDAS, EN EL MUNICIPIO DE AGUADAS, CALDAS. | G4: ITEM: | H4: 2.3
A5: DESCRIPCIÓN: | B5: =VLOOKUP(H4,'PRESUPUESTO OFICIAL'!A:F,2,0) -> DESMONTE DE PISOS O PAREDES EN MADERA; INCLUYE ESTRUCTURA DE SOPORTE | G5: UNIDAD: | H5: =VLOOKUP(H4,'PRESUPUESTO OFICIAL'!A:F,3,0) -> M2
A6: I.EQUIPO
A7: Descripción | D7: Tipo | E7: Tarifa/Hora | F7: Rendimiento | G7: Valor-Unit.
A8: HERRAMIENTA MENOR (5%MO) | F8: 0.08 | G8: =+H29*0.08 -> 936
G11: Sub-Total | H11: =SUM(G8:G10) -> 936
A12: II. MATERIALES EN OBRA
A13: Descripción | D13: Unidad | E13: Precio-Unit. | F13: Cantidad | G13: Valor-Unit.
G14: =+F14*E14 -> 0
G15: =+F15*E15 -> 0
G17: Sub-Total | H17: =SUM(G14:G16) -> 0
A18: III.TRANSPORTES
A19: Material | C19: Vol-Peso ó Cant. | D19: Distancia | E19: M3-KM | F19: Tarifa | G19: Valor-Unit.
G23: Sub-Total | H23: =SUM(G20:G22) -> 0
A24: IV. MANO DE OBRA
A25: Trabajador | C25: Jornal | D25: Prestaciones | E25: Jornal Total | F25: Rendimiento | G25: Valor-Unit.
A26: CUADRILLA #1 | C26: 130000 | D26: 1.8 | E26: =+D26*C26 -> 234000 | F26: 20 | G26: =+E26/F26 -> 11700
G29: Sub-Total | H29: =SUM(G26:G28) -> 11700
E31: Total Costo Directo | H31: =ROUND((+H11+H17+H23+H29),4) -> 12636
A33: V. AU
A34: Descripción | D34: PORCENTAJE | E34: Tarifa/Hora | F34: Rendimiento | G34: Valor-Unit.
A35: ADMINISTRACIÓN | D35: =+'PRESUPUESTO OFICIAL'!E57 -> 0.32 | G35: =$H$31*D35 -> 4043.52
A36: UTILIDADES | D36: 0.05 | G36: =$H$31*D36 -> 631.8
G37: Sub-Total | H37: =SUM(G35:G36) -> 4675.32
E40: Total Costo | H40: =ROUND(H37+H31,0) -> 17311

Sheet 2.4 demolición ceramica
B1: 2.4 | C1: =+'PRESUPUESTO OFICIAL'!B13 -> DEMOLICIÓN MANUAL DE ENCHAPE O PAÑETE | D1: =+'PRESUPUESTO OFICIAL'!C37 -> M2 | E1: =+G13 -> 16849
C2: DESCRIPCION | D2: UNIDAD | E2: CANTIDAD | F2: VALOR UNITARIO | G2: VALOR PARCIAL
C3: MATERIALES
A4: M0104 | C4: ANDAMIO TUBULAR CON TIJERA 1.50x1.50 m | D4: Día | E4: 0.1 | F4: 4924 | G4: =+F4*E4 -> 492.4
A5: M0104 | C5: ALMADANA 4 lb | D5: Un | E5: 0.0014 | F5: 52309 | G5: =+F5*E5 -> 73.2326
A6: M0104 | C6: CINCEL 3/4" ACERO TEMPLADO | D6: Un | E6: 0.0014 | F6: 32335 | G6: =+F6*E6 -> 45.269
C7: EQUIPO
C9: TRANSPORTE
C11: MANO DE OBRA
A12: C1 | C12: CUADRILLA TIPO 1 (1 of + 1 Ayu) | D12: Día | E12: 0.068 | F12: 238792 | G12: =+F12*E12 -> 16237.856
G13: =ROUND(SUM(G4:G12),0) -> 16849
A15: V. AU
A16: Descripción | D16: PORCENTAJE | E16: Tarifa/Hora | F16: Rendimiento | G16: Valor-Unit.
A17: ADMINISTRACIÓN | D17: =+'1.1 localizacion'!$D$35 -> 0.32 | G17: =G13*D17 -> 5391.68
A18: UTILIDADES | D18: 0.05 | G18: =G13*D18 -> 842.45
G19: Sub-Total | H19: =+G17+G18+G13 -> 23083.13

Sheet 3.1. Teja termoacustica
A1: FORMATO DE ANALISIS DE PRECIOS UNITARIOS-APU
A2: REPUBLICA DE COLOMBIA | E2: ANALISIS DE PRECIOS UNITARIOS
A4: OBJETO: | B4: =+'PRESUPUESTO OFICIAL'!A2 -> MEJORAMIENTO Y ADECUACIÓN DEL AUDITORIO DE LA INSTITUCIÓN EDUCATIVA MARINO GÓMEZ ESTRADA, SEDE DE LA UNIVERSIDAD DE CALDAS, EN EL MUNICIPIO DE AGUADAS, CALDAS. | G4: ITEM: | H4: 3.1.
A5: DESCRIPCIÓN: | B5: =VLOOKUP(H4,'PRESUPUESTO OFICIAL'!A:F,2,0) -> SUMINISTRO, TRANSPORTE E INSTALACIÓN DE TEJA TERMOACÚSTICA TIPO CINDURIB O SIMILAR, A=0.82 M, INCLUYE ACCESORIOS DE FIJACIÓN. | G5: UNIDAD: | H5: =VLOOKUP(H4,'PRESUPUESTO OFICIAL'!A:F,3,0) -> M2
A6: I.EQUIPO
A7: Descripción | D7: Tipo | E7: Tarifa/Hora | F7: Rendimiento | G7: Valor-Unit.
A8: KIT ARNÉS PARA ALTURAS | D8: Un | E8: 726643 | F8: 0.002 | G8: =+E8*F8 -> 1453.286
A9: ANDAMIO TUBULAR CON TIJERA 1.50x1.50 m | D9: Día | E9: 4924 | F9: 0.71 | G9: =+E9*F9 -> 3496.04
A10: TIJERA CORTA LÁMINA 10" | D10: Un | E10: 39560 | F10: 0.001 | G10: =+E10*F10 -> 39.56
G11: Sub-Total | H11: =SUM(G8:G10) -> 4988.886
A12: II. MATERIALES EN OBRA | J12: KIT ARNÉS PARA ALTURAS | K12: Un | L12: 0.002 | M12: 726643
A13: Descripción | D13: Unidad | E13: Precio-Unit. | F13: Cantidad | G13: Valor-Unit. | J13: ANDAMIO TUBULAR CON TIJERA 1.50x1.50 m | K13: Día | L13: 0.71 | M13: 4924
A14: TEJA TERMOACÚSTICA a= 0.82 m | D14: M | E14: 58340 | F14: 1.22 | G14: =+F14*E14 -> 71174.8 | J14: TIJERA CORTA LÁMINA 10" | K14: Un | L14: 0.001 | M14: 39560
A15: ACCESORIOS % | D15: % | E15: 71174.8 | F15: 0.05 | G15: =+F15*E15 -> 3558.74
G19: Sub-Total | H19: =SUM(G14:G18) -> 74733.54
A20: III.TRANSPORTES
A21: Material | C21: Vol-Peso ó Cant. | D21: Distancia | E21: M3-KM | F21: Tarifa | G21: Valor-Unit.
A22: CAMIÓN 350 | E22: 0.01 | F22: 60740 | G22: =+E22*F22 -> 607.4
G25: Sub-Total | H25: =SUM(G22:G24) -> 607.4
A26: IV. MANO DE OBRA
A27: Trabajador | C27: Jornal | D27: Prestaciones | E27: Jornal Total | F27: Rendimiento | G27: Valor-Unit.
A28: CUADRILLA 1 OF + 1 AY | C28: 214937 | F28: 0.098 | G28: =+F28*C28 -> 21063.826
G33: Sub-Total | H33: =SUM(G28:G32) -> 21063.826
E35: Total Costo Directo | H35: =ROUND((+H11+H19+H25+H33),4) -> 101393.65
A37: V. AU
A38: Descripción | D38: PORCENTAJE | E38: Tarifa/Hora | F38: Rendimiento | G38: Valor-Unit.
A39: ADMINISTRACIÓN | D39: =+'1.1 localizacion'!$D$35 -> 0.32 | G39: =$H$35*D39 -> 32445.969
A40: UTILIDADES | D40: =+'1.1 localizacion'!$D$36 -> 0.05 | G40: =$H$35*D40 -> 5069.6826
G41: Sub-Total | H41: =SUM(G39:G40) -> 37515.651
E44: Total Costo | H44: =ROUND(H41+H35,0) -> 138909

Sheet 3.2 Caballete termo
A1: FORMATO DE ANALISIS DE PRECIOS UNITARIOS-APU
A2: REPUBLICA DE COLOMBIA | E2: ANALISIS DE PRECIOS UNITARIOS
A4: OBJETO: | B4: =+'PRESUPUESTO OFICIAL'!A2 -> MEJORAMIENTO Y ADECUACIÓN DEL AUDITORIO DE LA INSTITUCIÓN EDUCATIVA MARINO GÓMEZ ESTRADA, SEDE DE LA UNIVERSIDAD DE CALDAS, EN EL MUNICIPIO DE AGUADAS, CALDAS. | G4: ITEM: | H4: 3.2
A5: DESCRIPCIÓN: | B5: =VLOOKUP(H4,'PRESUPUESTO OFICIAL'!A:F,2,0) -> SUMINISTRO, TRANSPORTE E INSTALACION CABALLETE TEJA TERMOACÚSTICA CINDULIT / CINDURIB O SIMILAR. COLOR SEGÚN DISEÑO | G5: UNIDAD: | H5: =VLOOKUP(H4,'PRESUPUESTO OFICIAL'!A:F,3,0) -> ML
A6: I.EQUIPO
A7: Descripción | D7: Tipo | E7: Tarifa/Hora | F7: Rendimiento | G7: Valor-Unit.
A8: HERRAMIENTA MENOR | E8: 3484 | F8: 0.05 | G8: =+E8*F8 -> 174.2
A9: ANDAMIO METÁLICO | D9: $/hr | E9: 9968 | F9: 0.1 | G9: =+E9*F9 -> 996.8
A10: TALADRO ROJO PERCUTOR | D10: $/hr | E10: 83300 | F10: 0.025 | G10: =+E10*F10 -> 2082.5
A11: ANDAMIO COLGANTE | D11: $/hr | E11: 3137 | F11: 0.1 | G11: =+E11*F11 -> 313.7
G13: Sub-Total | H13: =SUM(G8:G12) -> 3567.2
A14: II. MATERIALES EN OBRA
A15: Descripción | D15: Unidad | E15: Precio-Unit. | F15: Cantidad | G15: Valor-Unit.
A16: CABALLETE LISO TEJA TIPO CINDULIT / CINDURIB L=3.05 M. O SIMILAR. COLOR VERDE, AZUL O ROJO SEGÚN DISEÑO. | D16: UND | E16: =155416*1.1 -> 170957.6 | F16: 0.33 | G16: =+F16*E16 -> 56416.008
A17: TORNILLO AUTOPERFORANTE TEJA TIPO CINDU O SIMILAR. DIAM. 3/4". | D17: UND | E17: 410 | F17: 4 | G17: =+F17*E17 -> 1640
A18: TELERA 20 CM X 4 CM X 3 M. | D18: ML | E18: 11893 | F18: 0.1 | G18: =+F18*E18 -> 1189.3
G19: Sub-Total | H19: =SUM(G16:G18) -> 59245.308
A20: III.TRANSPORTES
A21: Material | C21: Vol-Peso ó Cant. | D21: Distancia | E21: M3-KM | F21: Tarifa | G21: Valor-Unit.
A22: EQUIPO DE TRANSPORTE | E22: 0.0057 | F22: 180127 | G22: =+E22*F22 -> 1026.7239
G25: Sub-Total | H25: =SUM(G22:G24) -> 1026.7239
A26: IV. MANO DE OBRA
A27: Trabajador | C27: Jornal | D27: Prestaciones | E27: Jornal Total | F27: Rendimiento | G27: Valor-Unit.
A28: OBREROS (2) | C28: =+'ANALISIS M.O'!$F$29*2 -> 116728 | D28: =+'ANALISIS M.O'!$C$26 -> 1.7733 | E28: =+D28*C28 -> 206993.76 | F28: 0.005 | G28: =+E28*F28 -> 1034.9688
A29: OFICIAL (1) | C29: =+'ANALISIS M.O'!$F$31 -> 105054 | D29: =+'ANALISIS M.O'!$C$26 -> 1.7733 | E29: =+D29*C29 -> 186292.26 | F29: 0.008 | G29: =+E29*F29 -> 1490.3381
G33: Sub-Total | H33: =SUM(G28:G32) -> 2525.3069
E35: Total Costo Directo | H35: =ROUND((+H13+H19+H25+H33),4) -> 66364.539
A37: V. AU
A38: Descripción | D38: PORCENTAJE | E38: Tarifa/Hora | F38: Rendimiento | G38: Valor-Unit.
A39: ADMINISTRACIÓN | D39: =+'1.1 localizacion'!$D$35 -> 0.32 | G39: =$H$35*D39 -> 21236.652
A40: UTILIDADES | D40: =+'1.1 localizacion'!$D$36 -> 0.05 | G40: =$H$35*D40 -> 3318.2269
G41: Sub-Total | H41: =SUM(G39:G40) -> 24554.879
E44: Total Costo | H44: =ROUND(H41+H35,0) -> 90919

Sheet 3.3 Impermiabiliazación
A1: FORMATO DE ANALISIS DE PRECIOS UNITARIOS-APU
A2: REPUBLICA DE COLOMBIA | E2: ANALISIS DE PRECIOS UNITARIOS
A4: OBJETO: | B4: =+'PRESUPUESTO OFICIAL'!A2 -> MEJORAMIENTO Y ADECUACIÓN DEL AUDITORIO DE LA INSTITUCIÓN EDUCATIVA MARINO GÓMEZ ESTRADA, SEDE DE LA UNIVERSIDAD DE CALDAS, EN EL MUNICIPIO DE AGUADAS, CALDAS. | G4: ITEM: | H4: 3.3
A5: DESCRIPCIÓN: | B5: =VLOOKUP(H4,'PRESUPUESTO OFICIAL'!A:F,2,0) -> SUMINISTRO, TRANSPORTE E INSTALACION IMPERMEABILIZACION Tipo Manto Morter Plas AL-80 de 3.5 mm con foil de aluminio o Similar. INCLUYE (Canales y/o cubiertas planas, incluye media cañas, remates, pintura bituminosa) | G5: UNIDAD: | H5: 3
A6: I.EQUIPO
A7: Descripción | D7: Tipo | E7: Tarifa/Hora | F7: Rendimiento | G7: Valor-Unit.
A8: HERRAMIENTA MENOR | G8: =+H31*0.05 -> 809.2305
A9: SOPLETE GAS CON GATILLO QUEMADOR 25-35-50MM | D9: $/hr | E9: =+'BASE DE DATOS'!D131 -> 5500 | F9: 10 | G9: =+E9/F9 -> 550
G11: Sub-Total | H11: =SUM(G8:G10) -> 1359.2305
A12: II. MATERIALES EN OBRA
A13: Descripción | D13: Unidad | E13: Precio-Unit. | F13: Cantidad | G13: Valor-Unit.
A14: PINTURA BITUMINOSA | D14: GAL | E14: =+'BASE DE DATOS'!D74 -> 110140 | F14: 0.008 | G14: =+F14*E14 -> 881.12
A15: IMPERMEABILIZACIÓN TIPO MANTO MORTER PLAS AL -80 E=35MM O SIMILAR | D15: M2 | E15: =+'BASE DE DATOS'!D75 -> 34260 | F15: 1 | G15: =+F15*E15 -> 34260
A16: EMULSIÓN ASFÁLTICA TIPO CRL-1 | D16: LT | E16: =+'BASE DE DATOS'!D76 -> 5430 | F16: 0.1 | G16: =+E16*F16 -> 543
G17: Sub-Total | H17: =SUM(G14:G16) -> 35684.12
A18: III.TRANSPORTES
A19: Material | C19: Vol-Peso ó Cant. | D19: Distancia | E19: M3-KM | F19: Tarifa | G19: Valor-Unit.
G23: Sub-Total | H23: =SUM(G20:G22) -> 0
A24: IV. MANO DE OBRA
A25: Trabajador | C25: Jornal | D25: Prestaciones | E25: Jornal Total | F25: Rendimiento | G25: Valor-Unit.
A26: OBREROS (2) | C26: =+'ANALISIS M.O'!$F$29*2 -> 116728 | D26: =+'ANALISIS M.O'!$C$26 -> 1.7733 | E26: =+D26*C26 -> 206993.76 | F26: 24.3 | G26: =+E26/F26 -> 8518.2618
A27: OFICIAL (1) | C27: =+'ANALISIS M.O'!$F$31 -> 105054 | D27: =+'ANALISIS M.O'!$C$26 -> 1.7733 | E27: =+D27*C27 -> 186292.26 | F27: =+F26 -> 24.3 | G27: =+E27/F27 -> 7666.3481
G31: Sub-Total | H31: =SUM(G26:G30) -> 16184.61
E33: Total Costo Directo | H33: =ROUND((+H11+H17+H23+H31),4) -> 53227.96
A35: V. AU
A36: Descripción | D36: PORCENTAJE | E36: Tarifa/Hora | F36: Rendimiento | G36: Valor-Unit.
A37: ADMINISTRACIÓN | D37: =+'1.1 localizacion'!$D$35 -> 0.32 | G37: =$H$33*D37 -> 17032.947
A38: UTILIDADES | D38: =+'1.1 localizacion'!$D$36 -> 0.05 | G38: =$H$33*D38 -> 2661.398
G39: Sub-Total | H39: =SUM(G37:G38) -> 19694.345
E42: Total Costo | H42: =ROUND(H39+H33,0) -> 72922

Sheet 3.4 Canal
A1: FORMATO DE ANALISIS DE PRECIOS UNITARIOS-APU
A2: REPUBLICA DE COLOMBIA | E2: ANALISIS DE PRECIOS UNITARIOS
A4: OBJETO: | B4: =+'PRESUPUESTO OFICIAL'!A2 -> MEJORAMIENTO Y ADECUACIÓN DEL AUDITORIO DE LA INSTITUCIÓN EDUCATIVA MARINO GÓMEZ ESTRADA, SEDE DE LA UNIVERSIDAD DE CALDAS, EN EL MUNICIPIO DE AGUADAS, CALDAS. | G4: ITEM: | H4: 3.4
A5: DESCRIPCIÓN: | B5: =VLOOKUP(H4,'PRESUPUESTO OFICIAL'!A:F,2,0) -> SUMINISTRO, TRANSPORTE E INSTALACION CANAL EN LAMINA GALVANIZADA CAL .20 D/ 0.60 M. (SUMINISTRO E INSTALACIÓN CON WASH PRIMER + ESMALTE + ANCLAJE A MURO + SILICONA) | G5: UNIDAD: | H5: =VLOOKUP(H4,'PRESUPUESTO OFICIAL'!A:F,3,0) -> ML
A6: I.EQUIPO
A7: Descripción | D7: Tipo | E7: Tarifa/Hora | F7: Rendimiento | G7: Valor-Unit.
A8: HERRAMIENTA MENOR | G8: =+H35*0.05 -> 1820.7686
A9: ANDAMIO METÁLICO | D9: $/hr | E9: =+'BASE DE DATOS'!D130 -> 450 | F9: 1.5 | G9: =+E9/F9 -> 300
G11: Sub-Total | H11: =SUM(G8:G10) -> 2120.7686
A12: II. MATERIALES EN OBRA
A13: Descripción | D13: Unidad | E13: Precio-Unit. | F13: Cantidad | G13: Valor-Unit.
A14: ESMALTE SINTETICO PINTULUX 3 EN 1 (No requiere anticorrosivo) | B14: ESMALTE SINTETICO PINTULUX 3 EN 1 (No requiere anticorrosivo) | C14: ESMALTE SINTETICO PINTULUX 3 EN 1 (No requiere anticorrosivo) | D14: GAL | E14: =+'BASE DE DATOS'!D139 -> 436656 | F14: 0.038 | G14: =+F14*E14 -> 16592.928
A15: WASH PRIMER COMPONENTE A - 1/4 GL REF. 509A O SIMILAR | B15: WASH PRIMER COMPONENTE A - 1/4 GL REF. 509A O SIMILAR | C15: WASH PRIMER COMPONENTE A - 1/4 GL REF. 509A O SIMILAR | D15: UND | E15: =+'BASE DE DATOS'!D77 -> 29350 | F15: 0.06 | G15: =+F15*E15 -> 1761
A16: WASH PRIMER COMPONENTE B - 1/4 GL REF. 509B O SIMILAR | B16: WASH PRIMER COMPONENTE B - 1/4 GL REF. 509B O SIMILAR | C16: WASH PRIMER COMPONENTE B - 1/4 GL REF. 509B O SIMILAR | D16: UND | E16: =+'BASE DE DATOS'!D78 -> 44320 | F16: 0.06 | G16: =+F16*E16 -> 2659.2
A17: LAMINA GALVANIZADA CAL. 20 TIPO ACESCO O SIMILAR. | B17: LAMINA GALVANIZADA CAL. 20 TIPO ACESCO O SIMILAR. | C17: LAMINA GALVANIZADA CAL. 20 TIPO ACESCO O SIMILAR. | D17: M2 | E17: =+'BASE DE DATOS'!D79 -> 48500 | F17: 0.66 | G17: =+F17*E17 -> 32010
A18: PLATINA SOPORTE 3 MM | B18: PLATINA SOPORTE 3 MM | C18: PLATINA SOPORTE 3 MM | D18: UND | E18: =+'BASE DE DATOS'!D80 -> 8050 | F18: 0.5 | G18: =+F18*E18 -> 4025
A19: SOLDADURA DE ESTAÑO 60-40 250GR 1/16" (1.6 MM) | B19: SOLDADURA DE ESTAÑO 60-40 250GR 1/16" (1.6 MM) | C19: SOLDADURA DE ESTAÑO 60-40 250GR 1/16" (1.6 MM) | D19: UND | E19: =+'BASE DE DATOS'!D81 -> 1650 | F19: 0.03 | G19: =+F19*E19 -> 49.5
A20: SIKAFLEX 1A TUBO 305 CC O SIMILAR. | B20: SIKAFLEX 1A TUBO 305 CC O SIMILAR. | C20: SIKAFLEX 1A TUBO 305 CC O SIMILAR. | D20: UND | E20: =+'BASE DE DATOS'!D82 -> 31520 | F20: 0.005 | G20: =+F20*E20 -> 157.6
G21: Sub-Total | H21: =SUM(G14:G20) -> 57255.228
A22: III.TRANSPORTES
A23: Material | C23: Vol-Peso ó Cant. | D23: Distancia | E23: M3-KM | F23: Tarifa | G23: Valor-Unit.
G27: Sub-Total | H27: =SUM(G24:G26) -> 0
A28: IV. MANO DE OBRA
A29: Trabajador | C29: Jornal | D29: Prestaciones | E29: Jornal Total | F29: Rendimiento | G29: Valor-Unit.
A30: OBREROS (2) | C30: =+'ANALISIS M.O'!$F$29*2 -> 116728 | D30: =+'ANALISIS M.O'!$C$26 -> 1.7733 | E30: =+D30*C30 -> 206993.76 | F30: 10.8 | G30: =+E30/F30 -> 19166.089
A31: OFICIAL (1) | C31: =+'ANALISIS M.O'!$F$31 -> 105054 | D31: =+'ANALISIS M.O'!$C$26 -> 1.7733 | E31: =+D31*C31 -> 186292.26 | F31: =+F30 -> 10.8 | G31: =+E31/F31 -> 17249.283
G35: Sub-Total | H35: =SUM(G30:G34) -> 36415.372
E37: Total Costo Directo | H37: =ROUND((+H11+H21+H27+H35),4) -> 95791.369
A39: V. AU
A40: Descripción | D40: PORCENTAJE | E40: Tarifa/Hora | F40: Rendimiento | G40: Valor-Unit.
A41: ADMINISTRACIÓN | D41: =+'1.1 localizacion'!$D$35 -> 0.32 | G41: =$H$37*D41 -> 30653.238
A42: UTILIDADES | D42: =+'1.1 localizacion'!$D$36 -> 0.05 | G42: =$H$37*D42 -> 4789.5684
G43: Sub-Total | H43: =SUM(G41:G42) -> 35442.806
E46: Total Costo | H46: =ROUND(H43+H37,0) -> 131234

Sheet 3.5 Bajante
A1: FORMATO DE ANALISIS DE PRECIOS UNITARIOS-APU
A2: REPUBLICA DE COLOMBIA | E2: ANALISIS DE PRECIOS UNITARIOS
A4: OBJETO: | B4: =+'PRESUPUESTO OFICIAL'!A2 -> MEJORAMIENTO Y ADECUACIÓN DEL AUDITORIO DE LA INSTITUCIÓN EDUCATIVA MARINO GÓMEZ ESTRADA, SEDE DE LA UNIVERSIDAD DE CALDAS, EN EL MUNICIPIO DE AGUADAS, CALDAS. | G4: ITEM: | H4: 3.5
A5: DESCRIPCIÓN: | B5: =VLOOKUP(H4,'PRESUPUESTO OFICIAL'!A:F,2,0) -> SUMINISTRO, TRANSPORTE E INSTALACION BAJANTE AGUAS LLUVIAS PVC 3" (INCLUYE CODO, UNION Y ACCESORIOS DE FIJACION) | G5: UNIDAD: | H5: =VLOOKUP(H4,'PRESUPUESTO OFICIAL'!A:F,3,0) -> ML
A6: I.EQUIPO
A7: Descripción | D7: Tipo | E7: Tarifa/Hora | F7: Rendimiento | G7: Valor-Unit.
A8: HERRAMIENTA MENOR | G8: =+H35*0.05 -> 959.2342
G11: Sub-Total | H11: =SUM(G8:G10) -> 959.2342
A12: II. MATERIALES EN OBRA
A13: Descripción | D13: Unidad | E13: Precio-Unit. | F13: Cantidad | G13: Valor-Unit.
A14: ABRAZADERA EN ACERO | B14: ABRAZADERA EN ACERO | C14: ABRAZADERA EN ACERO | D14: UND | E14: =+'BASE DE DATOS'!D86 -> 2849 | F14: 0.63 | G14: =+F14*E14 -> 1794.87
A15: CODO 90° 1/4 CXC SANITARIO 3'' | B15: CODO 90° 1/4 CXC SANITARIO 3'' | C15: CODO 90° 1/4 CXC SANITARIO 3'' | D15: UND | E15: =+'BASE DE DATOS'!D87 -> 9901 | F15: 0.1 | G15: =+F15*E15 -> 990.1
A16: LIMPIADOR REM PVC 760 GRMS. (1/4) | B16: LIMPIADOR REM PVC 760 GRMS. (1/4) | C16: LIMPIADOR REM PVC 760 GRMS. (1/4) | D16: UND | E16: =+'BASE DE DATOS'!D88 -> 62393 | F16: 0.015 | G16: =+F16*E16 -> 935.895
A17: SOLDADURA PVC LIQUIDA 1/4 | B17: SOLDADURA PVC LIQUIDA 1/4 | C17: SOLDADURA PVC LIQUIDA 1/4 | D17: UND | E17: =+'BASE DE DATOS'!D89 -> 129335 | F17: 0.015 | G17: =+F17*E17 -> 1940.025
A18: TUBO PVC A.LL-VENTILACION 3'' | B18: TUBO PVC A.LL-VENTILACION 3'' | C18: TUBO PVC A.LL-VENTILACION 3'' | D18: ML | E18: =+'BASE DE DATOS'!D90 -> 12317 | F18: 1.03 | G18: =+F18*E18 -> 12686.51
A19: UNION SANITARIA 3" PVC | B19: UNION SANITARIA 3" PVC | C19: UNION SANITARIA 3" PVC | D19: UND | E19: =+'BASE DE DATOS'!D91 -> 4974 | F19: 0.16 | G19: =+F19*E19 -> 795.84
G21: Sub-Total | H21: =SUM(G14:G20) -> 19143.24
A22: III.TRANSPORTES
A23: Material | C23: Vol-Peso ó Cant. | D23: Distancia | E23: M3-KM | F23: Tarifa | G23: Valor-Unit.
G27: Sub-Total | H27: =SUM(G24:G26) -> 0
A28: IV. MANO DE OBRA
A29: Trabajador | C29: Jornal | D29: Prestaciones | E29: Jornal Total | F29: Rendimiento | G29: Valor-Unit.
A30: OBREROS (2) | C30: =+'ANALISIS M.O'!$F$29*2 -> 116728 | D30: =+'ANALISIS M.O'!$C$26 -> 1.7733 | E30: =+D30*C30 -> 206993.76 | F30: 20.5 | G30: =+E30/F30 -> 10097.257
A31: OFICIAL (1) | C31: =+'ANALISIS M.O'!$F$31 -> 105054 | D31: =+'ANALISIS M.O'!$C$26 -> 1.7733 | E31: =+D31*C31 -> 186292.26 | F31: =+F30 -> 20.5 | G31: =+E31/F31 -> 9087.4272
G35: Sub-Total | H35: =SUM(G30:G34) -> 19184.684
E37: Total Costo Directo | H37: =ROUND((+H11+H21+H27+H35),4) -> 39287.158
A39: V. AU
A40: Descripción | D40: PORCENTAJE | E40: Tarifa/Hora | F40: Rendimiento | G40: Valor-Unit.
A41: ADMINISTRACIÓN | D41: =+'1.1 localizacion'!$D$35 -> 0.32 | G41: =$H$37*D41 -> 12571.891
A42: UTILIDADES | D42: =+'1.1 localizacion'!$D$36 -> 0.05 | G42: =$H$37*D42 -> 1964.3579
G43: Sub-Total | H43: =SUM(G41:G42) -> 14536.248
E46: Total Costo | H46: =ROUND(H43+H37,0) -> 53823

Sheet 3.6 Recorrido cubierta
A1: FORMATO DE ANALISIS DE PRECIOS UNITARIOS-APU
A2: REPUBLICA DE COLOMBIA | E2: ANALISIS DE PRECIOS UNITARIOS
A4: OBJETO: | B4: =+'PRESUPUESTO OFICIAL'!A2 -> MEJORAMIENTO Y ADECUACIÓN DEL AUDITORIO DE LA INSTITUCIÓN EDUCATIVA MARINO GÓMEZ ESTRADA, SEDE DE LA UNIVERSIDAD DE CALDAS, EN EL MUNICIPIO DE AGUADAS, CALDAS. | G4: ITEM: | H4: 3.6
A5: DESCRIPCIÓN: | B5: =VLOOKUP(H4,'PRESUPUESTO OFICIAL'!A:F,2,0) -> RECORRIDO DE CUBIERTA | G5: UNIDAD: | H5: =VLOOKUP(H4,'PRESUPUESTO OFICIAL'!A:F,3,0) -> M2
A6: I.EQUIPO
A7: Descripción | D7: Tipo | E7: Tarifa/Hora | F7: Rendimiento | G7: Valor-Unit.
A8: HERRAMIENTA MENOR | G8: =+H33*0.05 -> 893.83187
G11: Sub-Total | H11: =SUM(G8:G10) -> 893.83187
A12: II. MATERIALES EN OBRA
A13: Descripción | D13: Unidad | E13: Precio-Unit. | F13: Cantidad | G13: Valor-Unit.
A14: ACARREO INTERNO | D14: UND | E14: 1824 | F14: 0.1 | G14: =+F14*E14 -> 182.4
A15: GANCHO PARA TEJA ETERNIT | B15: GANCHO PARA TEJA ETERNIT | C15: GANCHO PARA TEJA ETERNIT | D15: UND | E15: 1190 | F15: 1 | G15: =+F15*E15 -> 1190
A16: AMARRA PARA TEJA ETERNIT | B16: AMARRA PARA TEJA ETERNIT | C16: AMARRA PARA TEJA ETERNIT | D16: UND | E16: 595 | F16: 1 | G16: =+F16*E16 -> 595
A17: SIKAFLEX 1A TUBO 305 CC O SIMILAR. | B17: SIKAFLEX 1A TUBO 305 CC O SIMILAR. | C17: SIKAFLEX 1A TUBO 305 CC O SIMILAR. | D17: UND | E17: 44338 | F17: 0.01 | G17: =+F17*E17 -> 443.38
G19: Sub-Total | H19: =SUM(G14:G18) -> 2410.78
A20: III.TRANSPORTES
A21: Material | C21: Vol-Peso ó Cant. | D21: Distancia | E21: M3-KM | F21: Tarifa | G21: Valor-Unit.
G25: Sub-Total | H25: =SUM(G22:G24) -> 0
A26: IV. MANO DE OBRA
A27: Trabajador | C27: Jornal | D27: Prestaciones | E27: Jornal Total | F27: Rendimiento | G27: Valor-Unit.
A28: OBREROS (2) | C28: =+'ANALISIS M.O'!$F$29*2 -> 116728 | D28: =+'ANALISIS M.O'!$C$26 -> 1.7733 | E28: =+D28*C28 -> 206993.76 | F28: 22 | G28: =+E28/F28 -> 9408.8074
A29: OFICIAL (1) | C29: =+'ANALISIS M.O'!$F$31 -> 105054 | D29: =+'ANALISIS M.O'!$C$26 -> 1.7733 | E29: =+D29*C29 -> 186292.26 | F29: =+F28 -> 22 | G29: =+E29/F29 -> 8467.8299
G33: Sub-Total | H33: =SUM(G28:G32) -> 17876.637
E35: Total Costo Directo | H35: =ROUND((+H11+H19+H25+H33),4) -> 21181.249
A37: V. AU
A38: Descripción | D38: PORCENTAJE | E38: Tarifa/Hora | F38: Rendimiento | G38: Valor-Unit.
A39: ADMINISTRACIÓN | D39: =+'1.1 localizacion'!$D$35 -> 0.32 | G39: =$H$35*D39 -> 6777.9997
A40: UTILIDADES | D40: =+'1.1 localizacion'!$D$36 -> 0.05 | G40: =$H$35*D40 -> 1059.0625
G41: Sub-Total | H41: =SUM(G39:G40) -> 7837.0622
E44: Total Costo | H44: =ROUND(H41+H35,0) -> 29018

Sheet 4.1 cielo raso pvc
A1: FORMATO DE ANALISIS DE PRECIOS UNITARIOS-APU
A2: REPUBLICA DE COLOMBIA | E2: ANALISIS DE PRECIOS UNITARIOS
A4: OBJETO: | B4: =+'PRESUPUESTO OFICIAL'!A2 -> MEJORAMIENTO Y ADECUACIÓN DEL AUDITORIO DE LA INSTITUCIÓN EDUCATIVA MARINO GÓMEZ ESTRADA, SEDE DE LA UNIVERSIDAD DE CALDAS, EN EL MUNICIPIO DE AGUADAS, CALDAS. | G4: ITEM: | H4: 4.1
A5: DESCRIPCIÓN: | B5: =VLOOKUP(H4,'PRESUPUESTO OFICIAL'!A:F,2,0) -> SUMINISTRO E INSTALACION DE CIELO RASO EN PVC. INCLUYE ESTRUCTURA Y DEMAS ELEMENTOS DE FIJACION | G5: UNIDAD: | H5: =VLOOKUP(H4,'PRESUPUESTO OFICIAL'!A:F,3,0) -> M2
A6: I.EQUIPO
A7: Descripción | D7: Tipo | E7: Tarifa/Hora | F7: Rendimiento | G7: Valor-Unit.
A8: Andamio tubular con tijera 1.50x1.50m | D8: DÌA | E8: 5733.6 | F8: 0.67 | G8: =+E8*F8 -> 3841.512 | K8: Un | L8: 0.001 | M8: 15789
A9: Rueda giratoria para andamio | D9: DÍA | E9: 2443.2 | F9: 1.1 | G9: =+E9*F9 -> 2687.52 | K9: Un | L9: 0.001 | M9: 15789
G10: Sub-Total | H10: =SUM(G7:G9) -> 6529.032
A11: II. MATERIALES EN OBRA
A12: Descripción | D12: Unidad | E12: Precio-Unit. | F12: Cantidad | G12: Valor-Unit.
A13: Lamina PVC | D13: M2 | E13: 1.05 | F13: 38000 | G13: =+F13*E13 -> 39900
A14: Angulo | D14: ML | E14: 0.5 | F14: 3500 | G14: =+F14*E14 -> 1750
A15: Omegas | D15: UND | E15: 0.6 | F15: 4200 | G15: =+F15*E15 -> 2520
A16: Perfil perimetral | D16: ML | E16: 0.8 | F16: 12000 | G16: =+F16*E16 -> 9600
A17: Tornillo cabeza auto perforante | D17: UND | E17: 18 | F17: 50 | G17: =+F17*E17 -> 900
A18: Tornillo cabeza lenteja | D18: UND | E18: 18 | F18: 50 | G18: =+F18*E18 -> 900
G20: Sub-Total | H20: =SUM(G13:G18) -> 55570
A21: III.TRANSPORTES
A22: Material | C22: Vol-Peso ó Cant. | D22: Distancia | E22: M3-KM | F22: Tarifa | G22: Valor-Unit.
A23: CAMIONETA | E23: 0.02 | F23: 44220 | G23: =+E23*F23 -> 884.4
G26: Sub-Total | H26: =SUM(G23:G25) -> 884.4
A27: IV. MANO DE OBRA
A28: Trabajador | C28: Jornal | D28: Prestaciones | E28: Jornal Total | F28: Rendimiento | G28: Valor-Unit.
A29: CUADRILLA 1 OF + 1 AY | C29: 173333 | D29: 1.8 | E29: =+C29*D29 -> 311999.4 | F29: 7.99 | G29: =+E29/F29 -> 39048.736
G30: =+F30*C30 -> 0
G34: Sub-Total | H34: =SUM(G29:G33) -> 39048.736
E36: Total Costo Directo | H36: =ROUND((+H10+H20+H26+H34),4) -> 102032.17
A38: V. AU
A39: Descripción | D39: PORCENTAJE | E39: Tarifa/Hora | F39: Rendimiento | G39: Valor-Unit.
A40: ADMINISTRACIÓN | D40: =+'1.1 localizacion'!$D$35 -> 0.32 | G40: =$H$36*D40 -> 32650.294
A41: UTILIDADES | D41: 0.05 | G41: =$H$36*D41 -> 5101.6084
G42: Sub-Total | H42: =SUM(G40:G41) -> 37751.902
E45: Total Costo | H45: =ROUND(H42+H36,0) -> 139784

Sheet 4.4 Triplex
A1: FORMATO DE ANALISIS DE PRECIOS UNITARIOS-APU
A2: REPUBLICA DE COLOMBIA | E2: ANALISIS DE PRECIOS UNITARIOS
A4: OBJETO: | B4: MEJORAMIENTO Y ADECUACIÓN DE LA CUBIERTA DE LA CASA DE LA CULTURA FRÁNCICO GIRALDO DEL MUNICIPIO DEL MUNICIPIO DE AGUADAS, CALDAS | G4: ITEM: | H4: 3.13
A5: DESCRIPCIÓN: | B5: SUMINISTRO, TRANSPORTE E INSTALACIÓN CIELO RASO EN LÁMINA TRIPLEX 3.22MM X 1.22X2.44M. INCLUYE PERFILERIA Y ANCLAJES PARA FIJACIÓN Y PINTURA | G5: UNIDAD: | H5: M2
A6: I.EQUIPO
A7: Descripción | D7: Tipo | E7: Tarifa/Hora | F7: Rendimiento | G7: Valor-Unit.
A8: HERRAMIENTA MENOR | G8: 270.4049
A9: ANDAMIO METÁLICO | D9: $/hr | E9: 450 | F9: 1.5 | G9: 300
G11: Sub-Total | H11: 570.4049
A12: II. MATERIALES EN OBRA
A13: Descripción | D13: Unidad | E13: Precio-Unit. | F13: Cantidad | G13: Valor-Unit.
A14: INTERVINILO - TIPO PINTUCO REF. 2501 SEGÚN COLOR DISEÑO O SIMILAR | B14: INTERVINILO - TIPO PINTUCO REF. 2501 SEGÚN COLOR DISEÑO O SIMILAR | C14: INTERVINILO - TIPO PINTUCO REF. 2501 SEGÚN COLOR DISEÑO O SIMILAR | D14: UND | E14: 59900 | F14: 0.4 | G14: 23960
A15: VINILTEX ACRILTEX- TIPO PINTUCO REF. SEGÚN COLOR DISEÑO O SIMILAR. | B15: VINILTEX ACRILTEX- TIPO PINTUCO REF. SEGÚN COLOR DISEÑO O SIMILAR. | C15: VINILTEX ACRILTEX- TIPO PINTUCO REF. SEGÚN COLOR DISEÑO O SIMILAR. | D15: UND | E15: 104901 | F15: 0.06 | G15: 6294.06
A16: CINTA MALLA DE FIBRA DE VIDRIO ( 90 M. ) | B16: CINTA MALLA DE FIBRA DE VIDRIO ( 90 M. ) | C16: CINTA MALLA DE FIBRA DE VIDRIO ( 90 M. ) | D16: UND | E16: 12900 | F16: 0.009 | G16: 116.1
A17: PERFIL VIGUETA CIELO RASO x 2.4m CAL 26 | B17: PERFIL VIGUETA CIELO RASO x 2.4m CAL 26 | C17: PERFIL VIGUETA CIELO RASO x 2.4m CAL 26 | D17: UND | E17: 3601 | F17: 0.4 | G17: 1440.4
A18: PERFIL OMEGA CAL 26 - 2.44 M. | B18: PERFIL OMEGA CAL 26 - 2.44 M. | C18: PERFIL OMEGA CAL 26 - 2.44 M. | D18: UND | E18: 3650 | F18: 1 | G18: 3650
A19: ÁNGULO CIELO RASO 20×30 CALIBRE 26 (0.38) X 2.44MT | B19: ÁNGULO CIELO RASO 20×30 CALIBRE 26 (0.38) X 2.44MT | C19: ÁNGULO CIELO RASO 20×30 CALIBRE 26 (0.38) X 2.44MT | D19: UND | E19: 2275 | F19: 0.3 | G19: 682.5
A20: LÁMINA TRIPLEX (1.22X2.44) E = 3.2MM | B20: LÁMINA TRIPLEX (1.22X2.44) E = 3.2MM | C20: LÁMINA TRIPLEX (1.22X2.44) E = 3.2MM | D20: M2 | E20: 13389 | F20: 1 | G20: 13389
A21: TORNILLO AUTOPERFORANTE EST. 7/16 " | B21: TORNILLO AUTOPERFORANTE EST. 7/16 " | C21: TORNILLO AUTOPERFORANTE EST. 7/16 " | D21: UND | E21: 42 | F21: 6 | G21: 252
A22: TORNILLO PTA BROCA EXTRAPL. EST 8 X 1/2" ( 13MM ) | B22: TORNILLO PTA BROCA EXTRAPL. EST 8 X 1/2" ( 13MM ) | C22: TORNILLO PTA BROCA EXTRAPL. EST 8 X 1/2" ( 13MM ) | D22: UND | E22: 77 | F22: 10 | G22: 770
G24: Sub-Total | H24: 50554.06
A25: III.TRANSPORTES
A26: Material | C26: Vol-Peso ó Cant. | D26: Distancia | E26: M3-KM | F26: Tarifa | G26: Valor-Unit.
G30: Sub-Total | H30: 0
A31: IV. MANO DE OBRA
A32: Trabajador | C32: Jornal | D32: Prestaciones | E32: Jornal Total | F32: Rendimiento | G32: Valor-Unit.
A33: OBREROS (2) | C33: 94900 | D33: 1.7996 | E33: 170782.04 | F33: 60 | G33: 2846.3673
A34: OFICIAL (1) | C34: 85410 | D34: 1.7996 | E34: 153703.84 | F34: 60 | G34: 2561.7306
G38: Sub-Total | H38: 5408.0979
E40: Total Costo Directo | H40: 56532.563
A42: V. AU
A43: Descripción | D43: PORCENTAJE | E43: Tarifa/Hora | F43: Rendimiento | G43: Valor-Unit.
A44: ADMINISTRACIÓN | D44: 0.32 | G44: 18090.42
A45: UTILIDADES | D45: 0.05 | G45: 2826.6281
G46: Sub-Total | H46: 20917.048
E49: Total Costo | H49: =+H46+H40 -> 77449.611

Sheet 4.5 frescasa
A1: FORMATO DE ANALISIS DE PRECIOS UNITARIOS-APU
A2: REPUBLICA DE COLOMBIA | E2: ANALISIS DE PRECIOS UNITARIOS
A4: OBJETO: | B4: MEJORAMIENTO Y ADECUACIÓN DE LA CUBIERTA DE LA CASA DE LA CULTURA FRÁNCICO GIRALDO DEL MUNICIPIO DEL MUNICIPIO DE AGUADAS, CALDAS | G4: ITEM: | H4: 3.15
A5: DESCRIPCIÓN: | B5: SUMINISTRO, TRANSPORTE E INSTALACION FIBRA DE VIDRIO TIPO FRESCASA e=3 1/2" sin papel | G5: UNIDAD: | H5: M2
A6: I.EQUIPO
A7: Descripción | D7: Tipo | E7: Tarifa/Hora | F7: Rendimiento | G7: Valor-Unit.
A8: HERRAMIENTA MENOR | G8: 202.80367
A9: ANDAMIO METÁLICO | D9: $/hr | E9: 450 | F9: 5 | G9: 90
G11: Sub-Total | H11: 292.80367
A12: II. MATERIALES EN OBRA
A13: Descripción | D13: Unidad | E13: Precio-Unit. | F13: Cantidad | G13: Valor-Unit.
A14: FIBRA DE VIDRIO FRESCASA DE 3 1/2" | B14: FIBRA DE VIDRIO FRESCASA DE 3 1/2" | C14: FIBRA DE VIDRIO FRESCASA DE 3 1/2" | D14: M2 | E14: 14850 | F14: 1.05 | G14: 15592.5
G15: 0
G16: 0
G18: Sub-Total | H18: 15592.5
A19: III.TRANSPORTES
A20: Material | C20: Vol-Peso ó Cant. | D20: Distancia | E20: M3-KM | F20: Tarifa | G20: Valor-Unit.
G24: Sub-Total | H24: 0
A25: IV. MANO DE OBRA
A26: Trabajador | C26: Jornal | D26: Prestaciones | E26: Jornal Total | F26: Rendimiento | G26: Valor-Unit.
A27: OBREROS (2) | C27: 94900 | D27: 1.7996 | E27: 170782.04 | F27: 80 | G27: 2134.7755
A28: OFICIAL (1) | C28: 85410 | D28: 1.7996 | E28: 153703.84 | F28: 80 | G28: 1921.298
G32: Sub-Total | H32: 4056.0735
E34: Total Costo Directo | H34: 19941.377
A36: V. AU
A37: Descripción | D37: PORCENTAJE | E37: Tarifa/Hora | F37: Rendimiento | G37: Valor-Unit.
A38: ADMINISTRACIÓN | D38: 0.32 | G38: 6381.2407
A39: UTILIDADES | D39: 0.05 | G39: 997.06886
G40: Sub-Total | H40: 7378.3095
E43: Total Costo | H43: =+H40+H34 -> 27319.687

Sheet 4.2 luminarias
A1: FORMATO DE ANALISIS DE PRECIOS UNITARIOS-APU
A2: REPUBLICA DE COLOMBIA | E2: ANALISIS DE PRECIOS UNITARIOS
A4: OBJETO: | B4: =+'PRESUPUESTO OFICIAL'!A2 -> MEJORAMIENTO Y ADECUACIÓN DEL AUDITORIO DE LA INSTITUCIÓN EDUCATIVA MARINO GÓMEZ ESTRADA, SEDE DE LA UNIVERSIDAD DE CALDAS, EN EL MUNICIPIO DE AGUADAS, CALDAS. | G4: ITEM: | H4: 4.1
A5: DESCRIPCIÓN: | B5: =VLOOKUP(H4,'PRESUPUESTO OFICIAL'!A:F,2,0) -> SUMINISTRO E INSTALACION DE CIELO RASO EN PVC. INCLUYE ESTRUCTURA Y DEMAS ELEMENTOS DE FIJACION | G5: UNIDAD: | H5: =VLOOKUP(H4,'PRESUPUESTO OFICIAL'!A:F,3,0) -> M2
A6: I.MATERIALES
A7: Descripción | D7: Tipo | E7: Tarifa/Hora | F7: Rendimiento | G7: Valor-Unit.
A8: PANEL LED 60x60 cm 38W | D8: UND | E8: 129956 | F8: 1 | G8: =+E8*F8 -> 129956
A9: CINTA AISLANTE SUPER 33 x 20 m | D9: UND | E9: 21672 | F9: 0.05 | G9: =+E9*F9 -> 1083.6
G11: Sub-Total | H11: =SUM(G7:G10) -> 131039.6
A12: II. EQUIPO Y HERRAMIENTAS
A13: Descripción | D13: Unidad | E13: Precio-Unit. | F13: Cantidad | G13: Valor-Unit.
A14: ESCALERA DE ALUMINIO EN TIJERA 6 PASOS | D14: Un | E14: 287105 | F14: 0.0018 | G14: =+F14*E14 -> 516.789
A15: HERRAMIENTAS PARA ELECTRICISTA | B15: CODO 90° 1/4 CXC SANITARIO 3'' | C15: CODO 90° 1/4 CXC SANITARIO 3'' | D15: Un | E15: 307713 | F15: 0.0018 | G15: =+F15*E15 -> 553.8834
G17: Sub-Total | H17: =SUM(G14:G15) -> 1070.6724
A18: III.TRANSPORTES
A19: Material | C19: Vol-Peso ó Cant. | D19: Distancia | E19: M3-KM | F19: Tarifa | G19: Valor-Unit.
A20: CAMIONETA | E20: 0.01 | F20: 37963 | G20: =+E20*F20 -> 379.63
G23: Sub-Total | H23: =SUM(G20:G22) -> 379.63
A24: IV. MANO DE OBRA
A25: Trabajador | C25: Jornal | D25: Prestaciones | E25: Jornal Total | F25: Rendimiento | G25: Valor-Unit.
A26: CUADRILLA ELECTRICISTA | C26: 223826 | F26: 0.1774 | G26: =+C26*F26 -> 39706.732
G27: =+F27*C27 -> 0
G31: Sub-Total | H31: =SUM(G26:G30) -> 39706.732
E33: Total Costo Directo | H33: =ROUND((+H11+H17+H23+H31),4) -> 172196.63
A35: V. AU
A36: Descripción | D36: PORCENTAJE | E36: Tarifa/Hora | F36: Rendimiento | G36: Valor-Unit.
A37: ADMINISTRACIÓN | D37: =+'1.1 localizacion'!$D$35 -> 0.32 | G37: =$H$33*D37 -> 55102.923
A38: UTILIDADES | D38: =+'1.1 localizacion'!$D$36 -> 0.05 | G38: =$H$33*D38 -> 8609.8317
G39: Sub-Total | H39: =SUM(G37:G38) -> 63712.755
E42: Total Costo | H42: =ROUND(H39+H33,0) -> 235909

Sheet 4.3 Puntos eléctricos
A1: ITEM | B1: INP-01 | C1: UNIDAD | D1: UN | E1: VLR. UNI. | F1: 128740
A2: INP-01 | B2: PUNTO ELÉCTRICO INCLUYE TUBERÍA CONDIUT, 3 CABLE AWG N°12 Y CAJA OCTAGONAL
A4: I. EQUIPO
A5: DESCRIPCIÓN | C5: UNIDAD | D5: CANT/REND | E5: V/UNITARIO | F5: V/PARCIAL
A6: Herramienta menor | C6: Unidad | D6: 0.08 | E6: 347991.6 | F6: 3980.3936
F7: 0
E8: SUBTOTAL | F8: 3980.3936
A9: II. MATERIALES
A10: DESCRIPCIÓN | C10: UNIDAD | D10: CANTIDAD | E10: V/UNITARIO | F10: V/PARCIAL
A11: Limpiador PVC | C11: GR | D11: 0.09 | E11: 18500 | F11: 1665
A12: Tubo Conduit PVC 1/2" x 3m | C12: Unidad | D12: 1 | E12: 9609.6 | F12: 9609.6
A13: Adaptador Terminal PVC 1/2" Conduit | C13: Unidad | D13: 1 | E13: 718.8 | F13: 718.8
A14: Caja galvanizada octagonal | C14: Unidad | D14: 1 | E14: 2611.2 | F14: 2611.2
A15: Alambre de cobre THHN/THWN #12 AWG | C15: M | D15: 10 | E15: 3626.4 | F15: 36264
A16: Cinta Aislante super 33x20 m | C16: Unidad | D16: 0.1 | E16: 24508.8 | F16: 2450.88
A17: Tomacorriente o Interruptor o luminaria | C17: Unidad | D17: 1 | E17: 18000 | F17: 18000
E18: SUBTOTAL | F18: 71319.48
A19: III. TRANSPORTES
A20: MATERIAL | B20: unidad | C20: Distancia | D20: tarifa | E20: cantidad | F20: V/PARCIAL
A21: Camioneta | B21: Hr | D21: 0.1 | E21: 36850 | F21: 3685
F22: 0
F23: 0
E25: SUBTOTAL | F25: 3685
A26: IV. MANO DE OBRA
A27: DESCRIPCION | C27: UNIDAD | D27: CANT/REND | E27: JNL. TOTAL | F27: V/PARCIAL
A28: Cuadrilla electricista | C28: DÍA | D28: 0.178 | E28: 279522 | F28: 49754.92
E31: SUBTOTAL | F31: 49754.92
B33: TOTAL COSTOS DIRECTOS | F33: 128740
A34: ADMINISTRACIÓN | E34: 0.32 | F34: =+F33*E34 -> 41196.8
A35: UTILIDAD | E35: 0.05 | F35: 6437
A36: PRECIO TOTAL INCLUYE AIU | F36: =+F34+F35+F33 -> 176373.8

Sheet 5.1 pintura exterior
B1: 5.1 | C1: SUMINISTRO, TRANSPORTE E INSTALACION ESTUCO Y PINTURA TIPO KORAZA O SIMILAR 3 MANOS INTERNA (INCLUYE ESTUCO, 1 MANO EN PINTURA TIPO 2 Y DOS MANOS EN PINTURA TIPO KORAZA O SIMILAR, FILOS Y DILATACIONES). | D1: M2 | E1: =+G15 -> 39615
C2: DESCRIPCION | D2: UNIDAD | E2: CANTIDAD | F2: VALOR UNITARIO | G2: VALOR PARCIAL
C3: MATERIALES
C4: LIJA DE AGUA | D4: Pliego | E4: 0.1 | F4: 1951 | G4: =+E4*F4 -> 195.1
C5: ESTUCOR ESTUCO PLÁSTICO | D5: Kg | E5: 1.5 | F5: 3844 | G5: =+E5*F5 -> 5766
C6: VINILO KORAZA EXTERIOR 1 | D6: Gal | E6: 0.05 | F6: 149900 | G6: =+E6*F6 -> 7495
C7: EQUIPO
C8: ANDAMIO TUBULAR CON TIJERA 1.50x1.50 m | D8: Día | E8: 0.55 | F8: =4924*1.5 -> 7386 | G8: =+E8*F8 -> 4062.3
C9: RUEDA GIRATORIA PARA ANDAMIO | D9: Día | E9: 0.55 | F9: 2097 | G9: =+E9*F9 -> 1153.35
C10: HERRAMIENTAS PARA PINTOR | D10: Un | E10: 0.0008 | F10: 189882 | G10: =+E10*F10 -> 151.9056
C11: TRANSPORTE
C12: CAMIONETA | D12: Hr | E12: 0.02 | F12: 37963 | G12: =+E12*F12 -> 759.26
C13: MANO DE OBRA
C14: CUADRILLA PINTURA | D14: Día | E14: 0.0932 | F14: 214938 | G14: =+E14*F14 -> 20032.222
G15: =ROUND(SUM(G3:G14),0) -> 39615
A17: V. AU
A18: Descripción | D18: PORCENTAJE | E18: Tarifa/Hora | F18: Rendimiento | G18: Valor-Unit.
A19: ADMINISTRACIÓN | D19: =+'1.1 localizacion'!$D$35 -> 0.32 | G19: =G15*D19 -> 12676.8
A20: UTILIDADES | D20: 0.05 | G20: =G15*D20 -> 1980.75
G21: Sub-Total | H21: =+G19+G20+G15 -> 54272.55

Sheet 5.2 Pintura interior
B1: 5.2 | C1: SUMINISTRO E INSTALACIÓN DE ESTUCO Y PINTURA PARA INTERIOR 3 MANOS. (INCLUYE ESTUCO, UNA MANO EN PINTURA TIPO 2 Y DOS MANOS EN PINTURA TIPO 1, FILOS Y DILATACIONES). COLOR BLANCO SEGÚN DISEÑO. INCLUYE MATERIALES, EQUIPOS, HERRAMIENTA Y MANO DE OBRA NECESARIOS PARA LA EJECUCIÓN DE LA ACTIVIDAD | D1: M2 | E1: =+G14 -> 30234
C2: DESCRIPCION | D2: UNIDAD | E2: CANTIDAD | F2: VALOR UNITARIO | G2: VALOR PARCIAL
C3: MATERIALES
A4: M0031 | C4: ESTUCO | D4: gal | E4: 0.1 | F4: 30900 | G4: =+E4*F4 -> 3090
A5: M0088 | C5: VINILTEX - TIPO PINTUCO PARA INTERIOR SEGÚN COLOR DISEÑO O SIMILAR | D5: gal | E5: 0.05 | F5: 99900 | G5: =+E5*F5 -> 4995
A6: M0045 | C6: KORAZA - TIPO PINTUCO REF. 2650 SEGÚN COLOR DISEÑO O SIMILAR | D6: gal | E6: 0.013 | F6: 115180 | G6: =+E6*F6 -> 1497.34
A7: M0213 | C7: PABMERIL PLIEGO 9" X 11" | D7: un | E7: 0.02 | F7: 15900 | G7: =+E7*F7 -> 318
A8: HE0002 | C8: ANDAMIO METALICO CERTIFICADO, INCLUYE ESCALERILLA CON BARANDAS Y PLATAFORMAS DE TRABAJO | D8: día | E8: 0.3 | F8: 22000 | G8: =+E8*F8 -> 6600
A9: HE0013 | C9: MEZCLADORA A GASOLINA DE UN SACO | D9: hr | E9: 0.07 | F9: =+G13 -> 11939.6 | G9: =+E9*F9 -> 835.772
C10: TRANSPORTE
A11: HE0019 | C11: TRANSPORTE MATERIAL (% Tuberia) | D11: % | E11: 0.1 | F11: =SUM(G4:G6) -> 9582.34 | G11: =+E11*F11 -> 958.234
C12: MANO DE OBRA
A13: C1 | C13: CUADRILLA TIPO 1 (1 of + 1 Ayu) | D13: día | E13: 0.05 | F13: 238792 | G13: =+E13*F13 -> 11939.6
G14: =ROUND(SUM(G4:G13),0) -> 30234
A16: V. AU
A17: Descripción | D17: PORCENTAJE | E17: Tarifa/Hora | F17: Rendimiento | G17: Valor-Unit.
A18: ADMINISTRACIÓN | D18: =+'1.1 localizacion'!$D$35 -> 0.32 | G18: =G14*D18 -> 9674.88
A19: UTILIDADES | D19: 0.05 | G19: =G14*D19 -> 1511.7
G20: Sub-Total | H20: =+G18+G19+G14 -> 41420.58

Sheet 5.3 pintura ventanas
B1: 5.3 | C1: =+'PRESUPUESTO OFICIAL'!B30 -> PINTURA, MANTENIMIENTO Y RESTAURACIÓN DE PUERTAS Y VENTANAS | D1: =+'PRESUPUESTO OFICIAL'!C30 -> M2 | E1: =+G16 -> 21489
C2: DESCRIPCION | D2: UNIDAD | E2: CANTIDAD | F2: VALOR UNITARIO | G2: VALOR PARCIAL
C3: MATERIALES
A4: M0031 | C4: PINTURA ESMALTE ANTICORROSIVO (GALÓN) | D4: gal | E4: 0.05 | F4: 66800 | G4: =+E4*F4 -> 3340
A5: M0088 | C5: DISOLVENTE PARA PINTURA (GALÓN) | D5: gal | E5: 0.02 | F5: 14600 | G5: =+E5*F5 -> 292
A6: M0045 | C6: LIJA DE AGUA N°150 | D6: und | E6: 0.5 | F6: 1650 | G6: =+E6*F6 -> 825
A7: M0213 | C7: ESTOPA | D7: kg | E7: 0.2 | F7: 18000 | G7: =+E7*F7 -> 3600
A8: HE0002 | C8: ESTUCOR (25 KG) | D8: saco | E8: 0.3 | F8: 1316 | G8: =+E8*F8 -> 394.8
C9: EQUIPO
A10: HE0019 | C10: HERRAMIENTA MENOR | D10: %MO | E10: 0.05 | F10: =+G15 -> 11939.6 | G10: =+E10*F10 -> 596.98
A11: HE0019 | C11: ANDAMIO PLEGABLE Y/O ZANCOS | D11: día | E11: 0.1 | F11: 5000 | G11: =+E11*F11 -> 500
C12: TRANSPORTE
A13: HE0019 | C13: TRANSPORTE MATERIAL (% Tuberia) | D13: % | E13: 0.002 | F13: =+G8 -> 394.8 | G13: =+E13*F13 -> 0.7896
C14: MANO DE OBRA
A15: C1 | C15: CUADRILLA TIPO 1 (1 of + 1 Ayu) | D15: día | E15: =1/20 -> 0.05 | F15: 238792 | G15: =+E15*F15 -> 11939.6
G16: =ROUND(SUM(G4:G15),0) -> 21489
A18: V. AU
A19: Descripción | D19: PORCENTAJE | E19: Tarifa/Hora | F19: Rendimiento | G19: Valor-Unit.
A20: ADMINISTRACIÓN | D20: =+'1.1 localizacion'!$D$35 -> 0.32 | G20: =G16*D20 -> 6876.48
A21: UTILIDADES | D21: 0.05 | G21: =G16*D21 -> 1074.45
G22: Sub-Total | H22: =+G20+G21+G16 -> 29439.93

Sheet 5.4 mantenimiento ventanales
B1: 5.4 | C1: =+'PRESUPUESTO OFICIAL'!B31 -> LIMPIEZA, RESTAURACIÓN Y PINTURA DE MARCOS METÁLICOS DE VENTANALES, INCLUYE PREPARACIÓN DE SUPERFICIES, TRATAMIENTO ANTICORROSIVO Y ACABADO FINAL. | D1: =+'PRESUPUESTO OFICIAL'!C31 -> M2 | E1: =+G17 -> 101599
C2: DESCRIPCION | D2: UNIDAD | E2: CANTIDAD | F2: VALOR UNITARIO | G2: VALOR PARCIAL
C3: MATERIALES
A4: M0031 | C4: PINTURA ESMALTE ANTICORROSIVO | D4: ml | E4: 1 | F4: 18676 | G4: =+E4*F4 -> 18676
A5: M0088 | C5: DECAPANTE QUÍMICO PARA LIMPIEZA METÁLICA | D5: ml | E5: 1 | F5: 5285 | G5: =+E5*F5 -> 5285
A6: M0045 | C6: LIJA, DISOLVENTE, BROCHAS Y CONSUMIBLES | D6: und | E6: 1 | F6: 2600 | G6: =+E6*F6 -> 2600
C9: EQUIPO
A10: HE0019 | C10: HERRAMIENTA MENOR (LIJAS, BROCHAS, ETC.) | D10: m² | E10: 1 | F10: 820 | G10: =+E10*F10 -> 820
A11: HE0019 | C11: ANDAMIO COMPLETO CON RUEDAS | D11: m² | E11: 1.01 | F11: 1741 | G11: =+E11*F11 -> 1758.41
A12: HE0019 | C12: EQUIPO DE ALTURA (ARNÉS, LÍNEAS DE VIDA) | D12: m² | E12: 1 | F12: 6875 | G12: =+E12*F12 -> 6875
C13: TRANSPORTE
A14: HE0019 | C14: ACARREO EN CAMIONETA | D14: % | E14: 0.1 | F14: 24130 | G14: =+E14*F14 -> 2413
C15: MANO DE OBRA
A16: C1 | C16: CUADRILLA TIPO 8 ( 1 Ofi + 3 Ayud) | D16: día | E16: 0.15 | F16: 421142 | G16: =+E16*F16 -> 63171.3
G17: =ROUND(SUM(G4:G16),0) -> 101599
A19: V. AU
A20: Descripción | D20: PORCENTAJE | E20: Tarifa/Hora | F20: Rendimiento | G20: Valor-Unit.
A21: ADMINISTRACIÓN | D21: =+'1.1 localizacion'!$D$35 -> 0.32 | G21: =G17*D21 -> 32511.68
A22: UTILIDADES | D22: 0.05 | G22: =G17*D22 -> 5079.95
G23: Sub-Total | H23: =+G21+G22+G17 -> 139190.63

Sheet 6.1 Muro concreto
B1: 6.1 | C1: SUMINISTRO, TRANSPORTE E INSTALACIÓN DE MUROS EN CONCRETO F'C 28 MPA | D1: M3 | E1: =+G17 -> 840398
C2: DESCRIPCION | D2: UNIDAD | E2: CANTIDAD | F2: VALOR UNITARIO | G2: VALOR PARCIAL
C3: MATERIALES
A4: SA0009 | C4: CONCRETO DE 4000 PSI (28 MPA) PRODUCCIÓN | D4: gal | E4: 1.03 | F4: 719176 | G4: =+E4*F4 -> 740751.28
A5: M0104 | C5: MALLA ELECTROSOLDADA 6MM 15X15CM | D5: gal | E5: 1 | F5: 17507 | G5: =+E5*F5 -> 17507
A6: HE0013 | C6: MEZCLADORA A GASOLINA DE UN SACO | D6: gal | E6: 0.04 | F6: =+G16 -> 30174.6 | G6: =+E6*F6 -> 1206.984
A7: M0114 | C7: PUNTILLA CON CABEZA DE 2" | D7: un | E7: 0.03 | F7: 4924 | G7: =+E7*F7 -> 147.72
A8: M137 | C8: LISTON 2 X 4 | D8: día | E8: 1 | F8: =+'BASE DE DATOS'!D37 -> 6076 | G8: =+E8*F8 -> 6076
A9: IH0098 | C9: TABLA CHAPA ORDINARIO 30 CM X 2 CM X 3 M | D9: hr | E9: 0.33 | F9: =+'BASE DE DATOS'!D66 -> 24600 | G9: =+E9*F9 -> 8118
C10: EQUIPO
A11: HE0010 | C11: VIBRADOR CONCRETO | D11: Día | E11: 0.5 | F11: =+'BASE DE DATOS'!E116 -> 67264 | G11: =+E11*F11 -> 33632
C12: TRANSPORTE
A13: HE0015 | C13: TRANSPORTE MATERIAL (% Tuberia) | D13: % | E13: 0.003 | F13: =SUM(G4:G9) -> 773806.98 | G13: =+E13*F13 -> 2321.421
A14: HE0027 | C14: CORTADORA INCLUYE DISCO | D14: DIA | E14: 0.008 | F14: 57864 | G14: =+E14*F14 -> 462.912
C15: MANO DE OBRA
A16: C1 | C16: CUADRILLA TIPO 9 (1 of + 6 Ayu) | D16: día | E16: 0.05 | F16: 603492 | G16: =+E16*F16 -> 30174.6
G17: =ROUND(SUM(G4:G16),0) -> 840398
A19: V. AU
A20: Descripción | D20: PORCENTAJE | E20: Tarifa/Hora | F20: Rendimiento | G20: Valor-Unit.
A21: ADMINISTRACIÓN | D21: =+'1.1 localizacion'!$D$35 -> 0.32 | G21: =G17*D21 -> 268927.36
A22: UTILIDADES | D22: 0.05 | G22: =G17*D22 -> 42019.9
G23: Sub-Total | H23: =+G21+G22+G17 -> 1151345.3

Sheet 6.4 Antideslizante
B1: 6.4 | C1: =+'PRESUPUESTO OFICIAL'!B37 -> SUMINISTRO, TRANSPORTE E INSTALACIÓN DE CINTA-ANTIDESLIZANTE COLOR NEGRA 48MM, PARA PISOS, ESCALAS, RAMPAS Y ACCESOS INCLUYE ( TODOS LOS ACCESORIOS PARA SU CORRECTA INSTALACION,SEGÚN DISEÑO) | D1: =+'PRESUPUESTO OFICIAL'!C37 -> M2 | E1: =+G13 -> 20703
C2: DESCRIPCION | D2: UNIDAD | E2: CANTIDAD | F2: VALOR UNITARIO | G2: VALOR PARCIAL
C3: MATERIALES
A4: SA0009 | C4: CINTA ANTIDESLIZANTE DE 48MM | D4: Ml | E4: 1 | F4: 9923 | G4: =+E4*F4 -> 9923
A5: M0104 | C5: HERRAMIENTA MENOR | D5: % | E5: 0.05 | F5: 17507 | G5: =+E5*F5 -> 875.35
C6: EQUIPO
C8: TRANSPORTE
A9: HE0015 | C9: TRANSPORTE MATERIAL (% Tuberia) | D9: % | E9: 0.01 | F9: 180217 | G9: =+E9*F9 -> 1802.17
A10: HE0027 | C10: ACARREO INTERNO | D10: ACARREO INTERNO | E10: 0.325 | F10: 1824 | G10: =+E10*F10 -> 592.8
C11: MANO DE OBRA
A12: C1 | C12: =+'ANALISIS M.O'!B40 -> Cuadrilla E 1 Of + 1 Ay (jornal + prestaciones) | D12: HR | E12: 0.22 | F12: 34134 | G12: =+E12*F12 -> 7509.48
G13: =ROUND(SUM(G4:G12),0) -> 20703
A15: V. AU
A16: Descripción | D16: PORCENTAJE | E16: Tarifa/Hora | F16: Rendimiento | G16: Valor-Unit.
A17: ADMINISTRACIÓN | D17: =+'1.1 localizacion'!$D$35 -> 0.32 | G17: =G13*D17 -> 6624.96
A18: UTILIDADES | D18: 0.05 | G18: =G13*D18 -> 1035.15
G19: Sub-Total | H19: =+G17+G18+G13 -> 28363.11

Sheet 6.5 piso tablilla
B1: 6.4 | C1: SUMINISTRO, TRANSPORTE E INSTALACION PISOS EN TABLILLA DE ZAPAN Y VIGUETA DE CHANUL | D1: M2 | E1: =+G14 -> 160966
C2: DESCRIPCION | D2: UNIDAD | E2: CANTIDAD | F2: VALOR UNITARIO | G2: VALOR PARCIAL
C3: MATERIALES
A4: SA0009 | C4: TABLILLA PARA PISO | D4: UND | E4: 2.5 | F4: 42781 | G4: =+E4*F4 -> 106952.5
A5: M0104 | C5: VIGUETA CHANUL 3 MTRS | D5: ML | E5: 2.5 | F5: 11412 | G5: =+E5*F5 -> 28530
A6: M0104 | G6: =+E6*F6 -> 0
C7: EQUIPO
C8: HERRAMIENTA MENOR | D8: % | E8: 0.05 | F8: =+G13 -> 20479.14 | G8: =+E8*F8 -> 1023.957
C9: TRANSPORTE
A10: HE0015 | C10: TRANSPORTE MATERIAL | D10: % | E10: 0.015 | F10: 180217 | G10: =+E10*F10 -> 2703.255
A11: HE0027 | C11: ACARREO INTERNO | D11: ACARREO INTERNO | E11: 0.7 | F11: 1824 | G11: =+E11*F11 -> 1276.8
C12: MANO DE OBRA
A13: C1 | C13: Cuadrilla A 1 Of + 1 Ay (jornal + prestaciones) | D13: HR | E13: 0.66 | F13: 31029 | G13: =+E13*F13 -> 20479.14
G14: =ROUND(SUM(G4:G13),0) -> 160966
A16: V. AU
A17: Descripción | D17: PORCENTAJE | E17: Tarifa/Hora | F17: Rendimiento | G17: Valor-Unit.
A18: ADMINISTRACIÓN | D18: =+'1.1 localizacion'!$D$35 -> 0.32 | G18: =G14*D18 -> 51509.12
A19: UTILIDADES | D19: 0.05 | G19: =G14*D19 -> 8048.3
G20: Sub-Total | H20: =+G18+G19+G14 -> 220523.42

Sheet 6.5 Flotante tipo madera
B1: 6.4 | C1: SUMINISTRO, INSTALACIÓN Y TRANSPORTE DE PISO FLOTANTE TIPO MADERA SEGÚN DISEÑO | D1: M2 | E1: =+G15 -> 90886
C2: DESCRIPCION | D2: UNIDAD | E2: CANTIDAD | F2: VALOR UNITARIO | G2: VALOR PARCIAL
C3: MATERIALES
A4: SA0009 | C4: LÁMINA DE ESPUMA DE POLIETILENO DE 3MM DE ESPESOR BLANCO PLATESA | D4: M2 | E4: 1.1 | F4: 4327 | G4: =+E4*F4 -> 4759.7
A5: M0104 | C5: Cinta autoadhesiva para sellado de juntas. | D5: M | E5: 0.44 | F5: =2478*1.05 -> 2601.9 | G5: =+E5*F5 -> 1144.836
A6: M0104 | C6: Piso Laminado 6 mm Essen Caja 2.96 m2 Holztek | D6: M2 | E6: 1.05 | F6: 64762 | G6: =+E6*F6 -> 68000.1
A7: M0104 | C7: Adhesivo, para interiores con presencia de humedad persistente y exteriores a la intemperie. | D7: UND | E7: 0.05 | F7: =12307*1.1 -> 13537.7 | G7: =+E7*F7 -> 676.885
C8: EQUIPO
C9: HERRAMIENTA MENOR | D9: % | E9: 0.05 | F9: =+G14 -> 13247.04 | G9: =+E9*F9 -> 662.352
C10: TRANSPORTE
A11: HE0015 | C11: TRANSPORTE MATERIAL | D11: % | E11: 0.01 | F11: 180217 | G11: =+E11*F11 -> 1802.17
A12: HE0027 | C12: ACARREO INTERNO | D12: ACARREO INTERNO | E12: 0.325 | F12: 1824 | G12: =+E12*F12 -> 592.8
C13: MANO DE OBRA
A14: C1 | C14: Cuadrilla A 1 Of + 1 Ay (jornal + prestaciones) | D14: HR | E14: =0.107+0.085 -> 0.192 | F14: =39475+29520 -> 68995 | G14: =+E14*F14 -> 13247.04
G15: =ROUND(SUM(G4:G14),0) -> 90886
A17: V. AU
A18: Descripción | D18: PORCENTAJE | E18: Tarifa/Hora | F18: Rendimiento | G18: Valor-Unit.
A19: ADMINISTRACIÓN | D19: =+'1.1 localizacion'!$D$35 -> 0.32 | G19: =G15*D19 -> 29083.52
A20: UTILIDADES | D20: 0.05 | G20: =G15*D20 -> 4544.3
G21: Sub-Total | H21: =+G19+G20+G15 -> 124513.82

Sheet 6.6 Escaleras
B1: 6.6 | C1: =+'PRESUPUESTO OFICIAL'!B39 -> SUMINISTRO, TRANSPORTE E INSTALACIÓN DE ESCALERA DE ACCESO TIPO CHANUL, INCLUYE ESTRUCTURA METÁLICA DE SOPORTE, ACABADO CON LACA SELLADORA, ELEMENTOS DE FIJACIÓN Y DEMÁS ACCESORIOS REQUERIDOS PARA SU CORRECTA INSTALACIÓN Y FUNCIONAMIENTO. | D1: =+'PRESUPUESTO OFICIAL'!C37 -> M2 | E1: =+G18 -> 349346
C2: DESCRIPCION | D2: UNIDAD | E2: CANTIDAD | F2: VALOR UNITARIO | G2: VALOR PARCIAL
C3: MATERIALES
A4: SA0009 | C4: LACA SELLADOR POLIURETANO | D4: GAL | E4: 0.15 | F4: 332651 | G4: =+E4*F4 -> 49897.65
A5: M0104 | C5: PARAL SOPORTE DE CIERRE MADERA | D5: UND | E5: 1 | F5: 10424 | G5: =+E5*F5 -> 10424
A6: M0104 | C6: PARAL SOPORTE TRAMO 0.20 X 0.05 M | D6: M | E6: 1 | F6: 85575 | G6: =+E6*F6 -> 85575
A7: M0104 | C7: PASO Y CONTRAPASO SAPAN 0.30 M | D7: M | E7: 1 | F7: 118035 | G7: =+E7*F7 -> 118035
A8: M0104 | C8: PERNO DE ANCLAJE 1/2” | D8: UND | E8: 4 | F8: 600 | G8: =+E8*F8 -> 2400
A9: M0104 | C9: PLATINA DE APOYO 0.30 X 0.30 X 1/4”· | D9: UND | E9: 0.1 | F9: 76674 | G9: =+E9*F9 -> 7667.4
C10: EQUIPO
C11: HERRAMIENTA MENOR | D11: % | E11: 0.05 | F11: =+G16 -> 0 | G11: =+E11*F11 -> 0
C12: PULODORA PISOS | D12: DIA | E12: 0.1 | F12: 60624 | G12: =+E12*F12 -> 6062.4
C13: TRANSPORTE
A14: HE0015 | C14: TRANSPORTE MATERIAL | D14: % | E14: 0.01 | F14: 180217 | G14: =+E14*F14 -> 1802.17
A15: HE0027 | C15: ACARREO INTERNO | D15: ACARREO INTERNO | E15: 0.325 | F15: 1824 | G15: =+E15*F15 -> 592.8
C16: MANO DE OBRA
A17: C1 | C17: Cuadrilla A 1 Of + 1 Ay (Carpintería) | D17: HR | E17: 2 | F17: 33445 | G17: =+E17*F17 -> 66890
G18: =ROUND(SUM(G4:G17),0) -> 349346
A20: V. AU
A21: Descripción | D21: PORCENTAJE | E21: Tarifa/Hora | F21: Rendimiento | G21: Valor-Unit.
A22: ADMINISTRACIÓN | D22: =+'1.1 localizacion'!$D$35 -> 0.32 | G22: =G18*D22 -> 111790.72
A23: UTILIDADES | D23: 0.05 | G23: =G18*D23 -> 17467.3
G24: Sub-Total | H24: =+G22+G23+G18 -> 478604.02

Sheet 7.2 Vidrios
A1: FORMATO DE ANALISIS DE PRECIOS UNITARIOS-APU
A2: REPUBLICA DE COLOMBIA | E2: ANALISIS DE PRECIOS UNITARIOS
A4: OBJETO: | B4: =+'PRESUPUESTO OFICIAL'!A2 -> MEJORAMIENTO Y ADECUACIÓN DEL AUDITORIO DE LA INSTITUCIÓN EDUCATIVA MARINO GÓMEZ ESTRADA, SEDE DE LA UNIVERSIDAD DE CALDAS, EN EL MUNICIPIO DE AGUADAS, CALDAS. | G4: ITEM: | H4: 7.2
A5: DESCRIPCIÓN: | B5: =VLOOKUP(H4,'PRESUPUESTO OFICIAL'!A:F,2,0) -> #N/A | G5: UNIDAD: | H5: =VLOOKUP(H4,'PRESUPUESTO OFICIAL'!A:F,3,0) -> #N/A
A6: I.MATERIALES
A7: Descripción | D7: Tipo | E7: Tarifa/Hora | F7: Rendimiento | G7: Valor-Unit. | K7: =22850/K8 -> 54404.762
A8: VIDRIO OPALIZADO 4MM | D8: M2 | E8: =54404*1.1 -> 59844.4 | F8: 1 | G8: =+E8*F8 -> 59844.4 | K8: =0.6*0.7 -> 0.42
A9: SILICONA TUBO 280 ML | D9: UND | E9: 15367 | F9: 0.17 | G9: =+E9*F9 -> 2612.39
G11: Sub-Total | H11: =SUM(G7:G10) -> 62456.79
A12: II. EQUIPO Y HERRAMIENTAS
A13: Descripción | D13: Unidad | E13: Precio-Unit. | F13: Cantidad | G13: Valor-Unit.
A14: HERRAMIENTA MENOR | D14: Un | E14: =+H31 -> 20144.34 | F14: 0.05 | G14: =+F14*E14 -> 1007.217
A15: HERRAMIENTAS PARA ELECTRICISTA | B15: CODO 90° 1/4 CXC SANITARIO 3'' | C15: CODO 90° 1/4 CXC SANITARIO 3'' | D15: Un | E15: 307713 | F15: 0.0018 | G15: =+F15*E15 -> 553.8834
G17: Sub-Total | H17: =SUM(G14:G15) -> 1561.1004
A18: III.TRANSPORTES
A19: Material | C19: Vol-Peso ó Cant. | D19: Distancia | E19: M3-KM | F19: Tarifa | G19: Valor-Unit.
A20: EQUIPO DE TRANSPORTE | E20: 0.01 | F20: 180217 | G20: =+E20*F20 -> 1802.17
A21: ACARREO INTERNO | E21: 0.71 | F21: 1824 | G21: =+E21*F21 -> 1295.04
G23: Sub-Total | H23: =SUM(G20:G22) -> 3097.21
A24: IV. MANO DE OBRA
A25: Trabajador | C25: Jornal | D25: Prestaciones | E25: Jornal Total | F25: Rendimiento | G25: Valor-Unit.
A26: CUADRILLA ELECTRICISTA | C26: 223826 | F26: 0.09 | G26: =+C26*F26 -> 20144.34
G27: =+F27*C27 -> 0
G31: Sub-Total | H31: =SUM(G26:G30) -> 20144.34
E33: Total Costo Directo | H33: =ROUND((+H11+H17+H23+H31),4) -> 87259.44
A35: V. AU
A36: Descripción | D36: PORCENTAJE | E36: Tarifa/Hora | F36: Rendimiento | G36: Valor-Unit.
A37: ADMINISTRACIÓN | D37: =+'1.1 localizacion'!$D$35 -> 0.32 | G37: =$H$33*D37 -> 27923.021
A38: UTILIDADES | D38: =+'1.1 localizacion'!$D$36 -> 0.05 | G38: =$H$33*D38 -> 4362.972
G39: Sub-Total | H39: =SUM(G37:G38) -> 32285.993
E42: Total Costo | H42: =ROUND(H39+H33,0) -> 119545

Sheet 7.4 ceramica 
B1: 7.4 | C1: =+'PRESUPUESTO OFICIAL'!B54 -> SUMINISTRO, TRANSPORTE E INSTALACIÓN DE CERÁMICA DE PISOS PARA BAÑOS. | D1: =+'PRESUPUESTO OFICIAL'!C37 -> M2 | E1: =+G13 -> 137318
C2: DESCRIPCION | D2: UNIDAD | E2: CANTIDAD | F2: VALOR UNITARIO | G2: VALOR PARCIAL
C3: MATERIALES
A4: M0104 | C4: Cerámica 1ra calidad | D4: m2 | E4: 1.05 | F4: 79020 | G4: =+E4*F4 -> 82971
A5: M0104 | C5: Pegante de ceramica | D5: kg | E5: 8 | F5: 1120 | G5: =+E5*F5 -> 8960
A6: M0104 | C6: Boquilla | D6: kg | E6: 1 | F6: 9000 | G6: =+E6*F6 -> 9000
C7: EQUIPO
C8: HERRAMIENTA MENOR | D8: % | E8: 0.08 | F8: 33691.36 | G8: =+E8*F8 -> 2695.3088
C9: TRANSPORTE
C11: MANO DE OBRA
A12: C1 | C12: CUADRILLA TIPO 8 ( 1 Ofi + 3 Ayud) | D12: día | E12: 0.08 | F12: 421142 | G12: =+F12*E12 -> 33691.36
G13: =ROUND(SUM(G4:G12),0) -> 137318
A15: V. AU
A16: Descripción | D16: PORCENTAJE | E16: Tarifa/Hora | F16: Rendimiento | G16: Valor-Unit.
A17: ADMINISTRACIÓN | D17: =+'1.1 localizacion'!$D$35 -> 0.32 | G17: =G13*D17 -> 43941.76
A18: UTILIDADES | D18: 0.05 | G18: =G13*D18 -> 6865.9
G19: Sub-Total | H19: =+G17+G18+G13 -> 188125.66

Sheet 8.1 Tomacorriente doble
B1: 6.4 | C1: =+'PRESUPUESTO OFICIAL'!B45 -> SUMINISTRO, TRANSPORTE E INSTALACION TOMACORRIENTE DOBLE | D1: =+'PRESUPUESTO OFICIAL'!C37 -> M2 | E1: =+G16 -> 22571
C2: DESCRIPCION | D2: UNIDAD | E2: CANTIDAD | F2: VALOR UNITARIO | G2: VALOR PARCIAL
C3: MATERIALES
A4: SA0009 | C4: TOMACORRIENTE DOBLE | D4: UND | E4: 1 | F4: =14800*1.1 -> 16280 | G4: =+E4*F4 -> 16280
A5: M0104 | C5: CINTA AISLANTE 3M | D5: ROLLO | E5: 0.1 | F5: =5711*1.1 -> 6282.1 | G5: =+E5*F5 -> 628.21
A6: M0104 | C6: CAJA METÁLICA GALVANIZADA | D6: UND | E6: 1 | F6: =3347*1.1 -> 3681.7 | G6: =+E6*F6 -> 3681.7
A7: M0104 | C7: ALAMBRE COBRE N° 12 THHN AWG | D7: M2 | E7: 0.8 | F7: =1738*1.1 -> 1911.8 | G7: =+E7*F7 -> 1529.44
A8: M0104 | C8: ACCESORIOS DE FIJACIÓN | D8: UND | E8: 1 | F8: =338*1.1 -> 371.8 | G8: =+E8*F8 -> 371.8
A9: M0104
C10: EQUIPO
C11: HERRAMIENTA MENOR | D11: % | E11: 0.05 | F11: =+G14 -> 0 | G11: =+E11*F11 -> 0
C12: TRANSPORTE
C14: MANO DE OBRA
A15: C1 | C15: CUADRILLA FF TIPO 2 (1 OFICIAL + 2 AYUDANTE) (Electricas) | D15: HR | E15: 0.001 | F15: =61525*1.3 -> 79982.5 | G15: =+E15*F15 -> 79.9825
G16: =ROUND(SUM(G4:G15),0) -> 22571
A18: V. AU
A19: Descripción | D19: PORCENTAJE | E19: Tarifa/Hora | F19: Rendimiento | G19: Valor-Unit.
A20: ADMINISTRACIÓN | D20: =+'1.1 localizacion'!$D$35 -> 0.32 | G20: =G16*D20 -> 7222.72
A21: UTILIDADES | D21: 0.05 | G21: =G16*D21 -> 1128.55
G22: Sub-Total | H22: =+G20+G21+G16 -> 30922.27

Sheet 8.2 Lámpara sobreponer
B1: 6.4 | C1: =+'PRESUPUESTO OFICIAL'!B46 -> SUMINISTRO E INSTALACION BALA LED 18W SOBREPONER, 120 V LUZ BLANCA NEUTRA | D1: =+'PRESUPUESTO OFICIAL'!C37 -> M2 | E1: =+G14 -> 53612
C2: DESCRIPCION | D2: UNIDAD | E2: CANTIDAD | F2: VALOR UNITARIO | G2: VALOR PARCIAL
C3: MATERIALES
A4: SA0009 | C4: BALA LED CIRCULAR DE SOBREPONER 20W | D4: UND | E4: 1 | F4: 27900 | G4: =+E4*F4 -> 27900
A5: M0104 | C5: ALAMBRE 12AWG HFFR LS 600V 75º CT | D5: ML | E5: 4 | F5: =2182*1.35 -> 2945.7 | G5: =+E5*F5 -> 11782.8
A6: M0104 | C6: CINTA AISLANTE SCOTH | D6: ML | E6: 0.05 | F6: =20487*1.3 -> 26633.1 | G6: =+E6*F6 -> 1331.655
A7: M0104
C8: EQUIPO
C9: HERRAMIENTA MENOR | D9: % | E9: 0.05 | F9: =+G13 -> 11997.375 | G9: =+E9*F9 -> 599.86875
C10: TRANSPORTE
C12: MANO DE OBRA
A13: C1 | C13: CUADRILLA FF TIPO 2 (1 OFICIAL + 2 AYUDANTE) (Electricas) | D13: HR | E13: 0.15 | F13: =61525*1.3 -> 79982.5 | G13: =+E13*F13 -> 11997.375
G14: =ROUND(SUM(G4:G13),0) -> 53612
A16: V. AU
A17: Descripción | D17: PORCENTAJE | E17: Tarifa/Hora | F17: Rendimiento | G17: Valor-Unit.
A18: ADMINISTRACIÓN | D18: =+'1.1 localizacion'!$D$35 -> 0.32 | G18: =G14*D18 -> 17155.84
A19: UTILIDADES | D19: 0.05 | G19: =G14*D19 -> 2680.6
G20: Sub-Total | H20: =+G18+G19+G14 -> 73448.44

Sheet 8.3 Lámpara incrustar
B1: 8.3 | C1: =+'PRESUPUESTO OFICIAL'!B47 -> SUMINISTRO E INSTALACION BALA LED 18W INCRUSTAR, 120 V LUZ BLANCA NEUTRA | D1: =+'PRESUPUESTO OFICIAL'!C37 -> M2 | E1: =+G14 -> 53612
C2: DESCRIPCION | D2: UNIDAD | E2: CANTIDAD | F2: VALOR UNITARIO | G2: VALOR PARCIAL
C3: MATERIALES
A4: SA0009 | C4: BALA LED CIRCULAR DE SOBREPONER 20W | D4: UND | E4: 1 | F4: 27900 | G4: =+E4*F4 -> 27900
A5: M0104 | C5: ALAMBRE 12AWG HFFR LS 600V 75º CT | D5: ML | E5: 4 | F5: =2182*1.35 -> 2945.7 | G5: =+E5*F5 -> 11782.8
A6: M0104 | C6: CINTA AISLANTE SCOTH | D6: ML | E6: 0.05 | F6: =20487*1.3 -> 26633.1 | G6: =+E6*F6 -> 1331.655
A7: M0104
C8: EQUIPO
C9: HERRAMIENTA MENOR | D9: % | E9: 0.05 | F9: =+G13 -> 11997.375 | G9: =+E9*F9 -> 599.86875
C10: TRANSPORTE
C12: MANO DE OBRA
A13: C1 | C13: CUADRILLA FF TIPO 2 (1 OFICIAL + 2 AYUDANTE) (Electricas) | D13: HR | E13: 0.15 | F13: =61525*1.3 -> 79982.5 | G13: =+E13*F13 -> 11997.375
G14: =ROUND(SUM(G4:G13),0) -> 53612
A16: V. AU
A17: Descripción | D17: PORCENTAJE | E17: Tarifa/Hora | F17: Rendimiento | G17: Valor-Unit.
A18: ADMINISTRACIÓN | D18: =+'1.1 localizacion'!$D$35 -> 0.32 | G18: =G14*D18 -> 17155.84
A19: UTILIDADES | D19: 0.05 | G19: =G14*D19 -> 2680.6
G20: Sub-Total | H20: =+G18+G19+G14 -> 73448.44

Sheet 8.4 Interruptor sencillo
B1: 8.4 | C1: =+'PRESUPUESTO OFICIAL'!B48 -> SUMINISTRO, TRANSPORTE E INSTALACIÓN INTERRUPTOR SENCILLO | D1: =+'PRESUPUESTO OFICIAL'!C37 -> M2 | E1: =+G16 -> 13491
C2: DESCRIPCION | D2: UNIDAD | E2: CANTIDAD | F2: VALOR UNITARIO | G2: VALOR PARCIAL
C3: MATERIALES
A4: SA0009 | C4: INTERRUPTOR SENCILLO | D4: UND | E4: 1 | F4: 7200 | G4: =+E4*F4 -> 7200
A5: M0104 | C5: CINTA AISLANTE 3M | D5: ROLLO | E5: 0.1 | F5: =5711*1.1 -> 6282.1 | G5: =+E5*F5 -> 628.21
A6: M0104 | C6: CAJA METÁLICA GALVANIZADA | D6: UND | E6: 1 | F6: =3347*1.1 -> 3681.7 | G6: =+E6*F6 -> 3681.7
A7: M0104 | C7: ALAMBRE COBRE N° 12 THHN AWG | D7: M2 | E7: 0.8 | F7: =1738*1.1 -> 1911.8 | G7: =+E7*F7 -> 1529.44
A8: M0104 | C8: ACCESORIOS DE FIJACIÓN | D8: UND | E8: 1 | F8: =338*1.1 -> 371.8 | G8: =+E8*F8 -> 371.8
A9: M0104
C10: EQUIPO
C11: HERRAMIENTA MENOR | D11: % | E11: 0.05 | F11: =+G14 -> 0 | G11: =+E11*F11 -> 0
C12: TRANSPORTE
C14: MANO DE OBRA
A15: C1 | C15: CUADRILLA FF TIPO 2 (1 OFICIAL + 2 AYUDANTE) (Electricas) | D15: HR | E15: 0.001 | F15: =61525*1.3 -> 79982.5 | G15: =+E15*F15 -> 79.9825
G16: =ROUND(SUM(G4:G15),0) -> 13491
A18: V. AU
A19: Descripción | D19: PORCENTAJE | E19: Tarifa/Hora | F19: Rendimiento | G19: Valor-Unit.
A20: ADMINISTRACIÓN | D20: =+'1.1 localizacion'!$D$35 -> 0.32 | G20: =G16*D20 -> 4317.12
A21: UTILIDADES | D21: 0.05 | G21: =G16*D21 -> 674.55
G22: Sub-Total | H22: =+G20+G21+G16 -> 18482.67

Sheet 8.6 tomacorrientes canaleta
B1: 8.6 | C1: =+'PRESUPUESTO OFICIAL'!B50 -> SUMINISTRO E INSTALACIÓN DE PUNTO ELÉCTRICO PARA TOMACORRIENTE DOBLE SOBRE CANALETA INCLUYE TUBERÍA CONDUIT Y 3 CABLE N° 12, CANALETA PVC, CONDUCTORES, APARTATO 8m Y DEMÁS ELEMENTOS NECESARIOS PARA SU CORRECTA EJECUCIÓN. | D1: =+'PRESUPUESTO OFICIAL'!C37 -> M2 | E1: =+G17 -> 111993
C2: DESCRIPCION | D2: UNIDAD | E2: CANTIDAD | F2: VALOR UNITARIO | G2: VALOR PARCIAL
C3: MATERIALES
A4: SA0009 | C4: Tub. Conduit PVC. De 1/2". | D4: M | E4: 3 | F4: 2000 | G4: =+E4*F4 -> 6000
A5: M0104 | C5: Caja Rectangular Conduit Pavco 2X4" | D5: UND | E5: 1 | F5: 1800 | G5: =+E5*F5 -> 1800
A6: M0104 | C6: Adaptador Terminal Conduit PVC. 1/2" | D6: UND | E6: 1 | F6: 450 | G6: =+E6*F6 -> 450
A7: M0104 | C7: Alambre Cobre N°12 THHN Centelsa | D7: M | E7: 8 | F7: 2800 | G7: =+E7*F7 -> 22400
A8: M0104 | C8: Cinta Aislante PVC. Tesa De 18 mm. | D8: M | E8: 0.1 | F8: 3500 | G8: =+E8*F8 -> 350
A9: M0104 | C9: Canaleta plástica 20x12 mm c/tapa | D9: M | E9: 8 | F9: 4100 | G9: =+E9*F9 -> 32800
A10: M0104 | C10: Tomacorriente doble | D10: UND | E10: 1 | F10: 16280 | G10: =+E10*F10 -> 16280
C11: EQUIPO
C12: HERRAMIENTA MENOR | D12: % | E12: 0.05 | F12: =+G16 -> 30393.35 | G12: =+E12*F12 -> 1519.6675
C13: TRANSPORTE
C15: MANO DE OBRA
A16: C1 | C16: CUADRILLA FF TIPO 2 (1 OFICIAL + 2 AYUDANTE) (Electricas) | D16: HR | E16: 0.38 | F16: =61525*1.3 -> 79982.5 | G16: =+E16*F16 -> 30393.35
G17: =ROUND(SUM(G4:G16),0) -> 111993
A19: V. AU
A20: Descripción | D20: PORCENTAJE | E20: Tarifa/Hora | F20: Rendimiento | G20: Valor-Unit.
A21: ADMINISTRACIÓN | D21: =+'1.1 localizacion'!$D$35 -> 0.32 | G21: =G17*D21 -> 35837.76
A22: UTILIDADES | D22: 0.05 | G22: =G17*D22 -> 5599.65
G23: Sub-Total | H23: =+G21+G22+G17 -> 153430.41

Sheet 9. Desmonte sanitarios
B1: 9.1 | C1: =+'PRESUPUESTO OFICIAL'!B52 -> DESMONTE APARATOS SANITARIOS | D1: =+'PRESUPUESTO OFICIAL'!C37 -> M2 | E1: =+G12 -> 63961
C2: DESCRIPCION | D2: UNIDAD | E2: CANTIDAD | F2: VALOR UNITARIO | G2: VALOR PARCIAL
C3: MATERIALES
A4: M0104
C5: EQUIPO
C6: HERRAMIENTA MENOR | D6: % | E6: 0.05 | F6: 118460 | G6: =+E6*F6 -> 5923
C7: TRANSPORTE
C8: VOLQUETA 6M3 (CARGUE A MANO) | D8: VJE | E8: 0.01 | F8: 162197 | G8: =+E8*F8 -> 1621.97
C9: ACARREO INTERNO | D9: UND | E9: 2.01 | F9: 1824 | G9: =+E9*F9 -> 3666.24
C10: MANO DE OBRA
A11: C1 | C11: CUADRILLA AA TIPO 1 (1 OFICIAL + 1 AYUDANTE) (Albañileria) | D11: HR | E11: 1.7 | F11: 31029 | G11: =+E11*F11 -> 52749.3
G12: =ROUND(SUM(G4:G11),0) -> 63961
A14: V. AU
A15: Descripción | D15: PORCENTAJE | E15: Tarifa/Hora | F15: Rendimiento | G15: Valor-Unit.
A16: ADMINISTRACIÓN | D16: =+'1.1 localizacion'!$D$35 -> 0.32 | G16: =G12*D16 -> 20467.52
A17: UTILIDADES | D17: 0.05 | G17: =G12*D17 -> 3198.05
G18: Sub-Total | H18: =+G16+G17+G12 -> 87626.57

Sheet 9.2 Combo sanitarios
B1: 9.2 | C1: =+'PRESUPUESTO OFICIAL'!B53 -> SUMINISTRO E INSTALACION DE COMBO SANITARIO Y LAVAMANOS. | D1: =+'PRESUPUESTO OFICIAL'!C37 -> M2 | E1: =+G16 -> 629882
C2: DESCRIPCION | D2: UNIDAD | E2: CANTIDAD | F2: VALOR UNITARIO | G2: VALOR PARCIAL
C3: MATERIALES
A4: M0104 | C4: Combo Sanitario y lavamanos con pedestal | D4: Unidad | E4: 1 | F4: 450000 | G4: =+E4*F4 -> 450000
A5: M0104 | C5: Acople sanitario plástico 1/2" | D5: Unidad | E5: 1 | F5: 7038 | G5: =+E5*F5 -> 7038
A6: M0104 | C6: Desague sencillo cromado | D6: Unidad | E6: 1 | F6: 17552.4 | G6: =+E6*F6 -> 17552.4
A7: M0104 | C7: Sifón botella PVC 1 1/2" | D7: Unidad | E7: 1 | F7: 10468.8 | G7: =+E7*F7 -> 10468.8
A8: M0104 | C8: Cinta teflón 1/2 x10m | D8: Unidad | E8: 0.25 | F8: 1617.6 | G8: =+E8*F8 -> 404.4
A9: M0104 | C9: Cemento blanco | D9: Kg | E9: 0.5 | F9: 2154 | G9: =+E9*F9 -> 1077
C10: EQUIPO
C11: HERRAMIENTA MENOR | D11: % | E11: 0.05 | F11: =+G15 -> 128092.57 | G11: =+E11*F11 -> 6404.6286
C12: TRANSPORTE
C13: CAMIONETA | D13: HR | E13: 0.2 | F13: 44220 | G13: =+E13*F13 -> 8844
C14: MANO DE OBRA
A15: C1 | C15: CUADRILLA PLOMERÍA | D15: HR | E15: 0.526 | F15: 243522 | G15: =+E15*F15 -> 128092.57
G16: =ROUND(SUM(G4:G15),0) -> 629882
A18: V. AU
A19: Descripción | D19: PORCENTAJE | E19: Tarifa/Hora | F19: Rendimiento | G19: Valor-Unit.
A20: ADMINISTRACIÓN | D20: =+'1.1 localizacion'!$D$35 -> 0.32 | G20: =G16*D20 -> 201562.24
A21: UTILIDADES | D21: 0.05 | G21: =G16*D21 -> 31494.1
G22: Sub-Total | H22: =+G20+G21+G16 -> 862938.34

Sheet 9.3 ceramica baño 
B1: 9.3 | C1: =+'PRESUPUESTO OFICIAL'!B54 -> SUMINISTRO, TRANSPORTE E INSTALACIÓN DE CERÁMICA DE PISOS PARA BAÑOS. | D1: =+'PRESUPUESTO OFICIAL'!C37 -> M2 | E1: =+G13 -> 86057
C2: DESCRIPCION | D2: UNIDAD | E2: CANTIDAD | F2: VALOR UNITARIO | G2: VALOR PARCIAL
C3: MATERIALES
A4: M0104 | C4: Cerámica para baños | D4: m2 | E4: 1.05 | F4: 30200 | G4: =+E4*F4 -> 31710
A5: M0104 | C5: Pegante de ceramica | D5: kg | E5: 8 | F5: 1120 | G5: =+E5*F5 -> 8960
A6: M0104 | C6: Boquilla | D6: kg | E6: 1 | F6: 9000 | G6: =+E6*F6 -> 9000
C7: EQUIPO
C8: HERRAMIENTA MENOR | D8: % | E8: 0.08 | F8: 33691.36 | G8: =+E8*F8 -> 2695.3088
C9: TRANSPORTE
C11: MANO DE OBRA
A12: C1 | C12: CUADRILLA TIPO 8 ( 1 Ofi + 3 Ayud) | D12: día | E12: 0.08 | F12: 421142 | G12: =+F12*E12 -> 33691.36
G13: =ROUND(SUM(G4:G12),0) -> 86057
A15: V. AU
A16: Descripción | D16: PORCENTAJE | E16: Tarifa/Hora | F16: Rendimiento | G16: Valor-Unit.
A17: ADMINISTRACIÓN | D17: =+'1.1 localizacion'!$D$35 -> 0.32 | G17: =G13*D17 -> 27538.24
A18: UTILIDADES | D18: 0.05 | G18: =G13*D18 -> 4302.85
G19: Sub-Total | H19: =+G17+G18+G13 -> 117898.09

Sheet BASE DE DATOS
A1: BASE DE DATOS PERSONAL/MATERIALES/EQUIPOS
A2: DESCRIPCIÓN | B2: UNIDAD | C2: CANTIDAD | D2: VALOR UNITARIO | H2: IPC 2024
A3: AYUDANTE | B3: Día | C3: 1 | D3: =+'ANALISIS M.O'!F29 -> 58364 | H3: 0.051
A4: AYUDANTE PRÁCTICO | B4: Día | C4: 1 | D4: =+'ANALISIS M.O'!F30 -> 81709
A5: OFICIAL | B5: Día | C5: 1 | D5: =+'ANALISIS M.O'!F31 -> 105054
A6: CADENERO 1 | B6: Día | C6: 1 | D6: =+'ANALISIS M.O'!F32 -> 87545
A7: CADENERO 2 | B7: Día | C7: 1 | D7: =+'ANALISIS M.O'!F33 -> 58364
A8: LINIERO CAT 1 | B8: Día | C8: 1 | D8: =+'ANALISIS M.O'!F34 -> 163418
A9: LINIERO CAT 2 | B9: Día | C9: 1 | D9: =+'ANALISIS M.O'!F35 -> 105054
A10: MAESTRO DE OBRA | B10: Día | C10: 1 | D10: =+'ANALISIS M.O'!F36 -> 175091
A11: OPERADOR DE MAQUINARIA | B11: Día | C11: 1 | D11: =+'ANALISIS M.O'!F37 -> 116727
A12: TOPÓGRAFO | B12: Día | C12: 1 | D12: =+'ANALISIS M.O'!F38 -> 204272
A13: PROFESIONAL EN SALUD OCUPACIONAL | B13: Día | C13: 1 | D13: =+'ANALISIS M.O'!F39 -> 163418
A14: CUADRILLA E 1 OF + 1 AY (JORNAL + PRESTACIONES) | B14: Día | C14: 1 | D14: =+'ANALISIS M.O'!F40 -> 163418
A15: CUADRILLA G 1 OF + 2 AY (JORNAL + PRESTACIONES) | B15: Día | C15: 1 | D15: =+'ANALISIS M.O'!F41 -> 221782
... A21: CUADRILLA H 4 AY (JORNAL + PRESTACIONES) | B21: Día | C21: 1 | D21: =+'ANALISIS M.O'!F47 -> 233456
A23: ESTACA | B23: Un | C23: 1 | D23: =ROUND(H23*(1+$H$3),0) -> 1658 | H23: 1578
A24: PINTURA EN VINILO | B24: 1/4 GLN | C24: 1 | D24: =ROUND(H24*(1+$H$3),0) -> 27641 | H24: 26300
A25: CINTA DE SEÑALIZACIÓN | B25: ml | C25: 1 | D25: =ROUND(H25*(1+$H$3),0) -> 221 | H25: 210
A26: PLASTICO | B26: M2 | C26: 1 | D26: =ROUND(H26*(1+$H$3),0) -> 4975 | H26: 4734
A27: HILO | B27: Rollo | C27: 1 | D27: =ROUND(H27*(1+$H$3),0) -> 16585 | H27: 15780
A28: TELA YUTE H=2 | B28: ML | C28: 1 | D28: =ROUND(H28*(1+$H$3),0) -> 3870 | H28: 3682
A29: BOMBONES EN GUADUA | B29: UN | C29: 1 | D29: =ROUND(H29*(1+$H$3),0) -> 4423 | H29: 4208
A30: AGUA | B30: LT | C30: 1 | D30: =ROUND(H30*(1+$H$3),0) -> 110 | H30: 105
A31: MATERIAL DE BASE GRANULAR | B31: M3 | C31: 1 | D31: =ROUND(H31*(1+$H$3),0) -> 93980 | H31: 89420
A32: AFIRMADO | B32: M3 | C32: 1 | D32: =ROUND(H32*(1+$H$3),0) -> 60753 | H32: 57805
A33: CEMENTO | B33: KG | C33: 1 | D33: =ROUND(H33*(1+$H$3),0) -> 807 | H33: 768
A34: ARENA | B34: M3 | C34: 1 | D34: =ROUND(H34*(1+$H$3),0) -> 99414 | H34: 94590
A35: TRITURADO | B35: M3 | C35: 1 | D35: =ROUND(H35*(1+$H$3),0) -> 104937 | H35: 99845
A36: DURMIENTE 4X4 | B36: ML | C36: 1 | D36: 4760 | H36: 5781
A37: LISTON EN AMARILLO 8 x.2.2 x3 | B37: ML | C37: 1 | D37: =ROUND(H37*(1+$H$3),0) -> 6076 | H37: 5781
A38: PUNTILLA | B38: LB | C38: 1 | D38: =ROUND(H38*(1+$H$3),0) -> 12151 | H38: 11561
A39: ANTISOL BLANCO (presentación 20 Kg) | B39: KG | C39: 1 | D39: =ROUND(H39*(1+$H$3),0) -> 3870 | H39: 3682
A40: VARILLON ESQUELETAR SAJO | B40: ML | C40: 1 | D40: =ROUND(H40*(1+$H$3),0) -> 7180 | H40: 6832
A41: ACERO DE REFUERZO | B41: KG | C41: 1 | D41: =ROUND(H41*(1+$H$3),0) -> 7740 | H41: 7364
A42: TABLA FORMALETA | B42: ML | C42: 1 | D42: =ROUND(H42*(1+$H$3),0) -> 160320 | H42: 152540
A43: PINTURA ACRILICA PURA AMARILLA PARA TRAFICO | B43: GL | C43: 1 | D43: =ROUND(H43*(1+$H$3),0) -> 160320 | H43: 152540
A44: PINTURA ACRILICA PURA NEGRA PARA TRAFICO | B44: GL | C44: 1 | D44: =ROUND(H44*(1+$H$3),0) -> 27641 | H44: 26300
A45: DISOLVENTE (3%) tiner | B45: GL | C45: 1 | D45: =ROUND(H45*(1+$H$3),0) -> 13255 | H45: 12612
A46: ALAMBRE | B46: KG | C46: 1 | D46: =ROUND(H46*(1+$H$3),0) -> 16585 | H46: 15780
A47: SOLDADURA 6/13 | B47: KG | C47: 1 | D47: =ROUND(H47*(1+$H$3),0) -> 9398 | H47: 8942
A48: GRASA O LUBRICANTE | B48: LB | C48: 1 | D48: =ROUND(H48*(1+$H$3),0) -> 19902 | H48: 18936
... A60: RESINA TERMOPLÁSTICA | B60: GL | C60: 1 | D60: =ROUND(H60*(1+$H$3),0) -> 210200 | H60: 200000
A61: PLATINA L 0.90X0.10M X 1/4" | B61: UN | C61: 1 | D61: 71100
A62: COLUMNA DE MADERA CHANUL 12X12CM | B62: ML | C62: 1 | D62: 28900
A63: VIGUETA DE MADERA CHANUL 12X4CM | B63: ML | C63: 1 | D63: 10500
A64: VIGUETA CHANUL 3M | B64: UN | C64: 1 | D64: 11412
A65: VIGA CHANUL 20X20XM X 3M | B65: UN | C65: 1 | D65: 349600
A66: TABLA CHANUL 3M | B66: UN | C66: 1 | D66: 24600
A67: CUARTON CHANUL 3M | B67: Un | C67: 1 | D67: 24300
A68: PERNO GRADO 6 | B68: UN | C68: 1 | D68: 3600
A69: TORNILLO ESTRUCTURAL DRYWALL 8X12" | B69: UN | C69: 1 | D69: 50
A70: ESMALTE SINTÉTICO 3 EN 1 | B70: GAL | C70: 1 | D70: 118900
A71: WASH PRIMER COMPONENTE A | B71: GAL | C71: 1 | D71: 39100
A72: WASH PRIMER COMPONENTE B | B72: GAL | C72: 1 | D72: 26450
... A105: FIBRA DE VIDRIO FRESCASA DE 3 1/2" | B105: M2 | C105: 1 | D105: 14850
A107: EQUIPO DE TOPOGRAFIA | B107: Hr | C107: 1 | D107: =ROUND(H107*(1+$H$3),0) -> 157650 | H107: 150000
A108: COMPRESOR 120 HP, CON MARTILLO (INCLUYE TRANSPORTE DEL EQUIPO) | B108: Hr | C108: 1 | D108: =ROUND(H108*(1+$H$3),0) -> 189180 | H108: 180000
A109: MOTONIVELADORA POTENCIA 215 HP, ANCHO DE CUCHILLA 4,27 M, PESO 18 TON.(INCLUYE OPERADOR Y TRANSPORTE DEL EQUIPO) | B109: Hr | C109: 1 | D109: =ROUND(H109*(1+$H$3),0) -> 210200 | H109: 200000
A110: VIBROCOMPACTADOR, POTENCIA 153 HP, PESO 10 TON. (INCLUYE OPERADOR Y TRANSPORTE DEL EQUIPO) | B110: Hr | C110: 1 | D110: =ROUND(H110*(1+$H$3),0) -> 157650 | H110: 150000
A111: CARROTANQUE DE AGUA 10000 LITROS.(INCLUYE OPERADOR Y TRANSPORTE DEL EQUIPO) | B111: Hr | C111: 1 | D111: =ROUND(H111*(1+$H$3),0) -> 131375 | H111: 125000
A112: CARGADOR : POTENCIA EN EL VOLANTE 125 HP, CLASIFICACIÓN DE RPM DEL MOTOR 2300.(INCLUYE OPERADOR Y TRANSPORTE DEL EQUIPO) | B112: Hr | C112: 1 | D112: =ROUND(H112*(1+$H$3),0) -> 131375 | H112: 125000
A113: VOLQUETA | B113: Hr | C113: 1 | D113: =ROUND(H113*(1+$H$3),0) -> 92593 | H113: 88100
A114: VIBRADOR TIPO RANA | B114: Hr | C114: 1 | D114: =ROUND(H114*(1+$H$3),0) -> 7357 | H114: 7000
A115: CONCRETADORA 1 SACO | B115: Hr | C115: 1 | D115: =ROUND(H115*(1+$H$3),0) -> 9985 | H115: 9500
A116: VIBRADOR DE CONCRETO | B116: Hr | C116: 1 | D116: =ROUND(H116*(1+$H$3),0) -> 8408 | E116: =+D116*8 -> 67264 | H116: 8000
A117: REGLA VIBRATORIA A GASOLINA | B117: Hr | C117: 1 | D117: =ROUND(H117*(1+$H$3),0) -> 14714 | H117: 14000
A118: FORMALETA METALICA | B118: UN | C118: 1 | D118: =ROUND(H118*(1+$H$3),0) -> 4730 | H118: 4500
A119: CIZALLA | B119: Hr | C119: 1 | D119: =ROUND(H119*(1+$H$3),0) -> 631 | H119: 600
A120: EQUIPO DE CORTE | B120: Hr | C120: 1 | D120: =ROUND(H120*(1+$H$3),0) -> 9459 | H120: 9000
A121: MAQUINA DE SELLADO | B121: Hr | C121: 1 | D121: =ROUND(H121*(1+$H$3),0) -> 3153 | H121: 3000
A122: CAMIONETA D300 | B122: Hr | C122: 1 | D122: =ROUND(H122*(1+$H$3),0) -> 42040 | H122: 40000
A123: EQUIPO AUTOPROPULSADO PARA PINTURA TERMOPLÁSTICA | B123: Hr | C123: 1 | D123: =ROUND(H123*(1+$H$3),0) -> 84080 | H123: 80000
A124: CEPILLO TEXTURIZADOR DE CONCRETO | B124: Hr | C124: 1 | D124: =ROUND(H124*(1+$H$3),0) -> 6306 | H124: 6000
A125: REJA SUMIDERO DOBLE | B125: UN | C125: 1 | D125: =ROUND(H125*(1+$H$3),0) -> 472950 | H125: 450000
A126: GEOTEXTIL TEJIDO 2400 | B126: M2 | C126: 1 | D126: =ROUND(H126*(1+$H$3),0) -> 7567 | H126: 7200
A127: CEPA DE GUADUA | B127: UN | C127: 1 | D127: =ROUND(H127*(1+$H$3),0) -> 15765 | H127: 15000
A128: GRAPAS | B128: CAJA | C128: 1 | D128: =ROUND(H128*(1+$H$3),0) -> 21020 | H128: 20000
A129: Tuberia de Drenaje de 4 Pulgadas Drainpipe | B129: ML | C129: 1 | D129: =ROUND(H129*(1+$H$3),0) -> 26275 | H129: 25000
A130: ANDAMIO METÁLICO | B130: Hr | C130: 1 | D130: 450
A131: SOPLETE GAS CON GATILLOO QUEMADOR 25-35-50MM | B131: Hr | C131: 1 | D131: 5500
A133: SEÑAL PREVENTIVA | B133: UN | C133: 1 | D133: =ROUND(H133*(1+$H$3),0) -> 169830 | H133: 161589.37
A134: VALLA INSTITUCIONAL 2x4 | B134: UN | C134: 1 | D134: =ROUND(H134*(1+$H$3),0) -> 777873 | H134: 740126.44
A135: VOLQUETA Y DISPOSICIÓN FINAL DE MATERIAL | B135: Hr | C135: 1 | D135: =ROUND(H135*(1+$H$3),0) -> 208741 | H135: 198611.77
A136: TUBERIA NOVAFORT 12" | B136: ML | C136: 1 | D136: =ROUND(H136*(1+$H$3),0) -> 142649 | H136: 135727
A137: FORMALETA CIRCULAR | B137: Hr | C137: 1 | D137: =ROUND(H137*(1+$H$3),0) -> 36785 | H137: 35000
A138: CONCRETO 3000 P.S.I | B138: M3 | C138: 1 | D138: =ROUND(H138*(1+$H$3),0) -> 937662 | H138: 892162
A139: MORTERO 1:4 | B139: M3 | C139: 1 | D139: 436656
A140: TAPA EN HF | B140: UN | C140: 1 | D140: =ROUND(H140*(1+$H$3),0) -> 754115 | H140: 717521.15
A141: TUBERIA NOVAFORT 6" | B141: ML | C141: 1 | D141: =ROUND(H141*(1+$H$3),0) -> 47480 | H141: 45176
A142: SILLA Y DE 12"X6" | B142: UN | C142: 1 | D142: =ROUND(H142*(1+$H$3),0) -> 230119 | H142: 218952
A143: ADHESIVO ACONDICIONADOR | B143: CUARTO | C143: 1 | D143: =ROUND(H143*(1+$H$3),0) -> 104947 | H143: 99854
A144: TUBERIA NOVAFORT 10" | B144: ML | C144: 1 | D144: =ROUND(H144*(1+$H$3),0) -> 99133 | H144: 94323
A145: TUBERIA DE 2" UNION MECANICA | B145: ML | C145: 1 | D145: =ROUND(H145*(1+$H$3),0) -> 16067 | H145: 15287
A146: MANGUERA PF+UAD DE 1/2" | B146: ML | C146: 1 | D146: =ROUND(H146*(1+$H$3),0) -> 3078 | H146: 2929
A147: COLLAR DE DEREVACION DE 2" A 1/2" | B147: UN | C147: 1 | D147: =ROUND(H147*(1+$H$3),0) -> 18530 | H147: 17631
A148: ADAPTADOR MACHO PF +UAD DE 1/2" | B148: UN | C148: 1 | D148: =ROUND(H148*(1+$H$3),0) -> 3084 | H148: 2934
A149: CRUZ HD DE 2" POR 2" | B149: UN | C149: 1 | D149: =ROUND(H149*(1+$H$3),0) -> 131375 | H149: 125000
A150: MATERIAL DE subBASE GRANULAR | B150: M3 | C150: 1 | D150: =ROUND(H150*(1+$H$3),0) -> 89335 | H150: 85000
A151: TELERA DE SAJO 0,2x0,4x3M | B151: ML | C151: 1 | D151: =ROUND(H151*(1+$H$3),0) -> 10424 | H151: 9918
...

Sheet PRESUPUESTO OFICIAL
A1: ALCALDIA DE AGUADAS
A2: MEJORAMIENTO Y ADECUACIÓN DEL AUDITORIO DE LA INSTITUCIÓN EDUCATIVA MARINO GÓMEZ ESTRADA, SEDE DE LA UNIVERSIDAD DE CALDAS, EN EL MUNICIPIO DE AGUADAS, CALDAS.
A3: ITEM | B3: ACTIVIDAD | C3: UNIDAD | D3: CANTIDAD | E3: VR. UNITARIO | F3: VR TOTAL
A4: 1 | B4: PRELIMINARES | F4: =ROUNDUP(SUM(F5:F8),0) -> 5707216
A5: 1.1 | B5: LOCALIZACIÓN Y REPLANTEO | C5: M2 | D5: =+'1,1'!K27 -> 260.48 | E5: =+'1.1 localizacion'!H40 -> 7656 | F5: =D5*E5 -> 1994234.9
A6: 1.2 | B6: SUMINISTRO, TRANSPORTE E INSTALACIÓN DE VALLA INFORMATIVA GENERAL DEL PROYECTO 2x4MTS | C6: UND | D6: =+'1,2'!K28 -> 1 | E6: 1128314.6 | F6: =D6*E6 -> 1128314.6
A7: 1.3 | B7: SUMINISTRO, TRANSPORTE E INSTALACIÓN DE SEÑAL PREVENTIVA, REGLAMENTARIA E INFORMATIVA | C7: UND | D7: 5 | E7: =+'1.3 señal '!H42 -> 277928 | F7: =D7*E7 -> 1389640
A8: 1.4 | B8: SUMINISTRO, TRANSPORTE E INSTALACION BARRERA CON BOMBONES PLÁSTICOS, CINTA DE SEGURIDAD Y YUTE PARA CERRAMIENTO | C8: ML | D8: ='1,4'!K28 -> 67.68 | E8: =+'1.4 Cerramiento '!H43 -> 17657 | F8: =D8*E8 -> 1195025.8
A9: 2 | B9: DESMONTES | F9: =ROUNDUP(SUM(F10:F13),0) -> 13750234
A10: 2.1 | B10: DESMONTE DE CUBIERTA EN LÁMINA DE FIBROCEMENTO. INCLUYE RETIRO | C10: M2 | D10: ='2,1'!K27 -> 269.81 | E10: =+'2.1 Desmonte teja'!H44 -> 24233 | F10: =D10*E10 -> 6538305.7
A11: 2.2 | B11: DESMONTE CIELO RASO (INCLUYE RETIRO) | C11: M2 | D11: =+'2,2'!K28 -> 260.48 | E11: =+'2.2 Desmonte cielo raso'!H43 -> 18455 | F11: =D11*E11 -> 4807158.4
A12: 2.3 | B12: DESMONTE DE PISOS O PAREDES EN MADERA; INCLUYE ESTRUCTURA DE SOPORTE | C12: M2 | D12: =+'2,3'!K28 -> 65.87 | E12: =+'2.3 Desmonte Madera'!H40 -> 17311 | F12: =D12*E12 -> 1140275.6
A13: 2.4 | B13: DEMOLICIÓN MANUAL DE ENCHAPE O PAÑETE | C13: M2 | D13: =+'2,4'!K28 -> 54.78 | E13: =+'2.4 demolición ceramica'!H19 -> 23083.13 | F13: =D13*E13 -> 1264493.9
A14: 3 | B14: CUBIERTA | F14: =ROUNDUP(SUM(F15:F20),0) -> 60329111
A15: 3.1. | B15: SUMINISTRO, TRANSPORTE E INSTALACIÓN DE TEJA TERMOACÚSTICA TIPO CINDURIB O SIMILAR, A=0.82 M, INCLUYE ACCESORIOS DE FIJACIÓN. | C15: M2 | D15: =+'3,1'!K28 -> 286.53 | E15: =+'3.1. Teja termoacustica'!H44 -> 138909 | F15: =D15*E15 -> 39801596
A16: 3.2 | B16: SUMINISTRO, TRANSPORTE E INSTALACION CABALLETE TEJA TERMOACÚSTICA CINDULIT / CINDURIB O SIMILAR. COLOR SEGÚN DISEÑO | C16: ML | D16: =+'3,2'!K28 -> 23.1 | E16: =+'3.2 Caballete termo'!H44 -> 90919 | F16: =D16*E16 -> 2100228.9
A17: 3.3 | B17: SUMINISTRO, TRANSPORTE E INSTALACION IMPERMEABILIZACION Tipo Manto Morter Plas AL-80 de 3.5 mm con foil de aluminio o Similar. INCLUYE (Canales y/o cubiertas planas, incluye media cañas, remates, pintura bituminosa) | C17: M2 | D17: =+'3,3'!K28 -> 95.1 | E17: =+'3.3 Impermiabiliazación'!H42 -> 72922 | F17: =D17*E17 -> 6934882.2
A18: 3.4 | B18: SUMINISTRO, TRANSPORTE E INSTALACION CANAL EN LAMINA GALVANIZADA CAL .20 D/ 0.60 M. (SUMINISTRO E INSTALACIÓN CON WASH PRIMER + ESMALTE + ANCLAJE A MURO + SILICONA) | C18: ML | D18: =+'3,4'!K28 -> 23.68 | E18: =+'3.4 Canal'!H46 -> 131234 | F18: =D18*E18 -> 3107621.1
A19: 3.5 | B19: SUMINISTRO, TRANSPORTE E INSTALACION BAJANTE AGUAS LLUVIAS PVC 3" (INCLUYE CODO, UNION Y ACCESORIOS DE FIJACION) | C19: ML | D19: =+'3,5'!K27 -> 75 | E19: =+'3.5 Bajante'!H46 -> 53823 | F19: =D19*E19 -> 4036725
A20: 3.6 | B20: RECORRIDO DE CUBIERTA | C20: M2 | D20: =+'3,6'!K27 -> 149.84 | E20: =+'3.6 Recorrido cubierta'!H44 -> 29018 | F20: =D20*E20 -> 4348057.1
A21: 4 | B21: CIELO RASO | F21: =ROUNDUP(SUM(F22:F26),0) -> 44526633
A22: 4.1 | B22: SUMINISTRO E INSTALACION DE CIELO RASO EN PVC. INCLUYE ESTRUCTURA Y DEMAS ELEMENTOS DE FIJACION | C22: M2 | D22: =+'4,1'!K27 -> 63.72 | E22: =+'4.1 cielo raso pvc'!H45 -> 139784 | F22: =D22*E22 -> 8907036.5
A23: 4.2 | B23: SUMINISTRO, TRANSPORTE E INSTALACIÓN DE PANEL LED 60X60 cm 38W | C23: UND | D23: =+'4,2'!K28 -> 20 | E23: =+'4.2 luminarias'!H42 -> 235909 | F23: =D23*E23 -> 4718180
A24: 4.3 | B24: PUNTO ELÉCTRICO INCLUYE TUBERÍA CONDIUT, 3 CABLE AWG N°12 Y CAJA OCTAGONAL | C24: UND | D24: =+'4,3'!K27 -> 5 | E24: =+'4.3 Puntos eléctricos'!F36 -> 176373.8 | F24: =D24*E24 -> 881869
A25: =+A24+0.1 -> 4.4 | B25: SUMINISTRO, TRANSPORTE E INSTALACIÓN CIELO RASO EN LÁMINA TRIPLEX 3.22MM X 1.22X2.44M. INCLUYE PERFILERIA Y ANCLAJES PARA FIJACIÓN Y PINTURA | C25: M2 | D25: =+'4,4'!K27 -> 286.53 | E25: =+'4.4 Triplex'!H49 -> 77449.611 | F25: =D25*E25 -> 22191637
A26: =+A25+0.1 -> 4.5 | B26: SUMINISTRO, TRANSPORTE E INSTALACION FIBRA DE VIDRIO TIPO FRESCASA e=3 1/2" sin papel | C26: M2 | D26: =+'4,5'!K27 -> 286.53 | E26: =+'4.5 frescasa'!H43 -> 27319.687 | F26: =D26*E26 -> 7827909.8
A27: 5 | B27: PINTURA | F27: =ROUNDUP(SUM(F28:F31),0) -> 58561793
A28: =+A27+0.1 -> 5.1 | B28: SUMINISTRO, TRANSPORTE E INSTALACION ESTUCO Y PINTURA TIPO KORAZA O SIMILAR 3 MANOS INTERNA (INCLUYE ESTUCO, 1 MANO EN PINTURA TIPO 2 Y DOS MANOS EN PINTURA TIPO KORAZA O SIMILAR, FILOS Y DILATACIONES). | C28: M2 | D28: =+'5.1'!K27 -> 463.4 | E28: =+'5.1 pintura exterior'!H21 -> 54272.55 | F28: =D28*E28 -> 25149900
A29: =+A28+0.1 -> 5.2 | B29: SUMINISTRO E INSTALACIÓN DE ESTUCO Y PINTURA PARA INTERIOR 3 MANOS. (INCLUYE ESTUCO, UNA MANO EN PINTURA TIPO 2 Y DOS MANOS EN PINTURA TIPO 1, FILOS Y DILATACIONES). COLOR BLANCO SEGÚN DISEÑO. INCLUYE MATERIALES, EQUIPOS, HERRAMIENTA Y MANO DE OBRA NECESARIOS PARA LA EJECUCIÓN DE LA ACTIVIDAD | C29: M2 | D29: =+'5.2'!K34 -> 736.62 | E29: =+'5.2 Pintura interior'!H20 -> 41420.58 | F29: =D29*E29 -> 30511228
A30: =+A29+0.1 -> 5.3 | B30: PINTURA, MANTENIMIENTO Y RESTAURACIÓN DE PUERTAS Y VENTANAS | C30: M2 | D30: =+'5.3'!K23 -> 34.89 | E30: =+'5.3 pintura ventanas'!H22 -> 29439.93 | F30: =D30*E30 -> 1027159.2
A31: =+A30+0.1 -> 5.4 | B31: LIMPIEZA, RESTAURACIÓN Y PINTURA DE MARCOS METÁLICOS DE VENTANALES, INCLUYE PREPARACIÓN DE SUPERFICIES, TRATAMIENTO ANTICORROSIVO Y ACABADO FINAL. | C31: M2 | D31: =+'5.4'!K22 -> 13.46 | E31: =+'5.4 mantenimiento ventanales'!H23 -> 139190.63 | F31: =D31*E31 -> 1873505.9
A32: 6 | B32: TARIMA | F32: =ROUNDUP(SUM(F33:F39),0) -> 90433592
A33: =+A32+0.1 -> 6.1 | B33: SUMINISTRO, TRANSPORTE E INSTALACIÓN DE MUROS EN CONCRETO F'C 28 MPA | C33: M3 | D33: =+'6.1'!K22 -> 43.78 | E33: =+'6.1 Muro concreto'!H23 -> 1151345.3 | F33: =D33*E33 -> 50405895
A34: =+A33+0.1 -> 6.2 | B34: PERFIL METÁLICO C 100X50X2.0 MM | C34: M2 | D34: =+'6.2'!K22 -> 110.16 | E34: 73823.4 | F34: =D34*E34 -> 8132385.7
A35: =+A34+0.1 -> 6.3 | B35: PLACA EN METALDECK DE 3" CAL. 22, CONCRETO DE 20.7 MPA | C35: M2 | D35: =+'6.3'!K22 -> 65.54 | E35: 279788.85 | F35: =D35*E35 -> 18337361
A36: 6.4 | B36: SUMINISTRO, TRANSPORTE E INSTALACION CERÁMICA DE PISO TIPO NACIONAL. ALFA O SIMILAR. (INCLUYE MORTERO DE NIVELACIÓN Y DILATACIÓN EN PVC) | C36: M2 | D36: =+'6.4'!K22 -> 20.72 | E36: 226289.7 | F36: =D36*E36 -> 4688722.6
A37: =+A36+0.1 -> 6.5 | B37: SUMINISTRO, TRANSPORTE E INSTALACIÓN DE CINTA-ANTIDESLIZANTE COLOR NEGRA 48MM, PARA PISOS, ESCALAS, RAMPAS Y ACCESOS INCLUYE ( TODOS LOS ACCESORIOS PARA SU CORRECTA INSTALACION,SEGÚN DISEÑO) | C37: M2 | D37: =+'6.5'!K22 -> 88 | E37: =+'6.4 Antideslizante'!H19 -> 28363.11 | F37: =D37*E37 -> 2495953.7
A38: =+A37+0.1 -> 6.6 | B38: SUMINISTRO, TRANSPORTE E INSTALACION PISOS EN TABLILLA DE ZAPAN Y VIGUETA DE CHANUL | C38: M2 | D38: =+'6.6'!K22 -> 23.54 | E38: =+'6.5 piso tablilla'!H20 -> 220523.42 | F38: =D38*E38 -> 5191121.3
A39: =+A38+0.1 -> 6.7 | B39: SUMINISTRO, TRANSPORTE E INSTALACIÓN DE ESCALERA DE ACCESO TIPO CHANUL, INCLUYE ESTRUCTURA METÁLICA DE SOPORTE, ACABADO CON LACA SELLADORA, ELEMENTOS DE FIJACIÓN Y DEMÁS ACCESORIOS REQUERIDOS PARA SU CORRECTA INSTALACIÓN Y FUNCIONAMIENTO. | C39: M2 | D39: =+'6.7'!K22 -> 2.47 | E39: =+'6.6 Escaleras'!H24 -> 478604.02 | F39: =D39*E39 -> 1182151.9
A40: 7 | B40: PUERTAS Y OTROS | F40: =ROUNDUP(SUM(F41:F43),0) -> 13059970
A41: =+A40+0.1 -> 7.1 | B41: SUMINISTRO, TRANSPORTE E INSTALACION PUERTA ENTAMBORADA EN LAMINA TRIPLEX OKUME - TIPO PIZANO OKUMÉ O SIMILAR. ANCHO: 0,76 A 1,10 M. ALTO: 1,80 A 2,40 M. HOJA LISA CON MARQUETE CAPACANTO OKUMÉ. ACABADO: TINTILLA, SELLADOR (MÍNIMO 6 MANOS) Y LACA SEGÚN DISEÑO. (INCLUYE BISAGRAS). | C41: UND | D41: =+'7.1'!K27 -> 4 | E41: 1356032.2 | F41: =D41*E41 -> 5424128.8
A42: =+A41+0.1 -> 7.2 | B42: SUMINISTRO, TRANSPORTE E INSTALACIÓN VIDRIO OPALIZADO 4MM | C42: M2 | D42: =+'7.2'!K25 -> 33.99 | E42: =+'7.2 Vidrios'!H42 -> 119545 | F42: =D42*E42 -> 4063334.6
A43: =+A42+0.1 -> 7.3 | B43: SUMINISTRO, TRANSPORTE E INSTALACIÓN DE CERÁMICA SEGÚN DISEÑO | C43: M2 | D43: =+'7.3'!K25 -> 18.99 | E43: =+'7.4 ceramica '!H19 -> 188125.66 | F43: =D43*E43 -> 3572506.3
A44: 8 | B44: ELÉCTRICA | F44: =ROUNDUP(SUM(F45:F50),0) -> 10082694
A45: =+A44+0.1 -> 8.1 | B45: SUMINISTRO, TRANSPORTE E INSTALACION TOMACORRIENTE DOBLE | C45: UND | D45: =+'8.1'!K27 -> 25 | E45: =+'8.1 Tomacorriente doble'!H22 -> 30922.27 | F45: =D45*E45 -> 773056.75
A46: =+A45+0.1 -> 8.2 | B46: SUMINISTRO E INSTALACION BALA LED 18W SOBREPONER, 120 V LUZ BLANCA NEUTRA | C46: UND | D46: =+'8.2'!K27 -> 1 | E46: =+'8.2 Lámpara sobreponer'!H20 -> 73448.44 | F46: =D46*E46 -> 73448.44
A47: =+A46+0.1 -> 8.3 | B47: SUMINISTRO E INSTALACION BALA LED 18W INCRUSTAR, 120 V LUZ BLANCA NEUTRA | C47: UND | D47: =+'8.3'!K20 -> 11 | E47: =+'8.2 Lámpara sobreponer'!H20 -> 73448.44 | F47: =D47*E47 -> 807932.84
A48: =+A47+0.1 -> 8.4 | B48: SUMINISTRO, TRANSPORTE E INSTALACIÓN INTERRUPTOR SENCILLO | C48: M2 | D48: =+'8.4'!K20 -> 1 | E48: =+'8.4 Interruptor sencillo'!H22 -> 18482.67 | F48: =D48*E48 -> 18482.67
A49: =+A48+0.1 -> 8.5 | B49: ADECUACIÓN DE REDES ELÉCTRICAS SALA DE SISTEMAS REUTILIZANDO MATERIAL | C49: GLB | D49: =+'8.5'!K20 -> 1 | E49: 3500000 | F49: =D49*E49 -> 3500000
A50: =+A49+0.1 -> 8.6 | B50: SUMINISTRO E INSTALACIÓN DE PUNTO ELÉCTRICO PARA TOMACORRIENTE DOBLE SOBRE CANALETA INCLUYE TUBERÍA CONDUIT Y 3 CABLE N° 12, CANALETA PVC, CONDUCTORES, APARTATO 8m Y DEMÁS ELEMENTOS NECESARIOS PARA SU CORRECTA EJECUCIÓN. | C50: UND | D50: =+'8.6'!K27 -> 32 | E50: =+'8.6 tomacorrientes canaleta'!H23 -> 153430.41 | F50: =D50*E50 -> 4909773.1
A51: 9 | B51: SANITARIOS | F51: =ROUNDUP(SUM(F52:F54),0) -> 3548757
A52: =+A51+0.1 -> 9.1 | B52: DESMONTE APARATOS SANITARIOS | C52: UND | D52: =+'9.1'!K22 -> 3 | E52: =+'9. Desmonte sanitarios'!H18 -> 87626.57 | F52: =D52*E52 -> 262879.71
A53: =+A52+0.1 -> 9.2 | B53: SUMINISTRO E INSTALACION DE COMBO SANITARIO Y LAVAMANOS. | C53: UND | D53: =+'9.2'!K22 -> 3 | E53: =+'9.2 Combo sanitarios'!H22 -> 862938.34 | F53: =D53*E53 -> 2588815
A54: =+A53+0.1 -> 9.3 | B54: SUMINISTRO, TRANSPORTE E INSTALACIÓN DE CERÁMICA DE PISOS PARA BAÑOS. | C54: M2 | D54: =+'9.3'!K22 -> 8.1 | E54: =+'9.3 ceramica baño '!G13 -> 86057 | F54: =D54*E54 -> 697061.7
A55: VALOR TOTAL PRESUPUESTO DE OBRA | F55: =SUM(F4+F9+F14+F21+F27+F32+F40+F44+F51) -> 300000000
A56: COSTO DIRECTO | F56: =+ROUND(F55/(1+E57+E58+E59),2) -> 2.189781e+08
A57: ADMINISTRACIÓN | E57: 0.32 | F57: =E57*$F$56 -> 70072993
A58: IMPREVISTOS | E58: 0 | F58: =E58*$F$56 -> 0
A59: UTILIDAD | E59: 0.05 | F59: =E59*$F$56 -> 10948905
A60: VALOR TOTAL | F60: =SUM(F56:F59) -> 3e+08

Sheet 1,1
A1: MEMORIAS DE CALCULO DE CANTIDADES DE OBRA
A2: Contratista:
A3: Objeto: | C3: ='PRESUPUESTO OFICIAL'!A2 -> MEJORAMIENTO Y ADECUACIÓN DEL AUDITORIO DE LA INSTITUCIÓN EDUCATIVA MARINO GÓMEZ ESTRADA, SEDE DE LA UNIVERSIDAD DE CALDAS, EN EL MUNICIPIO DE AGUADAS, CALDAS.
A4: Base No. | B4: Item No. | C4: Unidad | D4: Descripción | G4: Acta | J4: Fecha preacta
B5: 1.1 | C5: =VLOOKUP(B5,'PRESUPUESTO OFICIAL'!$A$1:$F$61,3,FALSE) -> M2 | D5: =VLOOKUP(B5,'PRESUPUESTO OFICIAL'!A1:F61,2,FALSE) -> LOCALIZACIÓN Y REPLANTEO | G5: PRESUPUESTO DE OBRA
A6: Localización / Descripción | E6: Dimensiones promedio | K6: Medida Total
E7: Ancho (m) | F7: Longitud (m) | G7: Espesor / Altura (m) | H7: Área (m2) | I7: Volumen (m3) | J7: Nº Elementos / factor de expansión
A9: Área auditorio | E9: 11.84 | F9: 22 | J9: 1 | K9: =+PRODUCT(E9:J9) -> 260.48
K10: =+PRODUCT(E10:J10) -> 0
K11: =+PRODUCT(E11:J11) -> 0
A21: Supervisor | F21: Contratista
A27: Total Item Acumulado | K27: =ROUND(SUM(K9:K20),2) -> 260.48

Sheet 1,2
A1: MEMORIAS DE CALCULO DE CANTIDADES DE OBRA
A2: Contratista:
A3: Objeto: | C3: ='PRESUPUESTO OFICIAL'!A2 -> MEJORAMIENTO Y ADECUACIÓN DEL AUDITORIO DE LA INSTITUCIÓN EDUCATIVA MARINO GÓMEZ ESTRADA, SEDE DE LA UNIVERSIDAD DE CALDAS, EN EL MUNICIPIO DE AGUADAS, CALDAS.
A4: Base No. | B4: Item No. | C4: Unidad | D4: Descripción | G4: Acta | J4: Fecha preacta
B5: ='PRESUPUESTO OFICIAL'!A6 -> 1.2 | C5: =VLOOKUP(B5,'PRESUPUESTO OFICIAL'!$A$1:$F$61,3,FALSE) -> UND | D5: =VLOOKUP(B5,'PRESUPUESTO OFICIAL'!A1:F61,2,FALSE) -> SUMINISTRO, TRANSPORTE E INSTALACIÓN DE VALLA INFORMATIVA GENERAL DEL PROYECTO 2x4MTS | G5: PRESUPUESTO DE OBRA
A6: Localización / Descripción | E6: Dimensiones promedio | K6: Medida Total
E7: Ancho (m) | F7: Longitud (m) | G7: Espesor / Altura (m) | H7: Área (m2) | I7: Volumen (m3) | J7: Nº Elementos / factor de expansión
A9: Valla | J9: 1 | K9: =+J9 -> 1
A22: Supervisor | F22: Contratista
A28: Total Item Acumulado | K28: =ROUND(SUM(K9:K21),2) -> 1

Sheet 1,3
A1: MEMORIAS DE CALCULO DE CANTIDADES DE OBRA
A2: Contratista:
A3: Objeto: | C3: ='PRESUPUESTO OFICIAL'!A2 -> MEJORAMIENTO Y ADECUACIÓN DEL AUDITORIO DE LA INSTITUCIÓN EDUCATIVA MARINO GÓMEZ ESTRADA, SEDE DE LA UNIVERSIDAD DE CALDAS, EN EL MUNICIPIO DE AGUADAS, CALDAS.
A4: Base No. | B4: Item No. | C4: Unidad | D4: Descripción | G4: Acta | J4: Fecha preacta
B5: 1.3 | C5: =VLOOKUP(B5,'PRESUPUESTO OFICIAL'!$A$1:$F$61,3,FALSE) -> UND | D5: =VLOOKUP(B5,'PRESUPUESTO OFICIAL'!A1:F61,2,FALSE) -> SUMINISTRO, TRANSPORTE E INSTALACIÓN DE SEÑAL PREVENTIVA, REGLAMENTARIA E INFORMATIVA | G5: PRESUPUESTO DE OBRA
A6: Localización / Descripción | E6: Dimensiones promedio | K6: Medida Total
E7: Ancho (m) | F7: Longitud (m) | G7: Espesor / Altura (m) | H7: Área (m2) | I7: Volumen (m3) | J7: Nº Elementos / factor de expansión
A9: Señales preventivas | J9: 10 | K9: =+J9 -> 10
A22: Supervisor | F22: Contratista
A28: Total Item Acumulado | K28: =ROUND(SUM(K9:K21),2) -> 10

Sheet 1,4
A1: MEMORIAS DE CALCULO DE CANTIDADES DE OBRA
A2: Contratista:
A3: Objeto: | C3: ='PRESUPUESTO OFICIAL'!A2 -> MEJORAMIENTO Y ADECUACIÓN DEL AUDITORIO DE LA INSTITUCIÓN EDUCATIVA MARINO GÓMEZ ESTRADA, SEDE DE LA UNIVERSIDAD DE CALDAS, EN EL MUNICIPIO DE AGUADAS, CALDAS.
A4: Base No. | B4: Item No. | C4: Unidad | D4: Descripción | G4: Acta | J4: Fecha preacta
B5: 1.4 | C5: =VLOOKUP(B5,'PRESUPUESTO OFICIAL'!$A$1:$F$61,3,FALSE) -> ML | D5: =VLOOKUP(B5,'PRESUPUESTO OFICIAL'!A1:F61,2,FALSE) -> SUMINISTRO, TRANSPORTE E INSTALACION BARRERA CON BOMBONES PLÁSTICOS, CINTA DE SEGURIDAD Y YUTE PARA CERRAMIENTO | G5: PRESUPUESTO DE OBRA
A6: Localización / Descripción | E6: Dimensiones promedio | K6: Medida Total
E7: Ancho (m) | F7: Longitud (m) | G7: Espesor / Altura (m) | H7: Área (m2) | I7: Volumen (m3) | J7: Nº Elementos / factor de expansión
A9: Cerramiento de áreas | F9: =+('1,1'!E9+'1,1'!F9)*2 -> 67.68 | J9: 1 | K9: =F9 -> 67.68
A22: Supervisor | F22: Contratista
A28: Total Item Acumulado | K28: =ROUND(SUM(K9:K21),2) -> 67.68

Sheet 2,1
A1: MEMORIAS DE CALCULO DE CANTIDADES DE OBRA
A2: Contratista:
A3: Objeto: | C3: ='PRESUPUESTO OFICIAL'!A2 -> MEJORAMIENTO Y ADECUACIÓN DEL AUDITORIO DE LA INSTITUCIÓN EDUCATIVA MARINO GÓMEZ ESTRADA, SEDE DE LA UNIVERSIDAD DE CALDAS, EN EL MUNICIPIO DE AGUADAS, CALDAS.
A4: Base No. | B4: Item No. | C4: Unidad | D4: Descripción | G4: Acta | J4: Fecha preacta
B5: 2.1 | C5: =VLOOKUP(B5,'PRESUPUESTO OFICIAL'!$A$1:$F$61,3,FALSE) -> M2 | D5: =VLOOKUP(B5,'PRESUPUESTO OFICIAL'!A1:F61,2,FALSE) -> DESMONTE DE CUBIERTA EN LÁMINA DE FIBROCEMENTO. INCLUYE RETIRO | G5: PRESUPUESTO DE OBRA
A6: Localización / Descripción | E6: Dimensiones promedio | K6: Medida Total
E7: Ancho (m) | F7: Longitud (m) | G7: Espesor / Altura (m) | H7: Área (m2) | I7: Volumen (m3) | J7: Nº Elementos / factor de expansión
A9: =+'1,1'!A9 -> Área auditorio | E9: =+'1,1'!E9 -> 11.84 | F9: =+'1,1'!F9 -> 22 | J9: =SQRT(1+((0.27)^2)) -> 1.0358089 | K9: =+PRODUCT(E9:J9) -> 269.80749
K10: =+PRODUCT(E10:J10) -> 0
K11: =+PRODUCT(E11:J11) -> 0
A21: Supervisor | F21: Contratista
A27: Total Item Acumulado | K27: =ROUND(SUM(K9:K20),2) -> 269.81

Sheet 2,2
A1: MEMORIAS DE CALCULO DE CANTIDADES DE OBRA
A2: Contratista:
A3: Objeto: | C3: ='PRESUPUESTO OFICIAL'!A2 -> MEJORAMIENTO Y ADECUACIÓN DEL AUDITORIO DE LA INSTITUCIÓN EDUCATIVA MARINO GÓMEZ ESTRADA, SEDE DE LA UNIVERSIDAD DE CALDAS, EN EL MUNICIPIO DE AGUADAS, CALDAS.
A4: Base No. | B4: Item No. | C4: Unidad | D4: Descripción | G4: Acta | J4: Fecha preacta
B5: 2.2 | C5: =VLOOKUP(B5,'PRESUPUESTO OFICIAL'!$A$1:$F$61,3,FALSE) -> M2 | D5: =VLOOKUP(B5,'PRESUPUESTO OFICIAL'!A1:F61,2,FALSE) -> DESMONTE CIELO RASO (INCLUYE RETIRO) | G5: PRESUPUESTO DE OBRA
A6: Localización / Descripción | E6: Dimensiones promedio | K6: Medida Total
E7: Ancho (m) | F7: Longitud (m) | G7: Espesor / Altura (m) | H7: Área (m2) | I7: Volumen (m3) | J7: Nº Elementos / factor de expansión
A9: =+'1,1'!A9:D9 -> Área auditorio | E9: =+'1,1'!E9 -> 11.84 | F9: =+'1,1'!F9 -> 22 | K9: =+E9*F9 -> 260.48
A22: Supervisor | F22: Contratista
A28: Total Item Acumulado | K28: =ROUND(SUM(K9:K21),2) -> 260.48

Sheet 2,3
A1: MEMORIAS DE CALCULO DE CANTIDADES DE OBRA
A2: Contratista:
A3: Objeto: | C3: ='PRESUPUESTO OFICIAL'!A2 -> MEJORAMIENTO Y ADECUACIÓN DEL AUDITORIO DE LA INSTITUCIÓN EDUCATIVA MARINO GÓMEZ ESTRADA, SEDE DE LA UNIVERSIDAD DE CALDAS, EN EL MUNICIPIO DE AGUADAS, CALDAS.
A4: Base No. | B4: Item No. | C4: Unidad | D4: Descripción | G4: Acta | J4: Fecha preacta
B5: 2.3 | C5: =VLOOKUP(B5,'PRESUPUESTO OFICIAL'!$A$1:$F$61,3,FALSE) -> M2 | D5: =VLOOKUP(B5,'PRESUPUESTO OFICIAL'!A1:F61,2,FALSE) -> DESMONTE DE PISOS O PAREDES EN MADERA; INCLUYE ESTRUCTURA DE SOPORTE | G5: PRESUPUESTO DE OBRA
A6: Localización / Descripción | E6: Dimensiones promedio | K6: Medida Total
E7: Ancho (m) | F7: Longitud (m) | G7: Espesor / Altura (m) | H7: Área (m2) | I7: Volumen (m3) | J7: Nº Elementos / factor de expansión
A9: Área tarima | E9: 9 | F9: 4.15 | K9: =+E9*F9 -> 37.35
A10: Escaleras tarima | E10: 9 | G10: 1.25 | K10: =+E10*G10 -> 11.25
A11: Sala de sonido | E11: 2.8 | F11: 3.9 | K11: =+E11*F11 -> 10.92
A12: Almacén | E12: 2.7 | F12: 2.35 | K12: =+E12*F12 -> 6.345
A22: Supervisor | F22: Contratista
A28: Total Item Acumulado | K28: =ROUND(SUM(K9:K21),2) -> 65.87

Sheet 2,4
A1: MEMORIAS DE CALCULO DE CANTIDADES DE OBRA
A2: Contratista:
A3: Objeto: | C3: ='PRESUPUESTO OFICIAL'!A2 -> MEJORAMIENTO Y ADECUACIÓN DEL AUDITORIO DE LA INSTITUCIÓN EDUCATIVA MARINO GÓMEZ ESTRADA, SEDE DE LA UNIVERSIDAD DE CALDAS, EN EL MUNICIPIO DE AGUADAS, CALDAS.
A4: Base No. | B4: Item No. | C4: Unidad | D4: Descripción | G4: Acta | J4: Fecha preacta
B5: 2.4 | C5: =VLOOKUP(B5,'PRESUPUESTO OFICIAL'!$A$1:$F$61,3,FALSE) -> M2 | D5: =VLOOKUP(B5,'PRESUPUESTO OFICIAL'!A1:F61,2,FALSE) -> DEMOLICIÓN MANUAL DE ENCHAPE O PAÑETE | G5: PRESUPUESTO DE OBRA
A6: Localización / Descripción | E6: Dimensiones promedio | K6: Medida Total
E7: Ancho (m) | F7: Longitud (m) | G7: Espesor / Altura (m) | H7: Área (m2) | I7: Volumen (m3) | J7: Nº Elementos / factor de expansión
A9: Sala de sistemas | E9: 6.6 | F9: 8.3 | K9: =+E9*F9 -> 54.78
K10: =+E10*G10 -> 0
K11: =+E11*F11 -> 0
K12: =+E12*F12 -> 0
A22: Supervisor | F22: Contratista
A28: Total Item Acumulado | K28: =ROUND(SUM(K9:K21),2) -> 54.78

Sheet 3,1
A1: MEMORIAS DE CALCULO DE CANTIDADES DE OBRA
A2: Contratista:
A3: Objeto: | C3: ='PRESUPUESTO OFICIAL'!A2 -> MEJORAMIENTO Y ADECUACIÓN DEL AUDITORIO DE LA INSTITUCIÓN EDUCATIVA MARINO GÓMEZ ESTRADA, SEDE DE LA UNIVERSIDAD DE CALDAS, EN EL MUNICIPIO DE AGUADAS, CALDAS.
A4: Base No. | B4: Item No. | C4: Unidad | D4: Descripción | G4: Acta | J4: Fecha preacta
B5: 3.1. | C5: =VLOOKUP(B5,'PRESUPUESTO OFICIAL'!$A$1:$F$61,3,FALSE) -> M2 | D5: =VLOOKUP(B5,'PRESUPUESTO OFICIAL'!A1:F61,2,FALSE) -> SUMINISTRO, TRANSPORTE E INSTALACIÓN DE TEJA TERMOACÚSTICA TIPO CINDURIB O SIMILAR, A=0.82 M, INCLUYE ACCESORIOS DE FIJACIÓN. | G5: PRESUPUESTO DE OBRA
A6: Localización / Descripción | E6: Dimensiones promedio | K6: Medida Total
E7: Ancho (m) | F7: Longitud (m) | G7: Espesor / Altura (m) | H7: Área (m2) | I7: Volumen (m3) | J7: Nº Elementos / factor de expansión
A9: =+'1,1'!A9 -> Área auditorio | E9: =+'1,1'!E9 -> 11.84 | F9: =+'1,1'!F9 -> 22 | J9: 1.1 | K9: =+PRODUCT(E9:J9) -> 286.528
A22: Supervisor | F22: Contratista
A28: Total Item Acumulado | K28: =ROUND(SUM(K9:K21),2) -> 286.53

Sheet 3,2
A1: MEMORIAS DE CALCULO DE CANTIDADES DE OBRA
A2: Contratista:
A3: Objeto: | C3: ='PRESUPUESTO OFICIAL'!A2 -> MEJORAMIENTO Y ADECUACIÓN DEL AUDITORIO DE LA INSTITUCIÓN EDUCATIVA MARINO GÓMEZ ESTRADA, SEDE DE LA UNIVERSIDAD DE CALDAS, EN EL MUNICIPIO DE AGUADAS, CALDAS.
A4: Base No. | B4: Item No. | C4: Unidad | D4: Descripción | G4: Acta | J4: Fecha preacta
B5: 3.2 | C5: =VLOOKUP(B5,'PRESUPUESTO OFICIAL'!$A$1:$F$61,3,FALSE) -> ML | D5: =VLOOKUP(B5,'PRESUPUESTO OFICIAL'!A1:F61,2,FALSE) -> SUMINISTRO, TRANSPORTE E INSTALACION CABALLETE TEJA TERMOACÚSTICA CINDULIT / CINDURIB O SIMILAR. COLOR SEGÚN DISEÑO | G5: PRESUPUESTO DE OBRA
A6: Localización / Descripción | E6: Dimensiones promedio | K6: Medida Total
E7: Ancho (m) | F7: Longitud (m) | G7: Espesor / Altura (m) | H7: Área (m2) | I7: Volumen (m3) | J7: Nº Elementos / factor de expansión
A9: Largo auditorio | F9: =+'1,1'!F9 -> 22 | J9: 1.05 | K9: =+PRODUCT(E9:J9) -> 23.1
A22: Supervisor | F22: Contratista
A28: Total Item Acumulado | K28: =ROUND(SUM(K9:K21),2) -> 23.1

Sheet 3,3
A1: MEMORIAS DE CALCULO DE CANTIDADES DE OBRA
A2: Contratista:
A3: Objeto: | C3: ='PRESUPUESTO OFICIAL'!A2 -> MEJORAMIENTO Y ADECUACIÓN DEL AUDITORIO DE LA INSTITUCIÓN EDUCATIVA MARINO GÓMEZ ESTRADA, SEDE DE LA UNIVERSIDAD DE CALDAS, EN EL MUNICIPIO DE AGUADAS, CALDAS.
A4: Base No. | B4: Item No. | C4: Unidad | D4: Descripción | G4: Acta | J4: Fecha preacta
B5: 3.3 | C5: =VLOOKUP(B5,'PRESUPUESTO OFICIAL'!$A$1:$F$61,3,FALSE) -> M2 | D5: =VLOOKUP(B5,'PRESUPUESTO OFICIAL'!A1:F61,2,FALSE) -> SUMINISTRO, TRANSPORTE E INSTALACION IMPERMEABILIZACION Tipo Manto Morter Plas AL-80 de 3.5 mm con foil de aluminio o Similar. INCLUYE (Canales y/o cubiertas planas, incluye media cañas, remates, pintura bituminosa) | G5: PRESUPUESTO DE OBRA
A6: Localización / Descripción | E6: Dimensiones promedio | K6: Medida Total
E7: Ancho (m) | F7: Longitud (m) | G7: Espesor / Altura (m) | H7: Área (m2) | I7: Volumen (m3) | J7: Nº Elementos / factor de expansión
A9: Viga canal existente | F9: =+'1,1'!F9 -> 22 | J9: 2.05 | K9: =+PRODUCT(E9:J9) -> 45.1
A10: Plancha existente | E10: 5 | F10: 5 | J10: 2 | K10: =+E10*F10*J10 -> 50
A22: Supervisor | F22: Contratista
A28: Total Item Acumulado | K28: =ROUND(SUM(K9:K21),2) -> 95.1

Sheet 3,4
A1: MEMORIAS DE CALCULO DE CANTIDADES DE OBRA
A2: Contratista:
A3: Objeto: | C3: ='PRESUPUESTO OFICIAL'!A2 -> MEJORAMIENTO Y ADECUACIÓN DEL AUDITORIO DE LA INSTITUCIÓN EDUCATIVA MARINO GÓMEZ ESTRADA, SEDE DE LA UNIVERSIDAD DE CALDAS, EN EL MUNICIPIO DE AGUADAS, CALDAS.
A4: Base No. | B4: Item No. | C4: Unidad | D4: Descripción | G4: Acta | J4: Fecha preacta
B5: 3.4 | C5: =VLOOKUP(B5,'PRESUPUESTO OFICIAL'!$A$1:$F$61,3,FALSE) -> ML | D5: =VLOOKUP(B5,'PRESUPUESTO OFICIAL'!A1:F61,2,FALSE) -> SUMINISTRO, TRANSPORTE E INSTALACION CANAL EN LAMINA GALVANIZADA CAL .20 D/ 0.60 M. (SUMINISTRO E INSTALACIÓN CON WASH PRIMER + ESMALTE + ANCLAJE A MURO + SILICONA) | G5: PRESUPUESTO DE OBRA
A6: Localización / Descripción | E6: Dimensiones promedio | K6: Medida Total
E7: Ancho (m) | F7: Longitud (m) | G7: Espesor / Altura (m) | H7: Área (m2) | I7: Volumen (m3) | J7: Nº Elementos / factor de expansión
A9: vigas transversales | F9: =+'1,1'!E9 -> 11.84 | J9: 2 | K9: =+PRODUCT(E9:J9) -> 23.68
A22: Supervisor | F22: Contratista
A28: Total Item Acumulado | K28: =ROUND(SUM(K9:K21),2) -> 23.68

Sheet 3,5
A1: MEMORIAS DE CALCULO DE CANTIDADES DE OBRA
A2: Contratista:
A3: Objeto: | C3: ='PRESUPUESTO OFICIAL'!A2 -> MEJORAMIENTO Y ADECUACIÓN DEL AUDITORIO DE LA INSTITUCIÓN EDUCATIVA MARINO GÓMEZ ESTRADA, SEDE DE LA UNIVERSIDAD DE CALDAS, EN EL MUNICIPIO DE AGUADAS, CALDAS.
A4: Base No. | B4: Item No. | C4: Unidad | D4: Descripción | G4: Acta | J4: Fecha preacta
B5: 3.5 | C5: =VLOOKUP(B5,'PRESUPUESTO OFICIAL'!$A$1:$F$61,3,FALSE) -> ML | D5: =VLOOKUP(B5,'PRESUPUESTO OFICIAL'!A1:F61,2,FALSE) -> SUMINISTRO, TRANSPORTE E INSTALACION BAJANTE AGUAS LLUVIAS PVC 3" (INCLUYE CODO, UNION Y ACCESORIOS DE FIJACION) | G5: PRESUPUESTO DE OBRA
A6: Localización / Descripción | E6: Dimensiones promedio | K6: Medida Total
E7: Ancho (m) | F7: Longitud (m) | G7: Espesor / Altura (m) | H7: Área (m2) | I7: Volumen (m3) | J7: Nº Elementos / factor de expansión
A9: Bajantes nuevas | G9: 15 | J9: 5 | K9: =+PRODUCT(E9:J9) -> 75
K10: =+PRODUCT(E10:J10) -> 0
K11: =+PRODUCT(E11:J11) -> 0
A21: Supervisor | F21: Contratista
A27: Total Item Acumulado | K27: =ROUND(SUM(K9:K20),2) -> 75

Sheet 3,6
A1: MEMORIAS DE CALCULO DE CANTIDADES DE OBRA
A2: Contratista:
A3: Objeto: | C3: ='PRESUPUESTO OFICIAL'!A2 -> MEJORAMIENTO Y ADECUACIÓN DEL AUDITORIO DE LA INSTITUCIÓN EDUCATIVA MARINO GÓMEZ ESTRADA, SEDE DE LA UNIVERSIDAD DE CALDAS, EN EL MUNICIPIO DE AGUADAS, CALDAS.
A4: Base No. | B4: Item No. | C4: Unidad | D4: Descripción | G4: Acta | J4: Fecha preacta
B5: 3.6 | C5: =VLOOKUP(B5,'PRESUPUESTO OFICIAL'!$A$1:$F$61,3,FALSE) -> M2 | D5: =VLOOKUP(B5,'PRESUPUESTO OFICIAL'!A1:F61,2,FALSE) -> RECORRIDO DE CUBIERTA | G5: PRESUPUESTO DE OBRA
A6: Localización / Descripción | E6: Dimensiones promedio | K6: Medida Total
E7: Ancho (m) | F7: Longitud (m) | G7: Espesor / Altura (m) | H7: Área (m2) | I7: Volumen (m3) | J7: Nº Elementos / factor de expansión
A9: Sala de Informática victor renan Barco | E9: 9.8 | F9: 9.7 | J9: 1 | K9: =+PRODUCT(E9:J9) -> 95.06
A10: Nueva sala de sistemas | E10: 6.6 | F10: 8.3 | J10: 1 | K10: =+PRODUCT(E10:J10) -> 54.78
K11: =+PRODUCT(E11:J11) -> 0
A21: Supervisor | F21: Contratista
A27: Total Item Acumulado | K27: =ROUND(SUM(K9:K20),2) -> 149.84

Sheet 4,1
A1: MEMORIAS DE CALCULO DE CANTIDADES DE OBRA
A2: Contratista:
A3: Objeto: | C3: ='PRESUPUESTO OFICIAL'!A2 -> MEJORAMIENTO Y ADECUACIÓN DEL AUDITORIO DE LA INSTITUCIÓN EDUCATIVA MARINO GÓMEZ ESTRADA, SEDE DE LA UNIVERSIDAD DE CALDAS, EN EL MUNICIPIO DE AGUADAS, CALDAS.
A4: Base No. | B4: Item No. | C4: Unidad | D4: Descripción | G4: Acta | J4: Fecha preacta
B5: 4.1 | C5: =VLOOKUP(B5,'PRESUPUESTO OFICIAL'!$A$1:$F$61,3,FALSE) -> M2 | D5: =VLOOKUP(B5,'PRESUPUESTO OFICIAL'!A1:F61,2,FALSE) -> SUMINISTRO E INSTALACION DE CIELO RASO EN PVC. INCLUYE ESTRUCTURA Y DEMAS ELEMENTOS DE FIJACION | G5: PRESUPUESTO DE OBRA
A6: Localización / Descripción | E6: Dimensiones promedio | K6: Medida Total
E7: Ancho (m) | F7: Longitud (m) | G7: Espesor / Altura (m) | H7: Área (m2) | I7: Volumen (m3) | J7: Nº Elementos / factor de expansión
A9: Baño Almacén | E9: 1.4 | F9: 2.25 | J9: 1.1 | K9: =+PRODUCT(E9:J9) -> 3.465
A10: Sala de sistemas | E10: 6.6 | F10: 8.3 | J10: 1.1 | K10: =+PRODUCT(E10:J10) -> 60.258
K11: =+PRODUCT(E11:J11) -> 0
A21: Supervisor | F21: Contratista
A27: Total Item Acumulado | K27: =ROUND(SUM(K8:K20),2) -> 63.72

Sheet 4,2
A1: MEMORIAS DE CALCULO DE CANTIDADES DE OBRA
A2: Contratista:
A3: Objeto: | C3: ='PRESUPUESTO OFICIAL'!A2 -> MEJORAMIENTO Y ADECUACIÓN DEL AUDITORIO DE LA INSTITUCIÓN EDUCATIVA MARINO GÓMEZ ESTRADA, SEDE DE LA UNIVERSIDAD DE CALDAS, EN EL MUNICIPIO DE AGUADAS, CALDAS.
A4: Base No. | B4: Item No. | C4: Unidad | D4: Descripción | G4: Acta | J4: Fecha preacta
B5: 4.2 | C5: =VLOOKUP(B5,'PRESUPUESTO OFICIAL'!$A$1:$F$61,3,FALSE) -> UND | D5: =VLOOKUP(B5,'PRESUPUESTO OFICIAL'!A1:F61,2,FALSE) -> SUMINISTRO, TRANSPORTE E INSTALACIÓN DE PANEL LED 60X60 cm 38W | G5: PRESUPUESTO DE OBRA
A6: Localización / Descripción | E6: Dimensiones promedio | K6: Medida Total
E7: Ancho (m) | F7: Longitud (m) | G7: Espesor / Altura (m) | H7: Área (m2) | I7: Volumen (m3) | J7: Nº Elementos / factor de expansión
A9: Auditorio | J9: 16 | K9: =+J9 -> 16
A10: Tarima | J10: 4 | K10: =+J10 -> 4
A22: Supervisor | F22: Contratista
A28: Total Item Acumulado | K28: =ROUND(SUM(K9:K21),2) -> 20

Sheet 4,3
A1: MEMORIAS DE CALCULO DE CANTIDADES DE OBRA
A2: Contratista:
A3: Objeto: | C3: ='PRESUPUESTO OFICIAL'!A2 -> MEJORAMIENTO Y ADECUACIÓN DEL AUDITORIO DE LA INSTITUCIÓN EDUCATIVA MARINO GÓMEZ ESTRADA, SEDE DE LA UNIVERSIDAD DE CALDAS, EN EL MUNICIPIO DE AGUADAS, CALDAS.
A4: Base No. | B4: Item No. | C4: Unidad | D4: Descripción | G4: Acta | J4: Fecha preacta
B5: 4.3 | C5: =VLOOKUP(B5,'PRESUPUESTO OFICIAL'!$A$1:$F$61,3,FALSE) -> UND | D5: =VLOOKUP(B5,'PRESUPUESTO OFICIAL'!A1:F61,2,FALSE) -> PUNTO ELÉCTRICO INCLUYE TUBERÍA CONDIUT, 3 CABLE AWG N°12 Y CAJA OCTAGONAL | G5: PRESUPUESTO DE OBRA
A6: Localización / Descripción | E6: Dimensiones promedio | K6: Medida Total
E7: Ancho (m) | F7: Longitud (m) | G7: Espesor / Altura (m) | H7: Área (m2) | I7: Volumen (m3) | J7: Nº Elementos / factor de expansión
A9: Puntos eléctricos de luminaria nuevos | J9: 5 | K9: =+J9 -> 5
K10: =F10*J10 -> 0
K11: =F11*J11 -> 0
A21: Supervisor | F21: Contratista
A27: Total Item Acumulado | K27: =ROUND(SUM(K8:K20),2) -> 5

Sheet 4,4
A1: MEMORIAS DE CALCULO DE CANTIDADES DE OBRA
A2: Contratista:
A3: Objeto: | C3: ='PRESUPUESTO OFICIAL'!A2 -> MEJORAMIENTO Y ADECUACIÓN DEL AUDITORIO DE LA INSTITUCIÓN EDUCATIVA MARINO GÓMEZ ESTRADA, SEDE DE LA UNIVERSIDAD DE CALDAS, EN EL MUNICIPIO DE AGUADAS, CALDAS.
A4: Base No. | B4: Item No. | C4: Unidad | D4: Descripción | G4: Acta | J4: Fecha preacta
B5: 4.4 | C5: =VLOOKUP(B5,'PRESUPUESTO OFICIAL'!A:F,3,TRUE) -> M2 | D5: =VLOOKUP(B5,'PRESUPUESTO OFICIAL'!A1:F61,2,TRUE) -> SUMINISTRO, TRANSPORTE E INSTALACIÓN CIELO RASO EN LÁMINA TRIPLEX 3.22MM X 1.22X2.44M. INCLUYE PERFILERIA Y ANCLAJES PARA FIJACIÓN Y PINTURA | G5: PRESUPUESTO DE OBRA
A6: Localización / Descripción | E6: Dimensiones promedio | K6: Medida Total
E7: Ancho (m) | F7: Longitud (m) | G7: Espesor / Altura (m) | H7: Área (m2) | I7: Volumen (m3) | J7: Nº Elementos / factor de expansión
A9: =+'1,1'!A9 -> Área auditorio | E9: =+'1,1'!E9 -> 11.84 | F9: =+'1,1'!F9 -> 22 | J9: 1.1 | K9: =+PRODUCT(E9:J9) -> 286.528
K10: =+PRODUCT(E10:J10) -> 0
K11: =+PRODUCT(E11:J11) -> 0
A21: Supervisor | F21: Contratista
A27: Total Item Acumulado | K27: =ROUND(SUM(K8:K20),2) -> 286.53

Sheet 4,5
A1: MEMORIAS DE CALCULO DE CANTIDADES DE OBRA
A2: Contratista:
A3: Objeto: | C3: ='PRESUPUESTO OFICIAL'!A2 -> MEJORAMIENTO Y ADECUACIÓN DEL AUDITORIO DE LA INSTITUCIÓN EDUCATIVA MARINO GÓMEZ ESTRADA, SEDE DE LA UNIVERSIDAD DE CALDAS, EN EL MUNICIPIO DE AGUADAS, CALDAS.
A4: Base No. | B4: Item No. | C4: Unidad | D4: Descripción | G4: Acta | J4: Fecha preacta
B5: 4.4 | C5: =VLOOKUP(B5,'PRESUPUESTO OFICIAL'!A:F,3,TRUE) -> M2 | D5: =VLOOKUP(B5,'PRESUPUESTO OFICIAL'!A1:F61,2,TRUE) -> SUMINISTRO, TRANSPORTE E INSTALACIÓN CIELO RASO EN LÁMINA TRIPLEX 3.22MM X 1.22X2.44M. INCLUYE PERFILERIA Y ANCLAJES PARA FIJACIÓN Y PINTURA | G5: PRESUPUESTO DE OBRA
A6: Localización / Descripción | E6: Dimensiones promedio | K6: Medida Total
E7: Ancho (m) | F7: Longitud (m) | G7: Espesor / Altura (m) | H7: Área (m2) | I7: Volumen (m3) | J7: Nº Elementos / factor de expansión
A9: =+'1,1'!A9 -> Área auditorio | E9: =+'1,1'!E9 -> 11.84 | F9: =+'1,1'!F9 -> 22 | J9: 1.1 | K9: =+PRODUCT(E9:J9) -> 286.528
K10: =+PRODUCT(E10:J10) -> 0
K11: =+PRODUCT(E11:J11) -> 0
A21: Supervisor | F21: Contratista
A27: Total Item Acumulado | K27: =ROUND(SUM(K8:K20),2) -> 286.53

Sheet 5.1
A1: MEMORIAS DE CALCULO DE CANTIDADES DE OBRA
A2: Contratista:
A3: Objeto: | C3: ='PRESUPUESTO OFICIAL'!A2 -> MEJORAMIENTO Y ADECUACIÓN DEL AUDITORIO DE LA INSTITUCIÓN EDUCATIVA MARINO GÓMEZ ESTRADA, SEDE DE LA UNIVERSIDAD DE CALDAS, EN EL MUNICIPIO DE AGUADAS, CALDAS.
A4: Base No. | B4: Item No. | C4: Unidad | D4: Descripción | G4: Acta | J4: Fecha preacta
B5: 5.1 | C5: =VLOOKUP(B5,'PRESUPUESTO OFICIAL'!$A$1:$F$61,3,FALSE) -> M2 | D5: =VLOOKUP(B5,'PRESUPUESTO OFICIAL'!A1:F61,2,FALSE) -> SUMINISTRO, TRANSPORTE E INSTALACION ESTUCO Y PINTURA TIPO KORAZA O SIMILAR 3 MANOS INTERNA (INCLUYE ESTUCO, 1 MANO EN PINTURA TIPO 2 Y DOS MANOS EN PINTURA TIPO KORAZA O SIMILAR, FILOS Y DILATACIONES). | G5: PRESUPUESTO DE OBRA
A6: Localización / Descripción | E6: Dimensiones promedio | K6: Medida Total
E7: Ancho (m) | F7: Longitud (m) | G7: Espesor / Altura (m) | H7: Área (m2) | I7: Volumen (m3) | J7: Nº Elementos / factor de expansión
A9: Muro exterior | F9: 21.5 | G9: 7 | J9: 2 | K9: =+F9*G9*J9 -> 301
F10: 11.6 | G10: 7 | J10: 2 | K10: =+F10*G10*J10 -> 162.4
K11: =F11*J11 -> 0
A21: Supervisor | F21: Contratista
A27: Total Item Acumulado | K27: =ROUND(SUM(K8:K20),2) -> 463.4

Sheet 5.2
A1: MEMORIAS DE CALCULO DE CANTIDADES DE OBRA
A2: Contratista:
A3: Objeto: | C3: ='PRESUPUESTO OFICIAL'!A2 -> MEJORAMIENTO Y ADECUACIÓN DEL AUDITORIO DE LA INSTITUCIÓN EDUCATIVA MARINO GÓMEZ ESTRADA, SEDE DE LA UNIVERSIDAD DE CALDAS, EN EL MUNICIPIO DE AGUADAS, CALDAS.
A4: Base No. | B4: Item No. | C4: Unidad | D4: Descripción | G4: Acta | J4: Fecha preacta
B5: 5.2 | C5: =VLOOKUP(B5,'PRESUPUESTO OFICIAL'!$A$1:$F$61,3,TRUE) -> M2 | D5: =VLOOKUP(B5,'PRESUPUESTO OFICIAL'!A1:F61,2,TRUE) -> SUMINISTRO E INSTALACIÓN DE ESTUCO Y PINTURA PARA INTERIOR 3 MANOS. (INCLUYE ESTUCO, UNA MANO EN PINTURA TIPO 2 Y DOS MANOS EN PINTURA TIPO 1, FILOS Y DILATACIONES). COLOR BLANCO SEGÚN DISEÑO. INCLUYE MATERIALES, EQUIPOS, HERRAMIENTA Y MANO DE OBRA NECESARIOS PARA LA EJECUCIÓN DE LA ACTIVIDAD | G5: PRESUPUESTO DE OBRA
A6: Localización / Descripción | E6: Dimensiones promedio | K6: Medida Total
E7: Ancho (m) | F7: Longitud (m) | G7: Espesor / Altura (m) | H7: Área (m2) | I7: Volumen (m3) | J7: Nº Elementos / factor de expansión
A9: =+'5.1'!A9 -> Muro exterior | F9: =+'5.1'!F9 -> 21.5 | G9: =+'5.1'!G9 -> 7 | J9: 2 | K9: =+PRODUCT(E9:J9) -> 301
F10: =+'5.1'!F10 -> 11.6 | G10: =+'5.1'!G10 -> 7 | J10: 2 | K10: =+PRODUCT(E10:J10) -> 162.4 | L10: =+J10*G10*F10 -> 162.4
A11: Sala de sonido tarima | F11: 3.9 | G11: 4 | J11: 2 | K11: =+PRODUCT(E11:J11) -> 31.2 | L11: =+J11*G11*F11 -> 31.2
F12: 2.8 | G12: 4 | J12: 1 | K12: =+PRODUCT(E12:J12) -> 11.2 | L12: =+J12*G12*F12 -> 11.2
F13: 2.05 | G13: 4 | J13: 1 | K13: =+PRODUCT(E13:J13) -> 8.2 | L13: =+J13*G13*F13 -> 8.2
A14: Cielo raso sala de sonido tarima | E14: 3.9 | F14: 2.5 | J14: 1 | K14: =+PRODUCT(E14:J14) -> 9.75 | L14: =+J14*G14*F14 -> 0
A15: Almacén tarima | F15: 2.35 | G15: 4 | J15: 2 | K15: =+PRODUCT(E15:J15) -> 18.8 | L15: =+J15*G15*F15 -> 18.8
F16: 2.7 | G16: 4 | J16: 1 | K16: =+PRODUCT(E16:J16) -> 10.8 | L16: =+J16*G16*F16 -> 10.8
F17: 2.7 | G17: 2.6 | J17: 1 | K17: =+PRODUCT(E17:J17) -> 7.02 | L17: =+J17*G17*F17 -> 7.02
A18: Cielo raso almacén y baño almacén | E18: 4.6 | F18: 2.4 | J18: 1 | K18: =+PRODUCT(E18:J18) -> 11.04 | L18: =+J18*E18*F18 -> 11.04
A19: Baño almacén parte no echapada | E19: 2.25 | G19: 0.95 | J19: 2 | K19: =+PRODUCT(E19:J19) -> 4.275 | L19: =+J19*G19*F19 -> 0
E20: 1.48 | G20: 0.95 | J20: 2 | K20: =+PRODUCT(E20:J20) -> 2.812 | L20: =+J20*G20*F20 -> 0
A21: Salón banda Marcial | E21: 3.7 | G21: 2.5 | J21: 1 | K21: =+PRODUCT(E21:J21) -> 9.25 | L21: =+J21*G21*F21 -> 0
E22: 2.25 | G22: 2.5 | J22: 1 | K22: =+PRODUCT(E22:J22) -> 5.625 | L22: =+J22*G22*F22 -> 0
E23: 6.3 | G23: 2.5 | J23: 2 | K23: =+PRODUCT(E23:J23) -> 31.5 | L23: =+J23*G23*F23 -> 0
A24: Nueva sala de sistemas | E24: 6.6 | G24: 3.75 | J24: 2 | K24: =+PRODUCT(E24:J24) -> 49.5 | L24: =+J24*G24*F24 -> 0
E25: 8.3 | G25: 3.75 | J25: 2 | K25: =+PRODUCT(E25:J25) -> 62.25 | L25: =+J25*G25*F25 -> 0
K26: =+PRODUCT(E26:J26) -> 0 | L26: =+J26*G26*F26 -> 0
K27: =+PRODUCT(E27:J27) -> 0
A28: Supervisor | F28: Contratista
A34: Total Item Acumulado | K34: =ROUND(SUM(K8:K27),2) -> 736.62

Sheet 5.3
A1: MEMORIAS DE CALCULO DE CANTIDADES DE OBRA
A2: Contratista:
A3: Objeto: | C3: ='PRESUPUESTO OFICIAL'!A2 -> MEJORAMIENTO Y ADECUACIÓN DEL AUDITORIO DE LA INSTITUCIÓN EDUCATIVA MARINO GÓMEZ ESTRADA, SEDE DE LA UNIVERSIDAD DE CALDAS, EN EL MUNICIPIO DE AGUADAS, CALDAS.
A4: Base No. | B4: Item No. | C4: Unidad | D4: Descripción | G4: Acta | J4: Fecha preacta
B5: 5.3 | C5: =VLOOKUP(B5,'PRESUPUESTO OFICIAL'!$A$1:$F$61,3,TRUE) -> M2 | D5: =VLOOKUP(B5,'PRESUPUESTO OFICIAL'!A1:F61,2,TRUE) -> PINTURA, MANTENIMIENTO Y RESTAURACIÓN DE PUERTAS Y VENTANAS | G5: PRESUPUESTO DE OBRA
A6: Localización / Descripción | E6: Dimensiones promedio | K6: Medida Total
E7: Ancho (m) | F7: Longitud (m) | G7: Espesor / Altura (m) | H7: Área (m2) | I7: Volumen (m3) | J7: Nº Elementos / factor de expansión
A9: Ventana almacén | E9: 2.5 | G9: 0.58 | J9: 2 | K9: =+PRODUCT(E9:J9) -> 2.9
K10: =+PRODUCT(E10:J10) -> 0 | L10: =+J10*G10*F10 -> 0
A11: Nueva sala sistema | E11: 2.2 | G11: 1.8 | J11: =2*3 -> 6 | K11: =+PRODUCT(E11:J11) -> 23.76 | L11: =+J11*G11*F11 -> 0
K12: =+PRODUCT(E12:J12) -> 0 | L12: =+J12*G12*F12 -> 0
E13: 1.4 | G13: 0.5 | J13: =4*2 -> 8 | K13: =+PRODUCT(E13:J13) -> 5.6 | L13: =+J13*G13*F13 -> 0
K14: =+PRODUCT(E14:J14) -> 0 | L14: =+J14*G14*F14 -> 0
A15: Puerta sala de sistemas | E15: 1.05 | G15: 2.5 | J15: 1 | K15: =+PRODUCT(E15:J15) -> 2.625 | L15: =+J15*G15*F15 -> 0
K16: =+PRODUCT(E16:J16) -> 0
A17: Supervisor | F17: Contratista
A23: Total Item Acumulado | K23: =ROUND(SUM(K8:K16),2) -> 34.89

Sheet 5.4
A1: MEMORIAS DE CALCULO DE CANTIDADES DE OBRA
A2: Contratista:
A3: Objeto: | C3: ='PRESUPUESTO OFICIAL'!A2 -> MEJORAMIENTO Y ADECUACIÓN DEL AUDITORIO DE LA INSTITUCIÓN EDUCATIVA MARINO GÓMEZ ESTRADA, SEDE DE LA UNIVERSIDAD DE CALDAS, EN EL MUNICIPIO DE AGUADAS, CALDAS.
A4: Base No. | B4: Item No. | C4: Unidad | D4: Descripción | G4: Acta | J4: Fecha preacta
B5: 5.4 | C5: =VLOOKUP(B5,'PRESUPUESTO OFICIAL'!$A$1:$F$61,3,TRUE) -> M2 | D5: =VLOOKUP(B5,'PRESUPUESTO OFICIAL'!A1:F61,2,TRUE) -> LIMPIEZA, RESTAURACIÓN Y PINTURA DE MARCOS METÁLICOS DE VENTANALES, INCLUYE PREPARACIÓN DE SUPERFICIES, TRATAMIENTO ANTICORROSIVO Y ACABADO FINAL. | G5: PRESUPUESTO DE OBRA
A6: Localización / Descripción | E6: Dimensiones promedio | K6: Medida Total
E7: Ancho (m) | F7: Longitud (m) | G7: Espesor / Altura (m) | H7: Área (m2) | I7: Volumen (m3) | J7: Nº Elementos / factor de expansión
A9: Ventanas teatro | E9: 0.17 | G9: 3.3 | J9: 24 | K9: =+PRODUCT(E9:J9) -> 13.464
K10: =+PRODUCT(E10:J10) -> 0 | L10: =+J10*G10*F10 -> 0
K11: =+PRODUCT(E11:J11) -> 0 | L11: =+J11*G11*F11 -> 0
K12: =+PRODUCT(E12:J12) -> 0 | L12: =+J12*G12*F12 -> 0
K13: =+PRODUCT(E13:J13) -> 0 | L13: =+J13*G13*F13 -> 0
K14: =+PRODUCT(E14:J14) -> 0 | L14: =+J14*G14*F14 -> 0
K15: =+PRODUCT(E15:J15) -> 0
A16: Supervisor | F16: Contratista
A22: Total Item Acumulado | K22: =ROUND(SUM(K9:K16),2) -> 13.46

Sheet 6.1
A1: MEMORIAS DE CALCULO DE CANTIDADES DE OBRA
A2: Contratista:
A3: Objeto: | C3: ='PRESUPUESTO OFICIAL'!A2 -> MEJORAMIENTO Y ADECUACIÓN DEL AUDITORIO DE LA INSTITUCIÓN EDUCATIVA MARINO GÓMEZ ESTRADA, SEDE DE LA UNIVERSIDAD DE CALDAS, EN EL MUNICIPIO DE AGUADAS, CALDAS.
A4: Base No. | B4: Item No. | C4: Unidad | D4: Descripción | G4: Acta | J4: Fecha preacta
B5: 6.1 | C5: =VLOOKUP(B5,'PRESUPUESTO OFICIAL'!$A$1:$F$61,3,TRUE) -> M3 | D5: =VLOOKUP(B5,'PRESUPUESTO OFICIAL'!A1:F61,2,TRUE) -> SUMINISTRO, TRANSPORTE E INSTALACIÓN DE MUROS EN CONCRETO F'C 28 MPA | G5: PRESUPUESTO DE OBRA
A6: Localización / Descripción | E6: Dimensiones promedio | K6: Medida Total
E7: Ancho (m) | F7: Longitud (m) | G7: Espesor / Altura (m) | H7: Área (m2) | I7: Volumen (m3) | J7: Nº Elementos / factor de expansión
A9: Muro frontal tarima | E9: =9-0.3 -> 8.7 | G9: 1.35 | J9: 1.1 | K9: =+PRODUCT(E9:J9) -> 12.9195
A10: Muro trasero tarima | E10: 7.8 | G10: 1.35 | J10: 1.1 | K10: =+PRODUCT(E10:J10) -> 11.583
A11: Muro lateral tarima | E11: 4.15 | G11: 1.35 | J11: 2.1 | K11: =+PRODUCT(E11:J11) -> 11.76525
A12: Muro rampa 1 | H12: =+((6.6*0.5)/2)+(1.51*0.5) -> 2.405 | J12: 1.1 | K12: =+PRODUCT(E12:J12) -> 2.6455
A13: Muro rampa 2 | H13: =+(0.85*6.6)/2 -> 2.805 | J13: 1.1 | K13: =+PRODUCT(E13:J13) -> 3.0855
A14: Muro lateral escalera | E14: 1.2 | G14: 1.35 | J14: 1.1 | K14: =+PRODUCT(E14:J14) -> 1.782
K15: =+PRODUCT(E15:J15) -> 0
A16: Supervisor | F16: Contratista
A22: Total Item Acumulado | K22: =ROUND(SUM(K9:K16),2) -> 43.78

Sheet 6.2
A1: MEMORIAS DE CALCULO DE CANTIDADES DE OBRA
A2: Contratista:
A3: Objeto: | C3: ='PRESUPUESTO OFICIAL'!A2 -> MEJORAMIENTO Y ADECUACIÓN DEL AUDITORIO DE LA INSTITUCIÓN EDUCATIVA MARINO GÓMEZ ESTRADA, SEDE DE LA UNIVERSIDAD DE CALDAS, EN EL MUNICIPIO DE AGUADAS, CALDAS.
A4: Base No. | B4: Item No. | C4: Unidad | D4: Descripción | G4: Acta | J4: Fecha preacta
B5: 6.2 | C5: =VLOOKUP(B5,'PRESUPUESTO OFICIAL'!$A$1:$F$61,3,TRUE) -> M2 | D5: =VLOOKUP(B5,'PRESUPUESTO OFICIAL'!A1:F61,2,TRUE) -> PERFIL METÁLICO C 100X50X2.0 MM | G5: PRESUPUESTO DE OBRA
A6: Localización / Descripción | E6: Dimensiones promedio | K6: Medida Total
E7: Ancho (m) | F7: Longitud (m) | G7: Espesor / Altura (m) | H7: Área (m2) | I7: Volumen (m3) | J7: Nº Elementos / factor de expansión
A9: Perfiles longitudinales tarima | F9: =6.6+1.5 -> 8.1 | J9: 9.1 | K9: =+PRODUCT(E9:J9) -> 73.71
A10: =+'2,3'!A10 -> Escaleras tarima | K10: =+PRODUCT(E10:J10) -> 0 | L10: =+J10*G10*F10 -> 0
A11: =+'2,3'!A11 -> Sala de sonido | F11: =+'2,3'!E11 -> 2.8 | J11: 8.1 | K11: =+PRODUCT(E11:J11) -> 22.68 | L11: =+J11*G11*F11 -> 0
A12: =+'2,3'!A12 -> Almacén | F12: =+'2,3'!E12 -> 2.7 | J12: 5.1 | K12: =+PRODUCT(E12:J12) -> 13.77 | L12: =+J12*G12*F12 -> 0
K13: =+PRODUCT(E13:J13) -> 0 | L13: =+J13*G13*F13 -> 0
K14: =+PRODUCT(E14:J14) -> 0 | L14: =+J14*G14*F14 -> 0
K15: =+PRODUCT(E15:J15) -> 0
A16: Supervisor | F16: Contratista
A22: Total Item Acumulado | K22: =ROUND(SUM(K9:K16),2) -> 110.16

Sheet 6.3
A1: MEMORIAS DE CALCULO DE CANTIDADES DE OBRA
A2: Contratista:
A3: Objeto: | C3: ='PRESUPUESTO OFICIAL'!A2 -> MEJORAMIENTO Y ADECUACIÓN DEL AUDITORIO DE LA INSTITUCIÓN EDUCATIVA MARINO GÓMEZ ESTRADA, SEDE DE LA UNIVERSIDAD DE CALDAS, EN EL MUNICIPIO DE AGUADAS, CALDAS.
A4: Base No. | B4: Item No. | C4: Unidad | D4: Descripción | G4: Acta | J4: Fecha preacta
B5: 6.3 | C5: =VLOOKUP(B5,'PRESUPUESTO OFICIAL'!$A$1:$F$61,3,TRUE) -> M2 | D5: =VLOOKUP(B5,'PRESUPUESTO OFICIAL'!A1:F61,2,TRUE) -> PLACA EN METALDECK DE 3" CAL. 22, CONCRETO DE 20.7 MPA | G5: PRESUPUESTO DE OBRA
A6: Localización / Descripción | E6: Dimensiones promedio | K6: Medida Total
E7: Ancho (m) | F7: Longitud (m) | G7: Espesor / Altura (m) | H7: Área (m2) | I7: Volumen (m3) | J7: Nº Elementos / factor de expansión
A9: =+'2,3'!A9 -> Área tarima | E9: =+'2,3'!E9 -> 9 | F9: =+'2,3'!F9 -> 4.15 | J9: 1.2 | K9: =+PRODUCT(E9:J9) -> 44.82
A10: =+'2,3'!A10 -> Escaleras tarima | E10: =+'2,3'!E10 -> 9 | G10: =+'2,3'!G10 -> 1.25 | H10: =+'2,3'!H10 -> 0 | K10: =+PRODUCT(E10:J10) -> 0 | L10: =+J10*G10*F10 -> 0
A11: =+'2,3'!A11 -> Sala de sonido | E11: =+'2,3'!E11 -> 2.8 | F11: =+'2,3'!F11 -> 3.9 | J11: 1.2 | K11: =+PRODUCT(E11:J11) -> 13.104 | L11: =+J11*G11*F11 -> 0
A12: =+'2,3'!A12 -> Almacén | E12: =+'2,3'!E12 -> 2.7 | F12: =+'2,3'!F12 -> 2.35 | J12: 1.2 | K12: =+PRODUCT(E12:J12) -> 7.614 | L12: =+J12*G12*F12 -> 0
K13: =+PRODUCT(E13:J13) -> 0 | L13: =+J13*G13*F13 -> 0
K14: =+PRODUCT(E14:J14) -> 0 | L14: =+J14*G14*F14 -> 0
K15: =+PRODUCT(E15:J15) -> 0
A16: Supervisor | F16: Contratista
A22: Total Item Acumulado | K22: =ROUND(SUM(K9:K16),2) -> 65.54

Sheet 6.4
A1: MEMORIAS DE CALCULO DE CANTIDADES DE OBRA
A2: Contratista:
A3: Objeto: | C3: ='PRESUPUESTO OFICIAL'!A2 -> MEJORAMIENTO Y ADECUACIÓN DEL AUDITORIO DE LA INSTITUCIÓN EDUCATIVA MARINO GÓMEZ ESTRADA, SEDE DE LA UNIVERSIDAD DE CALDAS, EN EL MUNICIPIO DE AGUADAS, CALDAS.
A4: Base No. | B4: Item No. | C4: Unidad | D4: Descripción | G4: Acta | J4: Fecha preacta
B5: 6.4 | C5: =VLOOKUP(B5,'PRESUPUESTO OFICIAL'!$A$1:$F$61,3,TRUE) -> M2 | D5: =VLOOKUP(B5,'PRESUPUESTO OFICIAL'!A1:F61,2,TRUE) -> SUMINISTRO, TRANSPORTE E INSTALACION CERÁMICA DE PISO TIPO NACIONAL. ALFA O SIMILAR. (INCLUYE MORTERO DE NIVELACIÓN Y DILATACIÓN EN PVC) | G5: PRESUPUESTO DE OBRA
A6: Localización / Descripción | E6: Dimensiones promedio | K6: Medida Total
E7: Ancho (m) | F7: Longitud (m) | G7: Espesor / Altura (m) | H7: Área (m2) | I7: Volumen (m3) | J7: Nº Elementos / factor de expansión
K9: =+PRODUCT(E9:J9) -> 0
K10: =+PRODUCT(E10:J10) -> 0 | L10: =+J10*G10*F10 -> 0
A11: =+'2,3'!A11 -> Sala de sonido | E11: =+'2,3'!E11 -> 2.8 | F11: =+'2,3'!F11 -> 3.9 | J11: 1.2 | K11: =+PRODUCT(E11:J11) -> 13.104 | L11: =+J11*G11*F11 -> 0
A12: =+'2,3'!A12 -> Almacén | E12: =+'2,3'!E12 -> 2.7 | F12: =+'2,3'!F12 -> 2.35 | J12: 1.2 | K12: =+PRODUCT(E12:J12) -> 7.614 | L12: =+J12*G12*F12 -> 0
K13: =+PRODUCT(E13:J13) -> 0 | L13: =+J13*G13*F13 -> 0
K14: =+PRODUCT(E14:J14) -> 0 | L14: =+J14*G14*F14 -> 0
K15: =+PRODUCT(E15:J15) -> 0
A16: Supervisor | F16: Contratista
A22: Total Item Acumulado | K22: =ROUND(SUM(K9:K16),2) -> 20.72

Sheet 6.5
A1: MEMORIAS DE CALCULO DE CANTIDADES DE OBRA
A2: Contratista:
A3: Objeto: | C3: ='PRESUPUESTO OFICIAL'!A2 -> MEJORAMIENTO Y ADECUACIÓN DEL AUDITORIO DE LA INSTITUCIÓN EDUCATIVA MARINO GÓMEZ ESTRADA, SEDE DE LA UNIVERSIDAD DE CALDAS, EN EL MUNICIPIO DE AGUADAS, CALDAS.
A4: Base No. | B4: Item No. | C4: Unidad | D4: Descripción | G4: Acta | J4: Fecha preacta
B5: 6.5 | C5: =VLOOKUP(B5,'PRESUPUESTO OFICIAL'!$A$1:$F$61,3,TRUE) -> M2 | D5: =VLOOKUP(B5,'PRESUPUESTO OFICIAL'!A1:F61,2,TRUE) -> SUMINISTRO, TRANSPORTE E INSTALACIÓN DE CINTA-ANTIDESLIZANTE COLOR NEGRA 48MM, PARA PISOS, ESCALAS, RAMPAS Y ACCESOS INCLUYE ( TODOS LOS ACCESORIOS PARA SU CORRECTA INSTALACION,SEGÚN DISEÑO) | G5: PRESUPUESTO DE OBRA
A6: Localización / Descripción | E6: Dimensiones promedio | K6: Medida Total
E7: Ancho (m) | F7: Longitud (m) | G7: Espesor / Altura (m) | H7: Área (m2) | I7: Volumen (m3) | J7: Nº Elementos / factor de expansión
A9: Rampa | E9: 1 | J9: =(16/0.2)*1.1 -> 88 | K9: =+PRODUCT(E9:J9) -> 88
K10: =+PRODUCT(E10:J10) -> 0 | L10: =+J10*G10*F10 -> 0
K11: =+PRODUCT(E11:J11) -> 0 | L11: =+J11*G11*F11 -> 0
K12: =+PRODUCT(E12:J12) -> 0 | L12: =+J12*G12*F12 -> 0
K13: =+PRODUCT(E13:J13) -> 0 | L13: =+J13*G13*F13 -> 0
K14: =+PRODUCT(E14:J14) -> 0 | L14: =+J14*G14*F14 -> 0
K15: =+PRODUCT(E15:J15) -> 0
A16: Supervisor | F16: Contratista
A22: Total Item Acumulado | K22: =ROUND(SUM(K9:K16),2) -> 88

Sheet 6.6
A1: MEMORIAS DE CALCULO DE CANTIDADES DE OBRA
A2: Contratista:
A3: Objeto: | C3: ='PRESUPUESTO OFICIAL'!A2 -> MEJORAMIENTO Y ADECUACIÓN DEL AUDITORIO DE LA INSTITUCIÓN EDUCATIVA MARINO GÓMEZ ESTRADA, SEDE DE LA UNIVERSIDAD DE CALDAS, EN EL MUNICIPIO DE AGUADAS, CALDAS.
A4: Base No. | B4: Item No. | C4: Unidad | D4: Descripción | G4: Acta | J4: Fecha preacta
B5: 6.6 | C5: =VLOOKUP(B5,'PRESUPUESTO OFICIAL'!$A$1:$F$61,3,TRUE) -> M2 | D5: =VLOOKUP(B5,'PRESUPUESTO OFICIAL'!A1:F61,2,TRUE) -> SUMINISTRO, TRANSPORTE E INSTALACION PISOS EN TABLILLA DE ZAPAN Y VIGUETA DE CHANUL | G5: PRESUPUESTO DE OBRA
A6: Localización / Descripción | E6: Dimensiones promedio | K6: Medida Total
E7: Ancho (m) | F7: Longitud (m) | G7: Espesor / Altura (m) | H7: Área (m2) | I7: Volumen (m3) | J7: Nº Elementos / factor de expansión
A9: Área tarima | H9: =+(7.8+8.12)/(2*4.54) -> 1.753304 | J9: 1.2 | K9: =+PRODUCT(E9:J9) -> 2.1039648
A10: Rampas | H10: =8.12*1.2 -> 9.744 | J10: 2.2 | K10: =+PRODUCT(E10:J10) -> 21.4368 | L10: =+J10*G10*F10 -> 0
K11: =+PRODUCT(E11:J11) -> 0 | L11: =+J11*G11*F11 -> 0
K12: =+PRODUCT(E12:J12) -> 0 | L12: =+J12*G12*F12 -> 0
K13: =+PRODUCT(E13:J13) -> 0 | L13: =+J13*G13*F13 -> 0
K14: =+PRODUCT(E14:J14) -> 0 | L14: =+J14*G14*F14 -> 0
K15: =+PRODUCT(E15:J15) -> 0
A16: Supervisor | F16: Contratista
A22: Total Item Acumulado | K22: =ROUND(SUM(K9:K16),2) -> 23.54

Sheet 6.7
A1: MEMORIAS DE CALCULO DE CANTIDADES DE OBRA
A2: Contratista:
A3: Objeto: | C3: ='PRESUPUESTO OFICIAL'!A2 -> MEJORAMIENTO Y ADECUACIÓN DEL AUDITORIO DE LA INSTITUCIÓN EDUCATIVA MARINO GÓMEZ ESTRADA, SEDE DE LA UNIVERSIDAD DE CALDAS, EN EL MUNICIPIO DE AGUADAS, CALDAS.
A4: Base No. | B4: Item No. | C4: Unidad | D4: Descripción | G4: Acta | J4: Fecha preacta
B5: 6.6 | C5: =VLOOKUP(B5,'PRESUPUESTO OFICIAL'!$A$1:$F$61,3,TRUE) -> M2 | D5: =VLOOKUP(B5,'PRESUPUESTO OFICIAL'!A1:F61,2,TRUE) -> SUMINISTRO, TRANSPORTE E INSTALACION PISOS EN TABLILLA DE ZAPAN Y VIGUETA DE CHANUL | G5: PRESUPUESTO DE OBRA
A6: Localización / Descripción | E6: Dimensiones promedio | K6: Medida Total
E7: Ancho (m) | F7: Longitud (m) | G7: Espesor / Altura (m) | H7: Área (m2) | I7: Volumen (m3) | J7: Nº Elementos / factor de expansión
A9: Escaleras ingreso tarima | E9: 1.52 | G9: 1.25 | J9: 1.3 | K9: =+PRODUCT(E9:J9) -> 2.47
K10: =+PRODUCT(E10:J10) -> 0 | L10: =+J10*G10*F10 -> 0
K11: =+PRODUCT(E11:J11) -> 0 | L11: =+J11*G11*F11 -> 0
K12: =+PRODUCT(E12:J12) -> 0 | L12: =+J12*G12*F12 -> 0
K13: =+PRODUCT(E13:J13) -> 0 | L13: =+J13*G13*F13 -> 0
K14: =+PRODUCT(E14:J14) -> 0 | L14: =+J14*G14*F14 -> 0
K15: =+PRODUCT(E15:J15) -> 0
A16: Supervisor | F16: Contratista
A22: Total Item Acumulado | K22: =ROUND(SUM(K9:K16),2) -> 2.47

Sheet 7.1
A1: MEMORIAS DE CALCULO DE CANTIDADES DE OBRA
A2: Contratista:
A3: Objeto: | C3: ='PRESUPUESTO OFICIAL'!A2 -> MEJORAMIENTO Y ADECUACIÓN DEL AUDITORIO DE LA INSTITUCIÓN EDUCATIVA MARINO GÓMEZ ESTRADA, SEDE DE LA UNIVERSIDAD DE CALDAS, EN EL MUNICIPIO DE AGUADAS, CALDAS.
A4: Base No. | B4: Item No. | C4: Unidad | D4: Descripción | G4: Acta | J4: Fecha preacta
B5: 7.1 | C5: =VLOOKUP(B5,'PRESUPUESTO OFICIAL'!$A$1:$F$61,3,FALSE) -> UND | D5: =VLOOKUP(B5,'PRESUPUESTO OFICIAL'!A1:F61,2,FALSE) -> SUMINISTRO, TRANSPORTE E INSTALACION PUERTA ENTAMBORADA EN LAMINA TRIPLEX OKUME - TIPO PIZANO OKUMÉ O SIMILAR. ANCHO: 0,76 A 1,10 M. ALTO: 1,80 A 2,40 M. HOJA LISA CON MARQUETE CAPACANTO OKUMÉ. ACABADO: TINTILLA, SELLADOR (MÍNIMO 6 MANOS) Y LACA SEGÚN DISEÑO. (INCLUYE BISAGRAS). | G5: PRESUPUESTO DE OBRA
A6: Localización / Descripción | E6: Dimensiones promedio | K6: Medida Total
E7: Ancho (m) | F7: Longitud (m) | G7: Espesor / Altura (m) | H7: Área (m2) | I7: Volumen (m3) | J7: Nº Elementos / factor de expansión
A9: Puertas salones de tarima | J9: 2 | K9: =+J9 -> 2
A10: Almacén | J10: 1 | K10: =+J10 -> 1
A11: Salón banda marcial | J11: 1 | K11: =+J11 -> 1
K12: =+J12 -> 0
K13: =+J13 -> 0
K14: =+J14 -> 0
K15: =+J15 -> 0
K16: =+J16 -> 0
K17: =+J17 -> 0
K18: =+J18 -> 0
A21: Supervisor | F21: Contratista
A27: Total Item Acumulado | K27: =ROUND(SUM(K8:K20),2) -> 4

Sheet 7.2
A1: MEMORIAS DE CALCULO DE CANTIDADES DE OBRA
A2: Contratista:
A3: Objeto: | C3: ='PRESUPUESTO OFICIAL'!A2 -> MEJORAMIENTO Y ADECUACIÓN DEL AUDITORIO DE LA INSTITUCIÓN EDUCATIVA MARINO GÓMEZ ESTRADA, SEDE DE LA UNIVERSIDAD DE CALDAS, EN EL MUNICIPIO DE AGUADAS, CALDAS.
A4: Base No. | B4: Item No. | C4: Unidad | D4: Descripción | G4: Acta | J4: Fecha preacta
B5: 7.2 | C5: =VLOOKUP(B5,'PRESUPUESTO OFICIAL'!$A$1:$F$61,3,TRUE) -> M2 | D5: =VLOOKUP(B5,'PRESUPUESTO OFICIAL'!A1:F61,2,TRUE) -> SUMINISTRO, TRANSPORTE E INSTALACIÓN VIDRIO OPALIZADO 4MM | G5: PRESUPUESTO DE OBRA
A6: Localización / Descripción | E6: Dimensiones promedio | K6: Medida Total
E7: Ancho (m) | F7: Longitud (m) | G7: Espesor / Altura (m) | H7: Área (m2) | I7: Volumen (m3) | J7: Nº Elementos / factor de expansión
A9: ventana sala sonido | E9: 2.5 | G9: 0.57 | J9: 1 | K9: =+PRODUCT(E9:J9) -> 1.425
A10: Sala informática | E10: 0.45 | G10: 2.1 | J10: 4 | K10: =+PRODUCT(E10:J10) -> 3.78
E11: 1.1 | G11: 4.7 | J11: 2 | K11: =+PRODUCT(E11:J11) -> 10.34
A12: Sala de sistemas | E12: 1.8 | G12: 2.2 | J12: 3 | K12: =+PRODUCT(E12:J12) -> 11.88
E13: 4.1 | G13: 0.4 | J13: 4 | K13: =+PRODUCT(E13:J13) -> 6.56
K14: =+J14 -> 0
K15: =+J15 -> 0
K16: =+J16 -> 0
A19: Supervisor | F19: Contratista
A25: Total Item Acumulado | K25: =ROUND(SUM(K8:K18),2) -> 33.99

Sheet 7.3
A1: MEMORIAS DE CALCULO DE CANTIDADES DE OBRA
A2: Contratista:
A3: Objeto: | C3: ='PRESUPUESTO OFICIAL'!A2 -> MEJORAMIENTO Y ADECUACIÓN DEL AUDITORIO DE LA INSTITUCIÓN EDUCATIVA MARINO GÓMEZ ESTRADA, SEDE DE LA UNIVERSIDAD DE CALDAS, EN EL MUNICIPIO DE AGUADAS, CALDAS.
A4: Base No. | B4: Item No. | C4: Unidad | D4: Descripción | G4: Acta | J4: Fecha preacta
B5: 7.2 | C5: =VLOOKUP(B5,'PRESUPUESTO OFICIAL'!$A$1:$F$61,3,TRUE) -> M2 | D5: =VLOOKUP(B5,'PRESUPUESTO OFICIAL'!A1:F61,2,TRUE) -> SUMINISTRO, TRANSPORTE E INSTALACIÓN VIDRIO OPALIZADO 4MM | G5: PRESUPUESTO DE OBRA
A6: Localización / Descripción | E6: Dimensiones promedio | K6: Medida Total
E7: Ancho (m) | F7: Longitud (m) | G7: Espesor / Altura (m) | H7: Área (m2) | I7: Volumen (m3) | J7: Nº Elementos / factor de expansión
A9: =+'6.3'!A11 -> Sala de sonido | E9: =+'6.3'!E11 -> 2.8 | F9: =+'6.3'!F11 -> 3.9 | J9: 1.1 | K9: =+PRODUCT(E9:J9) -> 12.012
A10: =+'6.3'!A12 -> Almacén | E10: =+'6.3'!E12 -> 2.7 | F10: =+'6.3'!F12 -> 2.35 | J10: 1.1 | K10: =+PRODUCT(E10:J10) -> 6.9795
K11: =+PRODUCT(E11:J11) -> 0
K12: =+PRODUCT(E12:J12) -> 0
K13: =+PRODUCT(E13:J13) -> 0
K14: =+J14 -> 0
K15: =+J15 -> 0
K16: =+J16 -> 0
A19: Supervisor | F19: Contratista
A25: Total Item Acumulado | K25: =ROUND(SUM(K8:K18),2) -> 18.99

Sheet 8.1
A1: MEMORIAS DE CALCULO DE CANTIDADES DE OBRA
A2: Contratista:
A3: Objeto: | C3: ='PRESUPUESTO OFICIAL'!A2 -> MEJORAMIENTO Y ADECUACIÓN DEL AUDITORIO DE LA INSTITUCIÓN EDUCATIVA MARINO GÓMEZ ESTRADA, SEDE DE LA UNIVERSIDAD DE CALDAS, EN EL MUNICIPIO DE AGUADAS, CALDAS.
A4: Base No. | B4: Item No. | C4: Unidad | D4: Descripción | G4: Acta | J4: Fecha preacta
B5: 8.1 | C5: =VLOOKUP(B5,'PRESUPUESTO OFICIAL'!$A$1:$F$61,3,FALSE) -> UND | D5: =VLOOKUP(B5,'PRESUPUESTO OFICIAL'!A1:F61,2,FALSE) -> SUMINISTRO, TRANSPORTE E INSTALACION TOMACORRIENTE DOBLE | G5: PRESUPUESTO DE OBRA
A6: Localización / Descripción | E6: Dimensiones promedio | K6: Medida Total
E7: Ancho (m) | F7: Longitud (m) | G7: Espesor / Altura (m) | H7: Área (m2) | I7: Volumen (m3) | J7: Nº Elementos / factor de expansión
A9: Tarima | J9: 8 | K9: =+J9 -> 8
A10: Sala de sonido tarima | J10: 4 | K10: =+J10 -> 4
A11: Almacén tarima | J11: 3 | K11: =+J11 -> 3
A12: Nueva sala de sistemas | J12: 10 | K12: =+J12 -> 10
K13: =+J13 -> 0
K14: =+J14 -> 0
K15: =+J15 -> 0
K16: =+J16 -> 0
K17: =+J17 -> 0
K18: =+J18 -> 0
A21: Supervisor | F21: Contratista
A27: Total Item Acumulado | K27: =ROUND(SUM(K8:K20),2) -> 25

Sheet 8.2
A1: MEMORIAS DE CALCULO DE CANTIDADES DE OBRA
A2: Contratista:
A3: Objeto: | C3: ='PRESUPUESTO OFICIAL'!A2 -> MEJORAMIENTO Y ADECUACIÓN DEL AUDITORIO DE LA INSTITUCIÓN EDUCATIVA MARINO GÓMEZ ESTRADA, SEDE DE LA UNIVERSIDAD DE CALDAS, EN EL MUNICIPIO DE AGUADAS, CALDAS.
A4: Base No. | B4: Item No. | C4: Unidad | D4: Descripción | G4: Acta | J4: Fecha preacta
B5: 8.2 | C5: =VLOOKUP(B5,'PRESUPUESTO OFICIAL'!$A$1:$F$61,3,FALSE) -> UND | D5: =VLOOKUP(B5,'PRESUPUESTO OFICIAL'!A1:F61,2,FALSE) -> SUMINISTRO E INSTALACION BALA LED 18W SOBREPONER, 120 V LUZ BLANCA NEUTRA | G5: PRESUPUESTO DE OBRA
A6: Localización / Descripción | E6: Dimensiones promedio | K6: Medida Total
E7: Ancho (m) | F7: Longitud (m) | G7: Espesor / Altura (m) | H7: Área (m2) | I7: Volumen (m3) | J7: Nº Elementos / factor de expansión
A9: Sala de sonido tarima | J9: 1 | K9: =+J9 -> 1
K10: =+J10 -> 0
K11: =+J11 -> 0
K12: =+J12 -> 0
K13: =+J13 -> 0
K14: =+J14 -> 0
K15: =+J15 -> 0
K16: =+J16 -> 0
K17: =+J17 -> 0
K18: =+J18 -> 0
A21: Supervisor | F21: Contratista
A27: Total Item Acumulado | K27: =ROUND(SUM(K8:K20),2) -> 1

Sheet 8.3
A1: MEMORIAS DE CALCULO DE CANTIDADES DE OBRA
A2: Contratista:
A3: Objeto: | C3: ='PRESUPUESTO OFICIAL'!A2 -> MEJORAMIENTO Y ADECUACIÓN DEL AUDITORIO DE LA INSTITUCIÓN EDUCATIVA MARINO GÓMEZ ESTRADA, SEDE DE LA UNIVERSIDAD DE CALDAS, EN EL MUNICIPIO DE AGUADAS, CALDAS.
A4: Base No. | B4: Item No. | C4: Unidad | D4: Descripción | G4: Acta | J4: Fecha preacta
B5: 8.3 | C5: =VLOOKUP(B5,'PRESUPUESTO OFICIAL'!$A$1:$F$61,3,TRUE) -> UND | D5: =VLOOKUP(B5,'PRESUPUESTO OFICIAL'!A1:F61,2,TRUE) -> SUMINISTRO E INSTALACION BALA LED 18W INCRUSTAR, 120 V LUZ BLANCA NEUTRA | G5: PRESUPUESTO DE OBRA
A6: Localización / Descripción | E6: Dimensiones promedio | K6: Medida Total
E7: Ancho (m) | F7: Longitud (m) | G7: Espesor / Altura (m) | H7: Área (m2) | I7: Volumen (m3) | J7: Nº Elementos / factor de expansión
A9: Almacén | J9: 1 | K9: =+J9 -> 1
A10: Sala de sistemas | J10: 10 | K10: =+J10 -> 10
K11: =+J11 -> 0
K12: =+J12 -> 0
K13: =+J13 -> 0
A14: Supervisor | F14: Contratista
A20: Total Item Acumulado | K20: =ROUND(SUM(K8:K13),2) -> 11

Sheet 8.4
A1: MEMORIAS DE CALCULO DE CANTIDADES DE OBRA
A2: Contratista:
A3: Objeto: | C3: ='PRESUPUESTO OFICIAL'!A2 -> MEJORAMIENTO Y ADECUACIÓN DEL AUDITORIO DE LA INSTITUCIÓN EDUCATIVA MARINO GÓMEZ ESTRADA, SEDE DE LA UNIVERSIDAD DE CALDAS, EN EL MUNICIPIO DE AGUADAS, CALDAS.
A4: Base No. | B4: Item No. | C4: Unidad | D4: Descripción | G4: Acta | J4: Fecha preacta
B5: 8.4 | C5: =VLOOKUP(B5,'PRESUPUESTO OFICIAL'!$A$1:$F$61,3,TRUE) -> M2 | D5: =VLOOKUP(B5,'PRESUPUESTO OFICIAL'!A1:F61,2,TRUE) -> SUMINISTRO, TRANSPORTE E INSTALACIÓN INTERRUPTOR SENCILLO | G5: PRESUPUESTO DE OBRA
A6: Localización / Descripción | E6: Dimensiones promedio | K6: Medida Total
E7: Ancho (m) | F7: Longitud (m) | G7: Espesor / Altura (m) | H7: Área (m2) | I7: Volumen (m3) | J7: Nº Elementos / factor de expansión
A9: Almacén | J9: 1 | K9: =+J9 -> 1
A10: Sala de sistemas | K10: =+J10 -> 0
K11: =+J11 -> 0
K12: =+J12 -> 0
K13: =+J13 -> 0
A14: Supervisor | F14: Contratista
A20: Total Item Acumulado | K20: =ROUND(SUM(K8:K13),2) -> 1

Sheet 8.5
A1: MEMORIAS DE CALCULO DE CANTIDADES DE OBRA
A2: Contratista:
A3: Objeto: | C3: ='PRESUPUESTO OFICIAL'!A2 -> MEJORAMIENTO Y ADECUACIÓN DEL AUDITORIO DE LA INSTITUCIÓN EDUCATIVA MARINO GÓMEZ ESTRADA, SEDE DE LA UNIVERSIDAD DE CALDAS, EN EL MUNICIPIO DE AGUADAS, CALDAS.
A4: Base No. | B4: Item No. | C4: Unidad | D4: Descripción | G4: Acta | J4: Fecha preacta
B5: 8.5 | C5: =VLOOKUP(B5,'PRESUPUESTO OFICIAL'!$A$1:$F$61,3,TRUE) -> GLB | D5: =VLOOKUP(B5,'PRESUPUESTO OFICIAL'!A1:F61,2,TRUE) -> ADECUACIÓN DE REDES ELÉCTRICAS SALA DE SISTEMAS REUTILIZANDO MATERIAL | G5: PRESUPUESTO DE OBRA
A6: Localización / Descripción | E6: Dimensiones promedio | K6: Medida Total
E7: Ancho (m) | F7: Longitud (m) | G7: Espesor / Altura (m) | H7: Área (m2) | I7: Volumen (m3) | J7: Nº Elementos / factor de expansión
A9: Sala de sistemas | J9: 1 | K9: =+J9 -> 1
K10: =+J10 -> 0
K11: =+J11 -> 0
K12: =+J12 -> 0
K13: =+J13 -> 0
A14: Supervisor | F14: Contratista
A20: Total Item Acumulado | K20: =ROUND(SUM(K8:K13),2) -> 1

Sheet 8.6
A1: MEMORIAS DE CALCULO DE CANTIDADES DE OBRA
A2: Contratista:
A3: Objeto: | C3: ='PRESUPUESTO OFICIAL'!A2 -> MEJORAMIENTO Y ADECUACIÓN DEL AUDITORIO DE LA INSTITUCIÓN EDUCATIVA MARINO GÓMEZ ESTRADA, SEDE DE LA UNIVERSIDAD DE CALDAS, EN EL MUNICIPIO DE AGUADAS, CALDAS.
A4: Base No. | B4: Item No. | C4: Unidad | D4: Descripción | G4: Acta | J4: Fecha preacta
B5: 8.6 | C5: =VLOOKUP(B5,'PRESUPUESTO OFICIAL'!$A$1:$F$61,3,TRUE) -> UND | D5: =VLOOKUP(B5,'PRESUPUESTO OFICIAL'!A1:F61,2,TRUE) -> SUMINISTRO E INSTALACIÓN DE PUNTO ELÉCTRICO PARA TOMACORRIENTE DOBLE SOBRE CANALETA INCLUYE TUBERÍA CONDUIT Y 3 CABLE N° 12, CANALETA PVC, CONDUCTORES, APARTATO 8m Y DEMÁS ELEMENTOS NECESARIOS PARA SU CORRECTA EJECUCIÓN. | G5: PRESUPUESTO DE OBRA
A6: Localización / Descripción | E6: Dimensiones promedio | K6: Medida Total
E7: Ancho (m) | F7: Longitud (m) | G7: Espesor / Altura (m) | H7: Área (m2) | I7: Volumen (m3) | J7: Nº Elementos / factor de expansión
A9: Nueva sala de sistemas | J9: 20 | K9: =+J9 -> 20
A10: Tomacorrientes nuevos tarima | J10: 12 | K10: =+J10 -> 12
K11: =+J11 -> 0
K12: =+J12 -> 0
K13: =+J13 -> 0
K14: =+J14 -> 0
K15: =+J15 -> 0
K16: =+J16 -> 0
K17: =+J17 -> 0
K18: =+J18 -> 0
A21: Supervisor | F21: Contratista
A27: Total Item Acumulado | K27: =ROUND(SUM(K8:K20),2) -> 32

Sheet 9.1
A1: MEMORIAS DE CALCULO DE CANTIDADES DE OBRA
A2: Contratista:
A3: Objeto: | C3: ='PRESUPUESTO OFICIAL'!A2 -> MEJORAMIENTO Y ADECUACIÓN DEL AUDITORIO DE LA INSTITUCIÓN EDUCATIVA MARINO GÓMEZ ESTRADA, SEDE DE LA UNIVERSIDAD DE CALDAS, EN EL MUNICIPIO DE AGUADAS, CALDAS.
A4: Base No. | B4: Item No. | C4: Unidad | D4: Descripción | G4: Acta | J4: Fecha preacta
B5: 9.1 | C5: =VLOOKUP(B5,'PRESUPUESTO OFICIAL'!$A$1:$F$61,3,TRUE) -> UND | D5: =VLOOKUP(B5,'PRESUPUESTO OFICIAL'!A1:F61,2,TRUE) -> DESMONTE APARATOS SANITARIOS | G5: PRESUPUESTO DE OBRA
A6: Localización / Descripción | E6: Dimensiones promedio | K6: Medida Total
E7: Ancho (m) | F7: Longitud (m) | G7: Espesor / Altura (m) | H7: Área (m2) | I7: Volumen (m3) | J7: Nº Elementos / factor de expansión
A9: Baño almacén | J9: 1 | K9: =+J9 -> 1
A10: Baños alternos | J10: 2 | K10: =+J10 -> 2
K11: =+J11 -> 0
K12: =+J12 -> 0
K13: =+J13 -> 0
K14: =+J14 -> 0
K15: =+J15 -> 0
A16: Supervisor | F16: Contratista
A22: Total Item Acumulado | K22: =ROUND(SUM(K8:K15),2) -> 3

Sheet 9.2
A1: MEMORIAS DE CALCULO DE CANTIDADES DE OBRA
A2: Contratista:
A3: Objeto: | C3: ='PRESUPUESTO OFICIAL'!A2 -> MEJORAMIENTO Y ADECUACIÓN DEL AUDITORIO DE LA INSTITUCIÓN EDUCATIVA MARINO GÓMEZ ESTRADA, SEDE DE LA UNIVERSIDAD DE CALDAS, EN EL MUNICIPIO DE AGUADAS, CALDAS.
A4: Base No. | B4: Item No. | C4: Unidad | D4: Descripción | G4: Acta | J4: Fecha preacta
B5: 9.2 | C5: =VLOOKUP(B5,'PRESUPUESTO OFICIAL'!$A$1:$F$61,3,TRUE) -> UND | D5: =VLOOKUP(B5,'PRESUPUESTO OFICIAL'!A1:F61,2,TRUE) -> SUMINISTRO E INSTALACION DE COMBO SANITARIO Y LAVAMANOS. | G5: PRESUPUESTO DE OBRA
A6: Localización / Descripción | E6: Dimensiones promedio | K6: Medida Total
E7: Ancho (m) | F7: Longitud (m) | G7: Espesor / Altura (m) | H7: Área (m2) | I7: Volumen (m3) | J7: Nº Elementos / factor de expansión
A9: Baño almacén | J9: 1 | K9: =+J9 -> 1
A10: =+'9.1'!A10 -> Baños alternos | J10: =+'9.1'!J10 -> 2 | K10: =+J10 -> 2
K11: =+J11 -> 0
K12: =+J12 -> 0
K13: =+J13 -> 0
K14: =+J14 -> 0
K15: =+J15 -> 0
A16: Supervisor | F16: Contratista
A22: Total Item Acumulado | K22: =ROUND(SUM(K8:K15),2) -> 3

Sheet 9.3
A1: MEMORIAS DE CALCULO DE CANTIDADES DE OBRA
A2: Contratista:
A3: Objeto: | C3: ='PRESUPUESTO OFICIAL'!A2 -> MEJORAMIENTO Y ADECUACIÓN DEL AUDITORIO DE LA INSTITUCIÓN EDUCATIVA MARINO GÓMEZ ESTRADA, SEDE DE LA UNIVERSIDAD DE CALDAS, EN EL MUNICIPIO DE AGUADAS, CALDAS.
A4: Base No. | B4: Item No. | C4: Unidad | D4: Descripción | G4: Acta | J4: Fecha preacta
B5: 9.3 | C5: =VLOOKUP(B5,'PRESUPUESTO OFICIAL'!$A$1:$F$61,3,TRUE) -> M2 | D5: =VLOOKUP(B5,'PRESUPUESTO OFICIAL'!A1:F61,2,TRUE) -> SUMINISTRO, TRANSPORTE E INSTALACIÓN DE CERÁMICA DE PISOS PARA BAÑOS. | G5: PRESUPUESTO DE OBRA
A6: Localización / Descripción | E6: Dimensiones promedio | K6: Medida Total
E7: Ancho (m) | F7: Longitud (m) | G7: Espesor / Altura (m) | H7: Área (m2) | I7: Volumen (m3) | J7: Nº Elementos / factor de expansión
A9: Baño almacén | E9: 1.8 | F9: 3 | J9: 1.5 | K9: =+J9*E9*F9 -> 8.1
K10: =+J10 -> 0
K11: =+J11 -> 0
K12: =+J12 -> 0
K13: =+J13 -> 0
K14: =+J14 -> 0
K15: =+J15 -> 0
A16: Supervisor | F16: Contratista
A22: Total Item Acumulado | K22: =ROUND(SUM(K8:K15),2) -> 8.1
